Workbook
Name _1.: '[1]CHECK SHEET'!#REF!
Name _1.: '[2]CHECK SHEET'!#REF!
Name _1.: '[3]CHECK SHEET'!#REF!
Name _1.: '[4]CHECK SHEET'!#REF!
Name _1.: '[5]CHECK SHEET'!#REF!
Name _1.: '[6]CHECK SHEET'!#REF!
Name _1.: '[7]CHECK SHEET'!#REF!
Name _1.: '[8]CHECK SHEET'!#REF!
Name _1.: '[9]CHECK SHEET'!#REF!
Name _1.: '[10]CHECK SHEET'!#REF!
Name _1.: '[11]CHECK SHEET'!#REF!
Name _1.: '[12]CHECK SHEET'!#REF!
Name _1.: '[13]CHECK SHEET'!#REF!
Name _1.: '[14]CHECK SHEET'!#REF!
Name _1.: '[15]CHECK SHEET'!#REF!
Name _1.: '[16]CHECK SHEET'!#REF!
Name _1.: '[17]CHECK SHEET'!#REF!
Name _1.: '[18]CHECK SHEET'!#REF!
Name _1.: '[19]CHECK SHEET'!#REF!
Name _1.: '[20]CHECK SHEET'!#REF!
Name _1.: '[21]CHECK SHEET'!#REF!
Name _1.: '[22]CHECK SHEET'!#REF!
Name _1.: '[23]CHECK SHEET'!#REF!
Name _1.: '[24]CHECK SHEET'!#REF!
Name _1.: '[25]CHECK SHEET'!#REF!
Name _1.: '[26]CHECK SHEET'!#REF!
Name _1.: '[27]CHECK SHEET'!#REF!
Name _1.: '[25]CHECK SHEET'!#REF!
Name _10.: '[1]CHECK SHEET'!#REF!
Name _10.: '[2]CHECK SHEET'!#REF!
Name _10.: '[3]CHECK SHEET'!#REF!
Name _10.: '[4]CHECK SHEET'!#REF!
Name _10.: '[5]CHECK SHEET'!#REF!
Name _10.: '[6]CHECK SHEET'!#REF!
Name _10.: '[7]CHECK SHEET'!#REF!
Name _10.: '[8]CHECK SHEET'!#REF!
Name _10.: '[9]CHECK SHEET'!#REF!
Name _10.: '[10]CHECK SHEET'!#REF!
Name _10.: '[11]CHECK SHEET'!#REF!
Name _10.: '[12]CHECK SHEET'!#REF!
Name _10.: '[13]CHECK SHEET'!#REF!
Name _10.: '[14]CHECK SHEET'!#REF!
Name _10.: '[15]CHECK SHEET'!#REF!
Name _10.: '[16]CHECK SHEET'!#REF!
Name _10.: '[17]CHECK SHEET'!#REF!
Name _10.: '[18]CHECK SHEET'!#REF!
Name _10.: '[19]CHECK SHEET'!#REF!
Name _10.: '[20]CHECK SHEET'!#REF!
Name _10.: '[21]CHECK SHEET'!#REF!
Name _10.: '[22]CHECK SHEET'!#REF!
Name _10.: '[23]CHECK SHEET'!#REF!
Name _10.: '[24]CHECK SHEET'!#REF!
Name _10.: '[25]CHECK SHEET'!#REF!
Name _10.: '[26]CHECK SHEET'!#REF!
Name _10.: '[27]CHECK SHEET'!#REF!
Name _10.: '[25]CHECK SHEET'!#REF!
Name _11.: #REF!
Name _11.: #REF!
Name _2.: #REF!
Name _2.: #REF!

Sheet Summary
A1: COLLEGE: | B1: SYSTEM SUMMARY
B2: UPPER LEVEL PLANNED EXPENDITURES AND SOURCES OF FUNDS
B3: BACCALAUREATE DEGREE PROGRAM COLLEGE OPERATING BUDGET
B4: FISCAL YEAR 2026-27
C7: FY 2026-27
B8: PLANNED EXPENDITURES | C8: GENERAL LEDGER CODE | D8: UNRESTRICTED SOURCES | E8: RESTRICTED SOURCES | F8: TOTAL UNRESTRICTED AND RESTRICTED SOURCES
A9: PERSONNEL COSTS
A10: EXECUTIVE MANAGEMENT | C10: 51000 | D10: =SUM('Eastern Florida:Valencia'!D10) -> 237963.36 | E10: =SUM('Eastern Florida:Valencia'!E10) -> 0 | F10: =+D10+E10 -> 237963.36
A11: INSTRUCTIONAL MANAGEMENT | C11: 51100 | D11: =SUM('Eastern Florida:Valencia'!D11) -> 2560405.1 | E11: =SUM('Eastern Florida:Valencia'!E11) -> 0 | F11: =+D11+E11 -> 2560405.1
A12: INSTITUTIONAL MANAGEMENT | C12: 51200 | D12: =SUM('Eastern Florida:Valencia'!D12) -> 2644398 | E12: =SUM('Eastern Florida:Valencia'!E12) -> 0 | F12: =+D12+E12 -> 2644398
A13: EXECUTIVE, ADMINISTRATIVE, MANAGERIAL SABBATICAL | C13: 51400 | D13: =SUM('Eastern Florida:Valencia'!D13) -> 0 | E13: =SUM('Eastern Florida:Valencia'!E13) -> 0 | F13: =+D13+E13 -> 0
A14: EXECUTIVE, ADMINISTRATIVE, MANAGERIAL REGULAR PART-TIME | C14: 51500 | D14: =SUM('Eastern Florida:Valencia'!D14) -> 0 | E14: =SUM('Eastern Florida:Valencia'!E14) -> 0 | F14: =+D14+E14 -> 0
A15: INSTRUCTIONAL | C15: 52000 | D15: =SUM('Eastern Florida:Valencia'!D15) -> 26354604 | E15: =SUM('Eastern Florida:Valencia'!E15) -> 0 | F15: =+D15+E15 -> 26354604
A16: INSTRUCTIONAL - OVERLOAD/SUPPLEMENTAL | C16: 52100 | D16: =SUM('Eastern Florida:Valencia'!D16) -> 3955775.3 | E16: =SUM('Eastern Florida:Valencia'!E16) -> 0 | F16: =+D16+E16 -> 3955775.3
A17: INSTRUCTIONAL - SUBSTITUTION | C17: 52200 | D17: =SUM('Eastern Florida:Valencia'!D17) -> 1520 | E17: =SUM('Eastern Florida:Valencia'!E17) -> 0 | F17: =+D17+E17 -> 1520
A18: INSTRUCTIONAL - PARA-PROFESSIONAL/ASSOCIATE/ASSISTANT | C18: 52300 | D18: =SUM('Eastern Florida:Valencia'!D18) -> 8817 | E18: =SUM('Eastern Florida:Valencia'!E18) -> 0 | F18: =+D18+E18 -> 8817
A19: NSTRUCTIONAL - SABBATICAL | C19: 52400 | D19: =SUM('Eastern Florida:Valencia'!D19) -> 0 | E19: =SUM('Eastern Florida:Valencia'!E19) -> 0 | F19: =+D19+E19 -> 0
A20: INSTRUCTIONAL (PHASED RETIREMENT ) | C20: 52500 | D20: =SUM('Eastern Florida:Valencia'!D20) -> 0 | E20: =SUM('Eastern Florida:Valencia'!E20) -> 0 | F20: =+D20+E20 -> 0
A21: INSTRUCTIONAL (PHASED RETIREMENT ) - INSTRUCTOR/PROFESSOR | C21: 52501 | D21: =SUM('Eastern Florida:Valencia'!D21) -> 0 | E21: =SUM('Eastern Florida:Valencia'!E21) -> 0 | F21: =+D21+E21 -> 0
A22: INSTRUCTIONAL (PHASED RETIREMENT) - LIBRARIAN | C22: 52502 | D22: =SUM('Eastern Florida:Valencia'!D22) -> 0 | E22: =SUM('Eastern Florida:Valencia'!E22) -> 0 | F22: =+D22+E22 -> 0
A23: INSTRUCTIONAL (PHASED RETIREMENT) - COUNSELOR | C23: 52503 | D23: =SUM('Eastern Florida:Valencia'!D23) -> 0 | E23: =SUM('Eastern Florida:Valencia'!E23) -> 0 | F23: =+D23+E23 -> 0
A24: INSTRUCTIONAL (PHASED RETIREMENT) - REGULAR PART-TIME (FRS PARTICIPANT) | C24: 52504 | D24: =SUM('Eastern Florida:Valencia'!D24) -> 0 | E24: =SUM('Eastern Florida:Valencia'!E24) -> 0 | F24: =+D24+E24 -> 0
A25: OTHER PROFESSIONAL | C25: 53000 | D25: =SUM('Eastern Florida:Valencia'!D25) -> 2861896.4 | E25: =SUM('Eastern Florida:Valencia'!E25) -> 0 | F25: =+D25+E25 -> 2861896.4
A26: OTHER PROFESSIONAL - OVERLOAD/SUPPLEMENTAL | C26: 53100 | D26: =SUM('Eastern Florida:Valencia'!D26) -> 84907 | E26: =SUM('Eastern Florida:Valencia'!E26) -> 0 | F26: =+D26+E26 -> 84907
A27: OTHER PROFESSIONAL - SUBSTITUTION | C27: 53200 | D27: =SUM('Eastern Florida:Valencia'!D27) -> 0 | E27: =SUM('Eastern Florida:Valencia'!E27) -> 0 | F27: =+D27+E27 -> 0
A28: OTHER PROFESSIONAL - PARA-PROFESSIONAL/ASSOCIATE/ASSISTANT | C28: 53300 | D28: =SUM('Eastern Florida:Valencia'!D28) -> 429132 | E28: =SUM('Eastern Florida:Valencia'!E28) -> 0 | F28: =+D28+E28 -> 429132
A29: OTHER PROFESSIONAL - REGULAR PART-TIME | C29: 53500 | D29: =SUM('Eastern Florida:Valencia'!D29) -> 238709 | E29: =SUM('Eastern Florida:Valencia'!E29) -> 0 | F29: =+D29+E29 -> 238709
A30: TECHNICAL, CLERICAL, TRADE AND SERVICE | C30: 54000 | D30: =SUM('Eastern Florida:Valencia'!D30) -> 1394411.6 | E30: =SUM('Eastern Florida:Valencia'!E30) -> 0 | F30: =+D30+E30 -> 1394411.6
A31: TECHNICAL, CLERICAL, TRADE AND SERVICE - OVERTIME | C31: 54100 | D31: =SUM('Eastern Florida:Valencia'!D31) -> 234 | E31: =SUM('Eastern Florida:Valencia'!E31) -> 0 | F31: =+D31+E31 -> 234
A32: TECHNICAL, CLERICAL, TRADE AND SERVICE - REGULAR (PART-TIME) | C32: 54500 | D32: =SUM('Eastern Florida:Valencia'!D32) -> 391481 | E32: =SUM('Eastern Florida:Valencia'!E32) -> 0 | F32: =+D32+E32 -> 391481
... A34: OPS - INSTRUCTIONAL | C34: 56000 | D34: =SUM('Eastern Florida:Valencia'!D34) -> 3710099.1 | E34: =SUM('Eastern Florida:Valencia'!E34) -> 0 | F34: =+D34+E34 -> 3710099.1
A35: OPS - INSTRUCTIONAL/ADJUNCT INSTRUCTOR | C35: 56001 | D35: =SUM('Eastern Florida:Valencia'!D35) -> 3716436 | E35: =SUM('Eastern Florida:Valencia'!E35) -> 0 | F35: =+D35+E35 -> 3716436
A36: OPS - LIBRARIAN | C36: 56002 | D36: =SUM('Eastern Florida:Valencia'!D36) -> 0 | E36: =SUM('Eastern Florida:Valencia'!E36) -> 0 | F36: =+D36+E36 -> 0
A37: OPS - COUNSELOR | C37: 56003 | D37: =SUM('Eastern Florida:Valencia'!D37) -> 0 | E37: =SUM('Eastern Florida:Valencia'!E37) -> 0 | F37: =+D37+E37 -> 0
A38: OPS - PARA-PROFESSIONAL | C38: 56006 | D38: =SUM('Eastern Florida:Valencia'!D38) -> 48839 | E38: =SUM('Eastern Florida:Valencia'!E38) -> 0 | F38: =+D38+E38 -> 48839
A39: OPS - INSTRUCTIONAL SUBSTITUTES | C39: 56100 | D39: =SUM('Eastern Florida:Valencia'!D39) -> 357502 | E39: =SUM('Eastern Florida:Valencia'!E39) -> 0 | F39: =+D39+E39 -> 357502
A40: OPS - OTHER PROFESSIONAL PART-TIME | C40: 56500 | D40: =SUM('Eastern Florida:Valencia'!D40) -> 184526 | E40: =SUM('Eastern Florida:Valencia'!E40) -> 0 | F40: =+D40+E40 -> 184526
A41: OPS - TECHNICAL, CLERICAL, TRADE AND SERVICE | C41: 57000 | D41: =SUM('Eastern Florida:Valencia'!D41) -> 662761 | E41: =SUM('Eastern Florida:Valencia'!E41) -> 0 | F41: =+D41+E41 -> 662761
A42: STUDENT EMPLOYMENT - INSTITUTIONAL WORK STUDY | C42: 58000 | D42: =SUM('Eastern Florida:Valencia'!D42) -> 34252 | E42: =SUM('Eastern Florida:Valencia'!E42) -> 0 | F42: =+D42+E42 -> 34252
A43: STUDENT EMPLOYMENT - COLLEGE WORK STUDY PROGRAM | C43: 58100 | D43: =SUM('Eastern Florida:Valencia'!D43) -> 0 | E43: =SUM('Eastern Florida:Valencia'!E43) -> 0 | F43: =+D43+E43 -> 0
A44: STUDENT EMPLOYMENT - COLLEGE WORK EXPERIENCE PROG. | C44: 58200 | D44: =SUM('Eastern Florida:Valencia'!D44) -> 0 | E44: =SUM('Eastern Florida:Valencia'!E44) -> 0 | F44: =+D44+E44 -> 0
A45: STUDENT EMPLOYMENT - STUDENT ASSISTANTS | C45: 58300 | D45: =SUM('Eastern Florida:Valencia'!D45) -> 73514 | E45: =SUM('Eastern Florida:Valencia'!E45) -> 0 | F45: =+D45+E45 -> 73514
A46: EMPLOYEE AWARDS | C46: 58500 | D46: =SUM('Eastern Florida:Valencia'!D46) -> 1300 | E46: =SUM('Eastern Florida:Valencia'!E47) -> 0 | F46: =+D46+E46 -> 1300
A47: SOCIAL SECURITY CONTRIBUTIONS | C47: 59100 | D47: =SUM('Eastern Florida:Valencia'!D47) -> 3166488 | E47: =SUM('Eastern Florida:Valencia'!E48) -> 0 | F47: =+D47+E47 -> 3166488
A48: RETIREMENT CONTRIBUTIONS | C48: 59200 | D48: =SUM('Eastern Florida:Valencia'!D48) -> 5426556.5 | E48: =SUM('Eastern Florida:Valencia'!E49) -> 0 | F48: =+D48+E48 -> 5426556.5
A49: ACCRUED LEAVE EXPENSE (COMPENSATED ABSENCES) | C49: 59300 | D49: =SUM('Eastern Florida:Valencia'!D49) -> 0 | E49: =SUM('Eastern Florida:Valencia'!E50) -> 0 | F49: =+D49+E49 -> 0
A50: ACCRUED SEVERANCE PAY EXPENSE | C50: 59400 | D50: =SUM('Eastern Florida:Valencia'!D50) -> 0 | E50: =SUM('Eastern Florida:Valencia'!E51) -> 0 | F50: =+D50+E50 -> 0
A51: OTHER BENEFITS - TAXABLE | C51: 59500 | D51: =SUM('Eastern Florida:Valencia'!D51) -> 16523 | E51: =SUM('Eastern Florida:Valencia'!E52) -> 0 | F51: =+D51+E51 -> 16523
A52: OTHER BENEFITS | C52: 59600 | D52: =SUM('Eastern Florida:Valencia'!D52) -> 0 | E52: =SUM('Eastern Florida:Valencia'!E53) -> 0 | F52: =+D52+E52 -> 0
A53: INSURANCE BENEFITS | C53: 59700 | D53: =SUM('Eastern Florida:Valencia'!D53) -> 6976014.2 | E53: =SUM('Eastern Florida:Valencia'!E54) -> 0 | F53: =+D53+E53 -> 6976014.2
A54: TUITION BENEFITS & REIMBURSEMENT | C54: 59800 | D54: =SUM('Eastern Florida:Valencia'!D54) -> 63750 | E54: =SUM('Eastern Florida:Valencia'!E55) -> 0 | F54: =+D54+E54 -> 63750
A55: PERSONNEL EXPENSE CONTINGENCY (BUDGET ONLY) | C55: 59900 | D55: =SUM('Eastern Florida:Valencia'!D55) -> 70931 | E55: =SUM('Eastern Florida:Valencia'!E56) -> 0 | F55: =+D55+E55 -> 70931
A56: TOTAL PERSONNEL COSTS | D56: =SUM(D10:D55) -> 65723745 | E56: =SUM(E10:E55) -> 0 | F56: =+D56+E56 -> 65723745
C60: =C7 -> FY 2026-27
B61: PLANNED EXPENDITURES | C61: GENERAL LEDGER CODE | D61: UNRESTRICTED SOURCES | E61: RESTRICTED SOURCES | F61: TOTAL UNRESTRICTED AND RESTRICTED SOURCES
B62: CURRENT EXPENSE
A63: TRAVEL | C63: 60500 | D63: =SUM('Eastern Florida:Valencia'!D63) -> 271863 | E63: =SUM('Eastern Florida:Valencia'!E64) -> 0 | F63: =+D63+E63 -> 271863
A64: FREIGHT AND POSTAGE | C64: 61000 | D64: =SUM('Eastern Florida:Valencia'!D64) -> 5037 | E64: =SUM('Eastern Florida:Valencia'!E65) -> 0 | F64: =+D64+E64 -> 5037
A65: TELECOMMUNICATIONS | C65: 61500 | D65: =SUM('Eastern Florida:Valencia'!D65) -> 179752.18 | E65: =SUM('Eastern Florida:Valencia'!E66) -> 0 | F65: =+D65+E65 -> 179752.18
A66: PRINTING | C66: 62000 | D66: =SUM('Eastern Florida:Valencia'!D66) -> 62595.88 | E66: =SUM('Eastern Florida:Valencia'!E67) -> 0 | F66: =+D66+E66 -> 62595.88
A67: REPAIRS & MAINTENANCE | C67: 62500 | D67: =SUM('Eastern Florida:Valencia'!D67) -> 46851 | E67: =SUM('Eastern Florida:Valencia'!E68) -> 0 | F67: =+D67+E67 -> 46851
A68: RENTALS | C68: 63000 | D68: =SUM('Eastern Florida:Valencia'!D68) -> 15873.84 | E68: =SUM('Eastern Florida:Valencia'!E69) -> 0 | F68: =+D68+E68 -> 15873.84
A69: LEASE PAYMENTS (LONG-TERM/ASSET<$5,000) | C69: 63100 | D69: =SUM('Eastern Florida:Valencia'!D69) -> 877 | E69: =SUM('Eastern Florida:Valencia'!E70) -> 0 | F69: =+D69+E69 -> 877
A70: INSURANCE | C70: 63500 | D70: =SUM('Eastern Florida:Valencia'!D70) -> 29292 | E70: =SUM('Eastern Florida:Valencia'!E71) -> 0 | F70: =+D70+E70 -> 29292
A71: UTILITIES (NOT DESIGNATED BELOW) | C71: 64000 | D71: =SUM('Eastern Florida:Valencia'!D71) -> 1012590 | E71: =SUM('Eastern Florida:Valencia'!E72) -> 0 | F71: =+D71+E71 -> 1012590
A72: OTHER SERVICES | C72: 64500 | D72: =SUM('Eastern Florida:Valencia'!D72) -> 616875.6 | E72: =SUM('Eastern Florida:Valencia'!E73) -> 0 | F72: =+D72+E72 -> 616875.6
A73: WORKFORCE/WAGES | C73: 64600 | D73: =SUM('Eastern Florida:Valencia'!D73) -> 1150 | E73: =SUM('Eastern Florida:Valencia'!E74) -> 0 | F73: =+D73+E73 -> 1150
A74: SERVICE PROVIDER CONTRACTS - WORKFORCE/WAGES | C74: 64700 | D74: =SUM('Eastern Florida:Valencia'!D74) -> 13419 | E74: =SUM('Eastern Florida:Valencia'!E75) -> 0 | F74: =+D74+E74 -> 13419
A75: PROFESSIONAL FEES | C75: 65000 | D75: =SUM('Eastern Florida:Valencia'!D75) -> 180423 | E75: =SUM('Eastern Florida:Valencia'!E76) -> 6000 | F75: =+D75+E75 -> 186423
A76: EDUCATIONAL, OFFICE/DEPARTMENT MATERIALS AND SUPPLIES | C76: 65500 | D76: =SUM('Eastern Florida:Valencia'!D76) -> 929968.12 | E76: =SUM('Eastern Florida:Valencia'!E77) -> 0 | F76: =+D76+E76 -> 929968.12
A77: DATA SOFTWARE - NON-CAPITALIZED | C77: 65700 | D77: =SUM('Eastern Florida:Valencia'!D77) -> 3324342.8 | E77: =SUM('Eastern Florida:Valencia'!E78) -> 0 | F77: =+D77+E77 -> 3324342.8
A78: MAINTENANCE AND CONSTRUCTION MATERIALS AND SUPPLIES | C78: 66000 | D78: =SUM('Eastern Florida:Valencia'!D78) -> 29553 | E78: =SUM('Eastern Florida:Valencia'!E79) -> 0 | F78: =+D78+E78 -> 29553
A79: OTHER MATERIALS AND SUPPLIES | C79: 66500 | D79: =SUM('Eastern Florida:Valencia'!D79) -> 260578 | E79: =SUM('Eastern Florida:Valencia'!E80) -> 0 | F79: =+D79+E79 -> 260578
A80: LIBRARY RESOURCES | C80: 67000 | D80: =SUM('Eastern Florida:Valencia'!D80) -> 336677 | E80: =SUM('Eastern Florida:Valencia'!E81) -> 0 | F80: =+D80+E80 -> 336677
A81: PURCHASES FOR RESALE | C81: 67500 | D81: =SUM('Eastern Florida:Valencia'!D81) -> 0 | E81: =SUM('Eastern Florida:Valencia'!E82) -> 0 | F81: =+D81+E81 -> 0
... A86: PAYMENT ON DEBT PRINCIPAL | C86: 69000 | D86: =SUM('Eastern Florida:Valencia'!D86) -> 0 | E86: =SUM('Eastern Florida:Valencia'!E87) -> 0 | F86: =+D86+E86 -> 0
A87: MANDATORY TRANSFERS OUT | C87: 69100 | D87: =SUM('Eastern Florida:Valencia'!D87) -> 0 | E87: =SUM('Eastern Florida:Valencia'!E88) -> 0 | F87: =+D87+E87 -> 0
A88: NONMANDATORY TRANSFERS OUT | C88: 69200 | D88: =SUM('Eastern Florida:Valencia'!D88) -> 0 | E88: =SUM('Eastern Florida:Valencia'!E89) -> 0 | F88: =+D88+E88 -> 0
A89: OTHER EXPENSES | C89: 69500 | D89: =SUM('Eastern Florida:Valencia'!D89) -> 355 | E89: =SUM('Eastern Florida:Valencia'!E90) -> 0 | F89: =+D89+E89 -> 355
A90: PRIOR YEAR CORRECTIONS | C90: 69600 | D90: =SUM('Eastern Florida:Valencia'!D90) -> 0 | E90: =SUM('Eastern Florida:Valencia'!E91) -> 0 | F90: =+D90+E90 -> 0
A91: CURRENT EXPENSE CONTINGENCY (BUDGET ONLY) | C91: 69900 | D91: =SUM('Eastern Florida:Valencia'!D91) -> 353232 | E91: =SUM('Eastern Florida:Valencia'!E92) -> 179217 | F91: =+D91+E91 -> 532449
A92: TOTAL CURRENT EXPENSE | D92: =SUM(D63:D91) -> 7799661.4 | E92: =SUM(E63:E91) -> 358434 | F92: =+D92+E92 -> 8158095.4
C95: =C7 -> FY 2026-27
A96: CAPITAL OUTLAY | C96: GENERAL LEDGER CODE | D96: UNRESTRICTED SOURCES | E96: RESTRICTED SOURCES | F96: TOTAL UNRESTRICTED AND RESTRICTED SOURCES
A97: MINOR EQUIPMENT - NON-CAPITALIZED, NON INVENTORIED | C97: 70500 | D97: =SUM('Eastern Florida:Valencia'!D97) -> 66553.81 | E97: =SUM('Eastern Florida:Valencia'!E98) -> 0 | F97: =+D97+E97 -> 66553.81
A98: MINOR EQUIPMENT - NON CAPITALIZED INVENTORIED | C98: 70600 | D98: =SUM('Eastern Florida:Valencia'!D98) -> 10276 | E98: =SUM('Eastern Florida:Valencia'!E99) -> 0 | F98: =+D98+E98 -> 10276
A99: FURNITURE AND EQUIPMENT | C99: 71000 | D99: =SUM('Eastern Florida:Valencia'!D99) -> 60792 | E99: =SUM('Eastern Florida:Valencia'!E100) -> 0 | F99: =+D99+E99 -> 60792
A100: DATA SOFTWARE | C100: 72000 | D100: =SUM('Eastern Florida:Valencia'!D100) -> 120000 | E100: =SUM('Eastern Florida:Valencia'!E101) -> 0 | F100: =+D100+E100 -> 120000
A101: BUILDINGS AND FIXED EQUIPMENT | C101: 75000 | D101: =SUM('Eastern Florida:Valencia'!D101) -> 0 | E101: =SUM('Eastern Florida:Valencia'!E102) -> 0 | F101: =+D101+E101 -> 0
A102: OTHER LICENCES | C102: 73001 | D102: =SUM('Eastern Florida:Valencia'!D102) -> 0 | E102: =SUM('Eastern Florida:Valencia'!E103) -> 0 | F102: =+D102+E102 -> 0
A103: DATA LICENSES - PERPETUAL | C103: 73002 | D103: =SUM('Eastern Florida:Valencia'!D103) -> 0 | E103: =SUM('Eastern Florida:Valencia'!E104) -> 0 | F103: =+D103+E103 -> 0
A104: ARTWORK/ARTIFACT | C104: 73050 | D104: =SUM('Eastern Florida:Valencia'!D104) -> 0 | E104: =SUM('Eastern Florida:Valencia'!E105) -> 0 | F104: =+D104+E104 -> 0
A105: LEASE PAYMENTS (LONG-TERM/ASSET=>$5,000) | C105: 73100 | D105: =SUM('Eastern Florida:Valencia'!D105) -> 0 | E105: =SUM('Eastern Florida:Valencia'!E106) -> 0 | F105: =+D105+E105 -> 0
A106: REMODELING & RENOVATION, NON-CAPITALIZED REPAIRS & MAINTENANCE, & OTHER STRUCTURES & IMPROVEMENTS | C106: 76000 | D106: =SUM('Eastern Florida:Valencia'!D106) -> 0 | E106: =SUM('Eastern Florida:Valencia'!E107) -> 0 | F106: =+D106+E106 -> 0
A107: LAND | C107: 77000 | D107: =SUM('Eastern Florida:Valencia'!D107) -> 0 | E107: =SUM('Eastern Florida:Valencia'!E108) -> 0 | F107: =+D107+E107 -> 0
A108: OTHER STRUCTURES, LAND IMPROVEMENTS | C108: 79000 | D108: =SUM('Eastern Florida:Valencia'!D108) -> 0 | E108: =SUM('Eastern Florida:Valencia'!E109) -> 0 | F108: =+D108+E108 -> 0
A109: CAPITAL OUTLAY CONTINGENCY (BUDGET ONLY) | C109: 79900 | D109: =SUM('Eastern Florida:Valencia'!D109) -> 0 | E109: =SUM('Eastern Florida:Valencia'!E110) -> 0 | F109: =+D109+E109 -> 0
A110: TOTAL CAPITAL OUTLAY | D110: =SUM(D97:D109) -> 257621.81 | E110: =SUM(E97:E109) -> 0 | F110: =SUM(D110:E110) -> 257621.81
A112: GRAND TOTAL EXPENDITURES | D112: =+D56+D92+D110 -> 73781028 | E112: =+E56+E92+E110 -> 358434 | F112: =SUM(D112:E112) -> 74139462
B115: SOURCES OF FUNDS | C115: GENERAL LEDGER CODE | D115: UNRESTRICTED SOURCES | E115: RESTRICTED SOURCES | F115: TOTAL UNRESTRICTED AND RESTRICTED SOURCES
...

Sheet Eastern Florida
A1: COLLEGE: | B1: Eastern Florida State College
A2: UPPER LEVEL PLANNED EXPENDITURES AND SOURCES OF FUNDS
A3: BACCALAUREATE DEGREE PROGRAM COLLEGE OPERATING BUDGET
A4: FISCAL YEAR 2026-27
A7: Enter amounts only for cells highlighted in light yellow. | C7: 2026-27
A8: PLANNED EXPENDITURES | C8: GENERAL LEDGER CODE | D8: UNRESTRICTED SOURCES | E8: RESTRICTED SOURCES | F8: TOTAL UNRESTRICTED AND RESTRICTED SOURCES
A9: PERSONNEL COSTS
A10: EXECUTIVE MANAGEMENT | C10: 51000 | D10: 0 | E10: 0 | F10: 0
A11: INSTRUCTIONAL MANAGEMENT | C11: 51100 | D11: 0 | E11: 0 | F11: 0
A12: INSTITUTIONAL MANAGEMENT | C12: 51200 | D12: 0 | E12: 0 | F12: 0
A13: EXECUTIVE, ADMINISTRATIVE, MANAGERIAL SABBATICAL | C13: 51400 | D13: 0 | E13: 0 | F13: 0
A14: EXECUTIVE, ADMINISTRATIVE, MANAGERIAL REGULAR PART-TIME | C14: 51500 | D14: 0 | E14: 0 | F14: 0
A15: INSTRUCTIONAL | C15: 52000 | D15: 1511808 | E15: 0 | F15: 1511808
A16: INSTRUCTIONAL - OVERLOAD/SUPPLEMENTAL | C16: 52100 | D16: 6500 | E16: 0 | F16: 6500
A17: INSTRUCTIONAL - SUBSTITUTION | C17: 52200 | D17: 0 | E17: 0 | F17: 0
A18: INSTRUCTIONAL - PARA-PROFESSIONAL/ASSOCIATE/ASSISTANT | C18: 52300 | D18: 0 | E18: 0 | F18: 0
A19: INSTRUCTIONAL - SABBATICAL | C19: 52400 | D19: 0 | E19: 0 | F19: 0
A20: INSTRUCTIONAL (PHASED RETIREMENT ) | C20: 52500 | D20: 0 | E20: 0 | F20: 0
A21: INSTRUCTIONAL (PHASED RETIREMENT ) - INSTRUCTOR/PROFESSOR | C21: 52501 | D21: 0 | E21: 0 | F21: 0
A22: INSTRUCTIONAL (PHASED RETIREMENT) - LIBRARIAN | C22: 52502 | D22: 0 | E22: 0 | F22: 0
A23: INSTRUCTIONAL (PHASED RETIREMENT) - COUNSELOR | C23: 52503 | D23: 0 | E23: 0 | F23: 0
A24: INSTRUCTIONAL (PHASED RETIREMENT) - REGULAR PART-TIME (FRS PARTICIPANT) | C24: 52504 | D24: 0 | E24: 0 | F24: 0
A25: OTHER PROFESSIONAL | C25: 53000 | D25: 153668 | E25: 0 | F25: 153668
A26: OTHER PROFESSIONAL - OVERLOAD/SUPPLEMENTAL | C26: 53100 | D26: 0 | E26: 0 | F26: 0
A27: OTHER PROFESSIONAL - SUBSTITUTION | C27: 53200 | D27: 0 | E27: 0 | F27: 0
A28: OTHER PROFESSIONAL - PARA-PROFESSIONAL/ASSOCIATE/ASSISTANT | C28: 53300 | D28: 0 | E28: 0 | F28: 0
A29: OTHER PROFESSIONAL - REGULAR PART-TIME | C29: 53500 | D29: 0 | E29: 0 | F29: 0
A30: TECHNICAL, CLERICAL, TRADE AND SERVICE | C30: 54000 | D30: 0 | E30: 0 | F30: 0
A31: TECHNICAL, CLERICAL, TRADE AND SERVICE - OVERTIME | C31: 54100 | D31: 0 | E31: 0 | F31: 0
A32: TECHNICAL, CLERICAL, TRADE AND SERVICE - REGULAR (PART-TIME) | C32: 54500 | D32: 0 | E32: 0 | F32: 0
... A34: OPS - INSTRUCTIONAL | C34: 56000 | D34: 406925 | E34: 0 | F34: 406925
A35: OPS - INSTRUCTIONAL/ADJUNCT INSTRUCTOR | C35: 56001 | D35: 0 | E35: 0 | F35: 0
A36: OPS - LIBRARIAN | C36: 56002 | D36: 0 | E36: 0 | F36: 0
A37: OPS - COUNSELOR | C37: 56003 | D37: 0 | E37: 0 | F37: 0
A38: OPS - PARA-PROFESSIONAL | C38: 56006 | D38: 0 | E38: 0 | F38: 0
A39: OPS - INSTRUCTIONAL SUBSTITUTES | C39: 56100 | D39: 0 | E39: 0 | F39: 0
A40: OPS - OTHER PROFESSIONAL PART-TIME | C40: 56500 | D40: 0 | E40: 0 | F40: 0
A41: OPS - TECHNICAL, CLERICAL, TRADE AND SERVICE | C41: 57000 | D41: 0 | E41: 0 | F41: 0
A42: STUDENT EMPLOYMENT - INSTITUTIONAL WORK STUDY | C42: 58000 | D42: 0 | E42: 0 | F42: 0
A43: STUDENT EMPLOYMENT - COLLEGE WORK STUDY PROGRAM | C43: 58100 | D43: 0 | E43: 0 | F43: 0
A44: STUDENT EMPLOYMENT - COLLEGE WORK EXPERIENCE PROG. | C44: 58200 | D44: 0 | E44: 0 | F44: 0
A45: STUDENT EMPLOYMENT - STUDENT ASSISTANTS | C45: 58300 | D45: 0 | E45: 0 | F45: 0
A46: EMPLOYEE AWARDS | C46: 58500 | D46: 0 | E46: 0 | F46: 0
A47: SOCIAL SECURITY CONTRIBUTIONS | C47: 59100 | D47: 159036 | E47: 0 | F47: 159036
A48: RETIREMENT CONTRIBUTIONS | C48: 59200 | D48: 291670 | E48: 0 | F48: 291670
A49: ACCRUED LEAVE EXPENSE (COMPENSATED ABSENCES) | C49: 59300 | D49: 0 | E49: 0 | F49: 0
... A55: PERSONNEL EXPENSE CONTINGENCY (BUDGET ONLY) | C55: 59900 | D55: 0 | E55: 0 | F55: 0
A56: TOTAL PERSONNEL COSTS | D56: 2654100 | E56: 0 | F56: 2654100
C60: 2026-27
A61: PLANNED EXPENDITURES | C61: GENERAL LEDGER CODE | D61: UNRESTRICTED SOURCES | E61: RESTRICTED SOURCES | F61: TOTAL UNRESTRICTED AND RESTRICTED SOURCES
A62: CURRENT EXPENSE
A63: TRAVEL | C63: 60500 | D63: 0 | E63: 0 | F63: 0
A64: FREIGHT AND POSTAGE | C64: 61000 | D64: 0 | E64: 0 | F64: 0
A65: TELECOMMUNICATIONS | C65: 61500 | D65: 0 | E65: 0 | F65: 0
A66: PRINTING | C66: 62000 | D66: 1650 | E66: 0 | F66: 1650
A67: REPAIRS & MAINTENANCE | C67: 62500 | D67: 17500 | E67: 0 | F67: 17500
A68: RENTALS | C68: 63000 | D68: 0 | E68: 0 | F68: 0
A69: LEASE PAYMENTS (LONG-TERM/ASSET<$5,000) | C69: 63100 | D69: 0 | E69: 0 | F69: 0
A70: INSURANCE | C70: 63500 | D70: 0 | E70: 0 | F70: 0
A71: UTILITIES | C71: 64000 | D71: 0 | E71: 0 | F71: 0
A72: OTHER SERVICES | C72: 64500 | D72: 0 | E72: 0 | F72: 0
A73: WORKFORCE/WAGES/GRANT PARTICIPANT SUPPORT COSTS | C73: 64600 | D73: 0 | E73: 0 | F73: 0
A74: SERVICE PROVIDER CONTRACTS - WORKFORCE/WAGES | C74: 64700 | D74: 0 | E74: 0 | F74: 0
A75: PROFESSIONAL FEES | C75: 65000 | D75: 0 | E75: 0 | F75: 0
A76: EDUCATIONAL, OFFICE/DEPARTMENT MATERIALS AND SUPPLIES | C76: 65500 | D76: 279085 | E76: 0 | F76: 279085
A77: DATA SOFTWARE - NON-CAPITALIZED | C77: 65700 | D77: 0 | E77: 0 | F77: 0
A78: MAINTENANCE AND CONSTRUCTION MATERIALS AND SUPPLIES | C78: 66000 | D78: 0 | E78: 0 | F78: 0
A79: OTHER MATERIALS AND SUPPLIES | C79: 66500 | D79: 0 | E79: 0 | F79: 0
A80: LIBRARY RESOURCES | C80: 67000 | D80: 0 | E80: 0 | F80: 0
A81: NON-COMMODITY FOOD FOR RESALE | C81: 67500 | D81: 0 | E81: 0 | F81: 0
... A86: PAYMENT ON DEBT PRINCIPAL | C86: 69000 | D86: 0 | E86: 0 | F86: 0
A87: MANDATORY TRANSFERS OUT | C87: 69100 | D87: 0 | E87: 0 | F87: 0
A88: NONMANDATORY TRANSFERS OUT | C88: 69200 | D88: 0 | E88: 0 | F88: 0
A89: OTHER EXPENSES | C89: 69500 | D89: 0 | E89: 0 | F89: 0
A90: PRIOR YEAR CORRECTIONS | C90: 69600 | D90: 0 | E90: 0 | F90: 0
A91: CURRENT EXPENSE CONTINGENCY (BUDGET ONLY) | C91: 69900 | D91: 0 | E91: 0 | F91: 0
A92: TOTAL CURRENT EXPENSE | D92: 298235 | E92: 0 | F92: 298235
C95: 2026-27
A96: CAPITAL OUTLAY | C96: GENERAL LEDGER CODE | D96: UNRESTRICTED SOURCES | E96: RESTRICTED SOURCES | F96: TOTAL UNRESTRICTED AND RESTRICTED SOURCES
A97: MINOR EQUIPMENT - NON-CAPITALIZED, NON INVENTORIED | C97: 70500 | D97: 0 | E97: 0 | F97: 0
A98: MINOR EQUIPMENT - NON CAPITALIZED INVENTORIED | C98: 70600 | D98: 0 | E98: 0 | F98: 0
A99: FURNITURE AND EQUIPMENT | C99: 71000 | D99: 0 | E99: 0 | F99: 0
A100: DATA SOFTWARE | C100: 72000 | D100: 0 | E100: 0 | F100: 0
A101: BUILDINGS AND FIXED EQUIPMENT | C101: 75000 | D101: 0 | E101: 0 | F101: 0
A102: OTHER LICENSES | C102: 73001 | D102: 0 | E102: 0 | F102: 0
A103: DATA LICENSES - PERPETUAL | C103: 73002 | D103: 0 | E103: 0 | F103: 0
A104: ARTWORK/ARTIFACT | C104: 73050 | D104: 0 | E104: 0 | F104: 0
A105: LEASE PAYMENTS, CAPITALIZED | C105: 73100 | D105: 0 | E105: 0 | F105: 0
A106: REMODELING & RENOVATION, NON-CAPITALIZED REPAIRS & MAINTENANCE, & OTHER STRUCTURES & IMPROVEMENTS | C106: 76000 | D106: 0 | E106: 0 | F106: 0
A107: LAND | C107: 77000 | D107: 0 | E107: 0 | F107: 0
A108: OTHER STRUCTURES, LAND IMPROVEMENTS | C108: 79000 | D108: 0 | E108: 0 | F108: 0
A109: CAPITAL OUTLAY CONTINGENCY (BUDGET ONLY) | C109: 79900 | D109: 0 | E109: 0 | F109: 0
A110: TOTAL CAPITAL OUTLAY | D110: 0 | E110: 0 | F110: 0
A112: GRAND TOTAL EXPENDITURES | D112: 2952335 | E112: 0 | F112: 2952335
A115: SOURCES OF FUNDS | C115: GENERAL LEDGER CODE | D115: UNRESTRICTED SOURCES | E115: RESTRICTED SOURCES | F115: TOTAL UNRESTRICTED AND RESTRICTED SOURCES
A116: 1. SPECIAL STATE NONRECURRING | D116: 0 | E116: 0 | F116: 0
A117: 2. UPPER LEVEL - RESIDENT STUDENT TUITION | D117: 2760662 | E117: 0 | F117: 2760662
A118: UPPER LEVEL - NONRESIDENT STUDENT TUITION | D118: 191673 | E118: 0 | F118: 191673
A119: UPPER LEVEL - OTHER STUDENT FEES | D119: 0 | E119: 0 | F119: 0
A120: 3. CONTRIBUTIONS OR MATCHING GRANTS | D120: 0 | E120: 0 | F120: 0
...

Sheet Broward
A1: COLLEGE: | B1: Broward College
A2: UPPER LEVEL PLANNED EXPENDITURES AND SOURCES OF FUNDS
A3: BACCALAUREATE DEGREE PROGRAM COLLEGE OPERATING BUDGET
A4: FISCAL YEAR 2026-27
A7: Enter amounts only for cells highlighted in light yellow. | C7: 2026-27
A8: PLANNED EXPENDITURES | C8: GENERAL LEDGER CODE | D8: UNRESTRICTED SOURCES | E8: RESTRICTED SOURCES | F8: TOTAL UNRESTRICTED AND RESTRICTED SOURCES
A9: PERSONNEL COSTS
A10: EXECUTIVE MANAGEMENT | C10: 51000 | D10: 0 | E10: 0 | F10: 0
A11: INSTRUCTIONAL MANAGEMENT | C11: 51100 | D11: 0 | E11: 0 | F11: 0
A12: INSTITUTIONAL MANAGEMENT | C12: 51200 | D12: 90000 | E12: 0 | F12: 90000
A13: EXECUTIVE, ADMINISTRATIVE, MANAGERIAL SABBATICAL | C13: 51400 | D13: 0 | E13: 0 | F13: 0
A14: EXECUTIVE, ADMINISTRATIVE, MANAGERIAL REGULAR PART-TIME | C14: 51500 | D14: 0 | E14: 0 | F14: 0
A15: INSTRUCTIONAL | C15: 52000 | D15: 1427440 | E15: 0 | F15: 1427440
A16: INSTRUCTIONAL - OVERLOAD/SUPPLEMENTAL | C16: 52100 | D16: 442999 | E16: 0 | F16: 442999
A17: INSTRUCTIONAL - SUBSTITUTION | C17: 52200 | D17: 0 | E17: 0 | F17: 0
A18: INSTRUCTIONAL - PARA-PROFESSIONAL/ASSOCIATE/ASSISTANT | C18: 52300 | D18: 0 | E18: 0 | F18: 0
A19: INSTRUCTIONAL - SABBATICAL | C19: 52400 | D19: 0 | E19: 0 | F19: 0
A20: INSTRUCTIONAL (PHASED RETIREMENT ) | C20: 52500 | D20: 0 | E20: 0 | F20: 0
A21: INSTRUCTIONAL (PHASED RETIREMENT ) - INSTRUCTOR/PROFESSOR | C21: 52501 | D21: 0 | E21: 0 | F21: 0
A22: INSTRUCTIONAL (PHASED RETIREMENT) - LIBRARIAN | C22: 52502 | D22: 0 | E22: 0 | F22: 0
A23: INSTRUCTIONAL (PHASED RETIREMENT) - COUNSELOR | C23: 52503 | D23: 0 | E23: 0 | F23: 0
A24: INSTRUCTIONAL (PHASED RETIREMENT) - REGULAR PART-TIME (FRS PARTICIPANT) | C24: 52504 | D24: 0 | E24: 0 | F24: 0
A25: OTHER PROFESSIONAL | C25: 53000 | D25: 199559 | E25: 0 | F25: 199559
A26: OTHER PROFESSIONAL - OVERLOAD/SUPPLEMENTAL | C26: 53100 | D26: 750 | E26: 0 | F26: 750
A27: OTHER PROFESSIONAL - SUBSTITUTION | C27: 53200 | D27: 0 | E27: 0 | F27: 0
A28: OTHER PROFESSIONAL - PARA-PROFESSIONAL/ASSOCIATE/ASSISTANT | C28: 53300 | D28: 0 | E28: 0 | F28: 0
A29: OTHER PROFESSIONAL - REGULAR PART-TIME | C29: 53500 | D29: 0 | E29: 0 | F29: 0
A30: TECHNICAL, CLERICAL, TRADE AND SERVICE | C30: 54000 | D30: 329327 | E30: 0 | F30: 329327
A31: TECHNICAL, CLERICAL, TRADE AND SERVICE - OVERTIME | C31: 54100 | D31: 0 | E31: 0 | F31: 0
A32: TECHNICAL, CLERICAL, TRADE AND SERVICE - REGULAR (PART-TIME) | C32: 54500 | D32: 355526 | E32: 0 | F32: 355526
... A34: OPS - INSTRUCTIONAL | C34: 56000 | D34: 441553 | E34: 0 | F34: 441553
A35: OPS - INSTRUCTIONAL/ADJUNCT INSTRUCTOR | C35: 56001 | D35: 0 | E35: 0 | F35: 0
A36: OPS - LIBRARIAN | C36: 56002 | D36: 0 | E36: 0 | F36: 0
A37: OPS - COUNSELOR | C37: 56003 | D37: 0 | E37: 0 | F37: 0
A38: OPS - PARA-PROFESSIONAL | C38: 56006 | D38: 0 | E38: 0 | F38: 0
A39: OPS - INSTRUCTIONAL SUBSTITUTES | C39: 56100 | D39: 0 | E39: 0 | F39: 0
A40: OPS - OTHER PROFESSIONAL PART-TIME | C40: 56500 | D40: 228 | E40: 0 | F40: 228
A41: OPS - TECHNICAL, CLERICAL, TRADE AND SERVICE | C41: 57000 | D41: 556793 | E41: 0 | F41: 556793
A42: STUDENT EMPLOYMENT - INSTITUTIONAL WORK STUDY | C42: 58000 | D42: 0 | E42: 0 | F42: 0
A43: STUDENT EMPLOYMENT - COLLEGE WORK STUDY PROGRAM | C43: 58100 | D43: 0 | E43: 0 | F43: 0
A44: STUDENT EMPLOYMENT - COLLEGE WORK EXPERIENCE PROG. | C44: 58200 | D44: 0 | E44: 0 | F44: 0
A45: STUDENT EMPLOYMENT - STUDENT ASSISTANTS | C45: 58300 | D45: 73514 | E45: 0 | F45: 73514
A46: EMPLOYEE AWARDS | C46: 58500 | D46: 0 | E46: 0 | F46: 0
A47: SOCIAL SECURITY CONTRIBUTIONS | C47: 59100 | D47: 266689 | E47: 0 | F47: 266689
A48: RETIREMENT CONTRIBUTIONS | C48: 59200 | D48: 477356 | E48: 0 | F48: 477356
A49: ACCRUED LEAVE EXPENSE (COMPENSATED ABSENCES) | C49: 59300 | D49: 0 | E49: 0 | F49: 0
... A55: PERSONNEL EXPENSE CONTINGENCY (BUDGET ONLY) | C55: 59900 | D55: 0 | E55: 0 | F55: 0
A56: TOTAL PERSONNEL COSTS | D56: 5226539 | E56: 0 | F56: 5226539
C60: 2026-27
A61: PLANNED EXPENDITURES | C61: GENERAL LEDGER CODE | D61: UNRESTRICTED SOURCES | E61: RESTRICTED SOURCES | F61: TOTAL UNRESTRICTED AND RESTRICTED SOURCES
A62: CURRENT EXPENSE
A63: TRAVEL | C63: 60500 | D63: 0 | E63: 0 | F63: 0
A64: FREIGHT AND POSTAGE | C64: 61000 | D64: 1355 | E64: 0 | F64: 1355
A65: TELECOMMUNICATIONS | C65: 61500 | D65: 0 | E65: 0 | F65: 0
A66: PRINTING | C66: 62000 | D66: 3719 | E66: 0 | F66: 3719
A67: REPAIRS & MAINTENANCE | C67: 62500 | D67: 1000 | E67: 0 | F67: 1000
A68: RENTALS | C68: 63000 | D68: 0 | E68: 0 | F68: 0
A69: LEASE PAYMENTS (LONG-TERM/ASSET<$5,000) | C69: 63100 | D69: 0 | E69: 0 | F69: 0
A70: INSURANCE | C70: 63500 | D70: 0 | E70: 0 | F70: 0
A71: UTILITIES | C71: 64000 | D71: 0 | E71: 0 | F71: 0
A72: OTHER SERVICES | C72: 64500 | D72: 11036 | E72: 0 | F72: 11036
A73: WORKFORCE/WAGES/GRANT PARTICIPANT SUPPORT COSTS | C73: 64600 | D73: 0 | E73: 0 | F73: 0
A74: SERVICE PROVIDER CONTRACTS - WORKFORCE/WAGES | C74: 64700 | D74: 0 | E74: 0 | F74: 0
A75: PROFESSIONAL FEES | C75: 65000 | D75: 12461 | E75: 0 | F75: 12461
A76: EDUCATIONAL, OFFICE/DEPARTMENT MATERIALS AND SUPPLIES | C76: 65500 | D76: 49918 | E76: 0 | F76: 49918
A77: DATA SOFTWARE - NON-CAPITALIZED | C77: 65700 | D77: 500 | E77: 0 | F77: 500
A78: MAINTENANCE AND CONSTRUCTION MATERIALS AND SUPPLIES | C78: 66000 | D78: 0 | E78: 0 | F78: 0
A79: OTHER MATERIALS AND SUPPLIES | C79: 66500 | D79: 984 | E79: 0 | F79: 984
A80: LIBRARY RESOURCES | C80: 67000 | D80: 0 | E80: 0 | F80: 0
A81: NON-COMMODITY FOOD FOR RESALE | C81: 67500 | D81: 0 | E81: 0 | F81: 0
... A86: PAYMENT ON DEBT PRINCIPAL | C86: 69000 | D86: 0 | E86: 0 | F86: 0
A87: MANDATORY TRANSFERS OUT | C87: 69100 | D87: 0 | E87: 0 | F87: 0
A88: NONMANDATORY TRANSFERS OUT | C88: 69200 | D88: 0 | E88: 0 | F88: 0
A89: OTHER EXPENSES | C89: 69500 | D89: 0 | E89: 0 | F89: 0
A90: PRIOR YEAR CORRECTIONS | C90: 69600 | D90: 0 | E90: 0 | F90: 0
A91: CURRENT EXPENSE CONTINGENCY (BUDGET ONLY) | C91: 69900 | D91: 0 | E91: 0 | F91: 0
A92: TOTAL CURRENT EXPENSE | D92: 80973 | E92: 0 | F92: 80973
C95: 2026-27
A96: CAPITAL OUTLAY | C96: GENERAL LEDGER CODE | D96: UNRESTRICTED SOURCES | E96: RESTRICTED SOURCES | F96: TOTAL UNRESTRICTED AND RESTRICTED SOURCES
A97: MINOR EQUIPMENT - NON-CAPITALIZED, NON INVENTORIED | C97: 70500 | D97: 0 | E97: 0 | F97: 0
A98: MINOR EQUIPMENT - NON CAPITALIZED INVENTORIED | C98: 70600 | D98: 0 | E98: 0 | F98: 0
A99: FURNITURE AND EQUIPMENT | C99: 71000 | D99: 0 | E99: 0 | F99: 0
A100: DATA SOFTWARE | C100: 72000 | D100: 0 | E100: 0 | F100: 0
A101: BUILDINGS AND FIXED EQUIPMENT | C101: 75000 | D101: 0 | E101: 0 | F101: 0
A102: OTHER LICENSES | C102: 73001 | D102: 0 | E102: 0 | F102: 0
A103: DATA LICENSES - PERPETUAL | C103: 73002 | D103: 0 | E103: 0 | F103: 0
A104: ARTWORK/ARTIFACT | C104: 73050 | D104: 0 | E104: 0 | F104: 0
A105: LEASE PAYMENTS, CAPITALIZED | C105: 73100 | D105: 0 | E105: 0 | F105: 0
A106: REMODELING & RENOVATION, NON-CAPITALIZED REPAIRS & MAINTENANCE, & OTHER STRUCTURES & IMPROVEMENTS | C106: 76000 | D106: 0 | E106: 0 | F106: 0
A107: LAND | C107: 77000 | D107: 0 | E107: 0 | F107: 0
A108: OTHER STRUCTURES, LAND IMPROVEMENTS | C108: 79000 | D108: 0 | E108: 0 | F108: 0
A109: CAPITAL OUTLAY CONTINGENCY (BUDGET ONLY) | C109: 79900 | D109: 0 | E109: 0 | F109: 0
A110: TOTAL CAPITAL OUTLAY | D110: 0 | E110: 0 | F110: 0
A112: GRAND TOTAL EXPENDITURES | D112: 5307512 | E112: 0 | F112: 5307512
A115: SOURCES OF FUNDS | C115: GENERAL LEDGER CODE | D115: UNRESTRICTED SOURCES | E115: RESTRICTED SOURCES | F115: TOTAL UNRESTRICTED AND RESTRICTED SOURCES
A116: 1. SPECIAL STATE NONRECURRING | D116: 0 | E116: 0 | F116: 0
A117: 2. UPPER LEVEL - RESIDENT STUDENT TUITION | D117: 3611551 | E117: 0 | F117: 3611551
A118: UPPER LEVEL - NONRESIDENT STUDENT TUITION | D118: 352856 | E118: 0 | F118: 352856
A119: UPPER LEVEL - OTHER STUDENT FEES | D119: 15898 | E119: 0 | F119: 15898
A120: 3. CONTRIBUTIONS OR MATCHING GRANTS | D120: 0 | E120: 0 | F120: 0
...

Sheet Central Florida
A1: COLLEGE: | B1: College of Central Florida
A2: UPPER LEVEL PLANNED EXPENDITURES AND SOURCES OF FUNDS
A3: BACCALAUREATE DEGREE PROGRAM COLLEGE OPERATING BUDGET
A4: FISCAL YEAR 2026-27
A7: Enter amounts only for cells highlighted in light yellow. | C7: 2026-27
A8: PLANNED EXPENDITURES | C8: GENERAL LEDGER CODE | D8: UNRESTRICTED SOURCES | E8: RESTRICTED SOURCES | F8: TOTAL UNRESTRICTED AND RESTRICTED SOURCES
A9: PERSONNEL COSTS
A10: EXECUTIVE MANAGEMENT | C10: 51000 | D10: 0 | E10: 0 | F10: 0
A11: INSTRUCTIONAL MANAGEMENT | C11: 51100 | D11: 0 | E11: 0 | F11: 0
A12: INSTITUTIONAL MANAGEMENT | C12: 51200 | D12: 404382 | E12: 0 | F12: 404382
A13: EXECUTIVE, ADMINISTRATIVE, MANAGERIAL SABBATICAL | C13: 51400 | D13: 0 | E13: 0 | F13: 0
A14: EXECUTIVE, ADMINISTRATIVE, MANAGERIAL REGULAR PART-TIME | C14: 51500 | D14: 0 | E14: 0 | F14: 0
A15: INSTRUCTIONAL | C15: 52000 | D15: 0 | E15: 0 | F15: 0
A16: INSTRUCTIONAL - OVERLOAD/SUPPLEMENTAL | C16: 52100 | D16: 57830 | E16: 0 | F16: 57830
A17: INSTRUCTIONAL - SUBSTITUTION | C17: 52200 | D17: 0 | E17: 0 | F17: 0
A18: INSTRUCTIONAL - PARA-PROFESSIONAL/ASSOCIATE/ASSISTANT | C18: 52300 | D18: 0 | E18: 0 | F18: 0
A19: INSTRUCTIONAL - SABBATICAL | C19: 52400 | D19: 0 | E19: 0 | F19: 0
A20: INSTRUCTIONAL (PHASED RETIREMENT ) | C20: 52500 | D20: 0 | E20: 0 | F20: 0
A21: INSTRUCTIONAL (PHASED RETIREMENT ) - INSTRUCTOR/PROFESSOR | C21: 52501 | D21: 0 | E21: 0 | F21: 0
A22: INSTRUCTIONAL (PHASED RETIREMENT) - LIBRARIAN | C22: 52502 | D22: 0 | E22: 0 | F22: 0
A23: INSTRUCTIONAL (PHASED RETIREMENT) - COUNSELOR | C23: 52503 | D23: 0 | E23: 0 | F23: 0
A24: INSTRUCTIONAL (PHASED RETIREMENT) - REGULAR PART-TIME (FRS PARTICIPANT) | C24: 52504 | D24: 0 | E24: 0 | F24: 0
A25: OTHER PROFESSIONAL | C25: 53000 | D25: 101524 | E25: 0 | F25: 101524
A26: OTHER PROFESSIONAL - OVERLOAD/SUPPLEMENTAL | C26: 53100 | D26: 0 | E26: 0 | F26: 0
A27: OTHER PROFESSIONAL - SUBSTITUTION | C27: 53200 | D27: 0 | E27: 0 | F27: 0
A28: OTHER PROFESSIONAL - PARA-PROFESSIONAL/ASSOCIATE/ASSISTANT | C28: 53300 | D28: 0 | E28: 0 | F28: 0
A29: OTHER PROFESSIONAL - REGULAR PART-TIME | C29: 53500 | D29: 0 | E29: 0 | F29: 0
A30: TECHNICAL, CLERICAL, TRADE AND SERVICE | C30: 54000 | D30: 0 | E30: 0 | F30: 0
A31: TECHNICAL, CLERICAL, TRADE AND SERVICE - OVERTIME | C31: 54100 | D31: 0 | E31: 0 | F31: 0
A32: TECHNICAL, CLERICAL, TRADE AND SERVICE - REGULAR (PART-TIME) | C32: 54500 | D32: 0 | E32: 0 | F32: 0
... A34: OPS - INSTRUCTIONAL | C34: 56000 | D34: 161335 | E34: 0 | F34: 161335
A35: OPS - INSTRUCTIONAL/ADJUNCT INSTRUCTOR | C35: 56001 | D35: 0 | E35: 0 | F35: 0
A36: OPS - LIBRARIAN | C36: 56002 | D36: 0 | E36: 0 | F36: 0
A37: OPS - COUNSELOR | C37: 56003 | D37: 0 | E37: 0 | F37: 0
A38: OPS - PARA-PROFESSIONAL | C38: 56006 | D38: 0 | E38: 0 | F38: 0
A39: OPS - INSTRUCTIONAL SUBSTITUTES | C39: 56100 | D39: 0 | E39: 0 | F39: 0
A40: OPS - OTHER PROFESSIONAL PART-TIME | C40: 56500 | D40: 0 | E40: 0 | F40: 0
A41: OPS - TECHNICAL, CLERICAL, TRADE AND SERVICE | C41: 57000 | D41: 0 | E41: 0 | F41: 0
A42: STUDENT EMPLOYMENT - INSTITUTIONAL WORK STUDY | C42: 58000 | D42: 0 | E42: 0 | F42: 0
A43: STUDENT EMPLOYMENT - COLLEGE WORK STUDY PROGRAM | C43: 58100 | D43: 0 | E43: 0 | F43: 0
A44: STUDENT EMPLOYMENT - COLLEGE WORK EXPERIENCE PROG. | C44: 58200 | D44: 0 | E44: 0 | F44: 0
A45: STUDENT EMPLOYMENT - STUDENT ASSISTANTS | C45: 58300 | D45: 0 | E45: 0 | F45: 0
A46: EMPLOYEE AWARDS | C46: 58500 | D46: 0 | E46: 0 | F46: 0
A47: SOCIAL SECURITY CONTRIBUTIONS | C47: 59100 | D47: 55285 | E47: 0 | F47: 55285
A48: RETIREMENT CONTRIBUTIONS | C48: 59200 | D48: 59153 | E48: 0 | F48: 59153
A49: ACCRUED LEAVE EXPENSE (COMPENSATED ABSENCES) | C49: 59300 | D49: 0 | E49: 0 | F49: 0
... A55: PERSONNEL EXPENSE CONTINGENCY (BUDGET ONLY) | C55: 59900 | D55: 0 | E55: 0 | F55: 0
A56: TOTAL PERSONNEL COSTS | D56: 890921 | E56: 0 | F56: 890921
C60: 2026-27
A61: PLANNED EXPENDITURES | C61: GENERAL LEDGER CODE | D61: UNRESTRICTED SOURCES | E61: RESTRICTED SOURCES | F61: TOTAL UNRESTRICTED AND RESTRICTED SOURCES
A62: CURRENT EXPENSE
A63: TRAVEL | C63: 60500 | D63: 7140 | E63: 0 | F63: 7140
A64: FREIGHT AND POSTAGE | C64: 61000 | D64: 0 | E64: 0 | F64: 0
A65: TELECOMMUNICATIONS | C65: 61500 | D65: 0 | E65: 0 | F65: 0
A66: PRINTING | C66: 62000 | D66: 9738 | E66: 0 | F66: 9738
A67: REPAIRS & MAINTENANCE | C67: 62500 | D67: 0 | E67: 0 | F67: 0
A68: RENTALS | C68: 63000 | D68: 0 | E68: 0 | F68: 0
A69: LEASE PAYMENTS (LONG-TERM/ASSET<$5,000) | C69: 63100 | D69: 0 | E69: 0 | F69: 0
A70: INSURANCE | C70: 63500 | D70: 0 | E70: 0 | F70: 0
A71: UTILITIES | C71: 64000 | D71: 0 | E71: 0 | F71: 0
A72: OTHER SERVICES | C72: 64500 | D72: 0 | E72: 0 | F72: 0
A73: WORKFORCE/WAGES/GRANT PARTICIPANT SUPPORT COSTS | C73: 64600 | D73: 0 | E73: 0 | F73: 0
A74: SERVICE PROVIDER CONTRACTS - WORKFORCE/WAGES | C74: 64700 | D74: 0 | E74: 0 | F74: 0
A75: PROFESSIONAL FEES | C75: 65000 | D75: 3246 | E75: 0 | F75: 3246
A76: EDUCATIONAL, OFFICE/DEPARTMENT MATERIALS AND SUPPLIES | C76: 65500 | D76: 0 | E76: 0 | F76: 0
A77: DATA SOFTWARE - NON-CAPITALIZED | C77: 65700 | D77: 0 | E77: 0 | F77: 0
A78: MAINTENANCE AND CONSTRUCTION MATERIALS AND SUPPLIES | C78: 66000 | D78: 0 | E78: 0 | F78: 0
A79: OTHER MATERIALS AND SUPPLIES | C79: 66500 | D79: 0 | E79: 0 | F79: 0
A80: LIBRARY RESOURCES | C80: 67000 | D80: 0 | E80: 0 | F80: 0
A81: NON-COMMODITY FOOD FOR RESALE | C81: 67500 | D81: 0 | E81: 0 | F81: 0
... A86: PAYMENT ON DEBT PRINCIPAL | C86: 69000 | D86: 0 | E86: 0 | F86: 0
A87: MANDATORY TRANSFERS OUT | C87: 69100 | D87: 0 | E87: 0 | F87: 0
A88: NONMANDATORY TRANSFERS OUT | C88: 69200 | D88: 0 | E88: 0 | F88: 0
A89: OTHER EXPENSES | C89: 69500 | D89: 216 | E89: 0 | F89: 216
A90: PRIOR YEAR CORRECTIONS | C90: 69600 | D90: 0 | E90: 0 | F90: 0
A91: CURRENT EXPENSE CONTINGENCY (BUDGET ONLY) | C91: 69900 | D91: 0 | E91: 0 | F91: 0
A92: TOTAL CURRENT EXPENSE | D92: 20340 | E92: 0 | F92: 20340
C95: 2026-27
A96: CAPITAL OUTLAY | C96: GENERAL LEDGER CODE | D96: UNRESTRICTED SOURCES | E96: RESTRICTED SOURCES | F96: TOTAL UNRESTRICTED AND RESTRICTED SOURCES
A97: MINOR EQUIPMENT - NON-CAPITALIZED, NON INVENTORIED | C97: 70500 | D97: 0 | E97: 0 | F97: 0
A98: MINOR EQUIPMENT - NON CAPITALIZED INVENTORIED | C98: 70600 | D98: 0 | E98: 0 | F98: 0
A99: FURNITURE AND EQUIPMENT | C99: 71000 | D99: 0 | E99: 0 | F99: 0
A100: DATA SOFTWARE | C100: 72000 | D100: 0 | E100: 0 | F100: 0
A101: BUILDINGS AND FIXED EQUIPMENT | C101: 75000 | D101: 0 | E101: 0 | F101: 0
A102: OTHER LICENSES | C102: 73001 | D102: 0 | E102: 0 | F102: 0
A103: DATA LICENSES - PERPETUAL | C103: 73002 | D103: 0 | E103: 0 | F103: 0
A104: ARTWORK/ARTIFACT | C104: 73050 | D104: 0 | E104: 0 | F104: 0
A105: LEASE PAYMENTS, CAPITALIZED | C105: 73100 | D105: 0 | E105: 0 | F105: 0
A106: REMODELING & RENOVATION, NON-CAPITALIZED REPAIRS & MAINTENANCE, & OTHER STRUCTURES & IMPROVEMENTS | C106: 76000 | D106: 0 | E106: 0 | F106: 0
A107: LAND | C107: 77000 | D107: 0 | E107: 0 | F107: 0
A108: OTHER STRUCTURES, LAND IMPROVEMENTS | C108: 79000 | D108: 0 | E108: 0 | F108: 0
A109: CAPITAL OUTLAY CONTINGENCY (BUDGET ONLY) | C109: 79900 | D109: 0 | E109: 0 | F109: 0
A110: TOTAL CAPITAL OUTLAY | D110: 0 | E110: 0 | F110: 0
A112: GRAND TOTAL EXPENDITURES | D112: 911261 | E112: 0 | F112: 911261
A115: SOURCES OF FUNDS | C115: GENERAL LEDGER CODE | D115: UNRESTRICTED SOURCES | E115: RESTRICTED SOURCES | F115: TOTAL UNRESTRICTED AND RESTRICTED SOURCES
A116: 1. SPECIAL STATE NONRECURRING | D116: 0 | E116: 0 | F116: 0
A117: 2. UPPER LEVEL - RESIDENT STUDENT TUITION | D117: 911261 | E117: 0 | F117: 911261
A118: UPPER LEVEL - NONRESIDENT STUDENT TUITION | D118: 0 | E118: 0 | F118: 0
A119: UPPER LEVEL - OTHER STUDENT FEES | D119: 0 | E119: 0 | F119: 0
A120: 3. CONTRIBUTIONS OR MATCHING GRANTS | D120: 0 | E120: 0 | F120: 0
...

Sheet Chipola
A1: COLLEGE: | B1: Chipola College
A2: UPPER LEVEL PLANNED EXPENDITURES AND SOURCES OF FUNDS
A3: BACCALAUREATE DEGREE PROGRAM COLLEGE OPERATING BUDGET
A4: FISCAL YEAR 2026-27
A7: Enter amounts only for cells highlighted in light yellow. | C7: 2026-27
A8: PLANNED EXPENDITURES | C8: GENERAL LEDGER CODE | D8: UNRESTRICTED SOURCES | E8: RESTRICTED SOURCES | F8: TOTAL UNRESTRICTED AND RESTRICTED SOURCES
A9: PERSONNEL COSTS
A10: EXECUTIVE MANAGEMENT | C10: 51000 | D10: 0 | E10: 0 | F10: 0
A11: INSTRUCTIONAL MANAGEMENT | C11: 51100 | D11: 0 | E11: 0 | F11: 0
A12: INSTITUTIONAL MANAGEMENT | C12: 51200 | D12: 139250.85 | E12: 0 | F12: 139250.85
A13: EXECUTIVE, ADMINISTRATIVE, MANAGERIAL SABBATICAL | C13: 51400 | D13: 0 | E13: 0 | F13: 0
A14: EXECUTIVE, ADMINISTRATIVE, MANAGERIAL REGULAR PART-TIME | C14: 51500 | D14: 0 | E14: 0 | F14: 0
A15: INSTRUCTIONAL | C15: 52000 | D15: 428854.92 | E15: 0 | F15: 428854.92
A16: INSTRUCTIONAL - OVERLOAD/SUPPLEMENTAL | C16: 52100 | D16: 0 | E16: 0 | F16: 0
A17: INSTRUCTIONAL - SUBSTITUTION | C17: 52200 | D17: 0 | E17: 0 | F17: 0
A18: INSTRUCTIONAL - PARA-PROFESSIONAL/ASSOCIATE/ASSISTANT | C18: 52300 | D18: 0 | E18: 0 | F18: 0
A19: INSTRUCTIONAL - SABBATICAL | C19: 52400 | D19: 0 | E19: 0 | F19: 0
A20: INSTRUCTIONAL (PHASED RETIREMENT ) | C20: 52500 | D20: 0 | E20: 0 | F20: 0
A21: INSTRUCTIONAL (PHASED RETIREMENT ) - INSTRUCTOR/PROFESSOR | C21: 52501 | D21: 0 | E21: 0 | F21: 0
A22: INSTRUCTIONAL (PHASED RETIREMENT) - LIBRARIAN | C22: 52502 | D22: 0 | E22: 0 | F22: 0
A23: INSTRUCTIONAL (PHASED RETIREMENT) - COUNSELOR | C23: 52503 | D23: 0 | E23: 0 | F23: 0
A24: INSTRUCTIONAL (PHASED RETIREMENT) - REGULAR PART-TIME (FRS PARTICIPANT) | C24: 52504 | D24: 0 | E24: 0 | F24: 0
A25: OTHER PROFESSIONAL | C25: 53000 | D25: 0 | E25: 0 | F25: 0
A26: OTHER PROFESSIONAL - OVERLOAD/SUPPLEMENTAL | C26: 53100 | D26: 0 | E26: 0 | F26: 0
A27: OTHER PROFESSIONAL - SUBSTITUTION | C27: 53200 | D27: 0 | E27: 0 | F27: 0
A28: OTHER PROFESSIONAL - PARA-PROFESSIONAL/ASSOCIATE/ASSISTANT | C28: 53300 | D28: 0 | E28: 0 | F28: 0
A29: OTHER PROFESSIONAL - REGULAR PART-TIME | C29: 53500 | D29: 0 | E29: 0 | F29: 0
A30: TECHNICAL, CLERICAL, TRADE AND SERVICE | C30: 54000 | D30: 5000 | E30: 0 | F30: 5000
A31: TECHNICAL, CLERICAL, TRADE AND SERVICE - OVERTIME | C31: 54100 | D31: 0 | E31: 0 | F31: 0
A32: TECHNICAL, CLERICAL, TRADE AND SERVICE - REGULAR (PART-TIME) | C32: 54500 | D32: 0 | E32: 0 | F32: 0
... A34: OPS - INSTRUCTIONAL | C34: 56000 | D34: 73711.05 | E34: 0 | F34: 73711.05
A35: OPS - INSTRUCTIONAL/ADJUNCT INSTRUCTOR | C35: 56001 | D35: 0 | E35: 0 | F35: 0
A36: OPS - LIBRARIAN | C36: 56002 | D36: 0 | E36: 0 | F36: 0
A37: OPS - COUNSELOR | C37: 56003 | D37: 0 | E37: 0 | F37: 0
A38: OPS - PARA-PROFESSIONAL | C38: 56006 | D38: 0 | E38: 0 | F38: 0
A39: OPS - INSTRUCTIONAL SUBSTITUTES | C39: 56100 | D39: 0 | E39: 0 | F39: 0
A40: OPS - OTHER PROFESSIONAL PART-TIME | C40: 56500 | D40: 0 | E40: 0 | F40: 0
A41: OPS - TECHNICAL, CLERICAL, TRADE AND SERVICE | C41: 57000 | D41: 0 | E41: 0 | F41: 0
A42: STUDENT EMPLOYMENT - INSTITUTIONAL WORK STUDY | C42: 58000 | D42: 0 | E42: 0 | F42: 0
A43: STUDENT EMPLOYMENT - COLLEGE WORK STUDY PROGRAM | C43: 58100 | D43: 0 | E43: 0 | F43: 0
A44: STUDENT EMPLOYMENT - COLLEGE WORK EXPERIENCE PROG. | C44: 58200 | D44: 0 | E44: 0 | F44: 0
A45: STUDENT EMPLOYMENT - STUDENT ASSISTANTS | C45: 58300 | D45: 0 | E45: 0 | F45: 0
A46: EMPLOYEE AWARDS | C46: 58500 | D46: 0 | E46: 0 | F46: 0
A47: SOCIAL SECURITY CONTRIBUTIONS | C47: 59100 | D47: 50000 | E47: 0 | F47: 50000
A48: RETIREMENT CONTRIBUTIONS | C48: 59200 | D48: 85000 | E48: 0 | F48: 85000
A49: ACCRUED LEAVE EXPENSE (COMPENSATED ABSENCES) | C49: 59300 | D49: 0 | E49: 0 | F49: 0
... A55: PERSONNEL EXPENSE CONTINGENCY (BUDGET ONLY) | C55: 59900 | D55: 0 | E55: 0 | F55: 0
A56: TOTAL PERSONNEL COSTS | D56: 884816.82 | E56: 0 | F56: 884816.82
C60: 2026-27
A61: PLANNED EXPENDITURES | C61: GENERAL LEDGER CODE | D61: UNRESTRICTED SOURCES | E61: RESTRICTED SOURCES | F61: TOTAL UNRESTRICTED AND RESTRICTED SOURCES
A62: CURRENT EXPENSE
A63: TRAVEL | C63: 60500 | D63: 10000 | E63: 0 | F63: 10000
A64: FREIGHT AND POSTAGE | C64: 61000 | D64: 0 | E64: 0 | F64: 0
A65: TELECOMMUNICATIONS | C65: 61500 | D65: 0 | E65: 0 | F65: 0
A66: PRINTING | C66: 62000 | D66: 0 | E66: 0 | F66: 0
A67: REPAIRS & MAINTENANCE | C67: 62500 | D67: 0 | E67: 0 | F67: 0
A68: RENTALS | C68: 63000 | D68: 0 | E68: 0 | F68: 0
A69: LEASE PAYMENTS (LONG-TERM/ASSET<$5,000) | C69: 63100 | D69: 0 | E69: 0 | F69: 0
A70: INSURANCE | C70: 63500 | D70: 0 | E70: 0 | F70: 0
A71: UTILITIES | C71: 64000 | D71: 0 | E71: 0 | F71: 0
A72: OTHER SERVICES | C72: 64500 | D72: 50000 | E72: 0 | F72: 50000
A73: WORKFORCE/WAGES/GRANT PARTICIPANT SUPPORT COSTS | C73: 64600 | D73: 0 | E73: 0 | F73: 0
A74: SERVICE PROVIDER CONTRACTS - WORKFORCE/WAGES | C74: 64700 | D74: 0 | E74: 0 | F74: 0
A75: PROFESSIONAL FEES | C75: 65000 | D75: 0 | E75: 0 | F75: 0
A76: EDUCATIONAL, OFFICE/DEPARTMENT MATERIALS AND SUPPLIES | C76: 65500 | D76: 50000 | E76: 0 | F76: 50000
A77: DATA SOFTWARE - NON-CAPITALIZED | C77: 65700 | D77: 0 | E77: 0 | F77: 0
A78: MAINTENANCE AND CONSTRUCTION MATERIALS AND SUPPLIES | C78: 66000 | D78: 0 | E78: 0 | F78: 0
A79: OTHER MATERIALS AND SUPPLIES | C79: 66500 | D79: 0 | E79: 0 | F79: 0
A80: LIBRARY RESOURCES | C80: 67000 | D80: 0 | E80: 0 | F80: 0
A81: NON-COMMODITY FOOD FOR RESALE | C81: 67500 | D81: 0 | E81: 0 | F81: 0
... A86: PAYMENT ON DEBT PRINCIPAL | C86: 69000 | D86: 0 | E86: 0 | F86: 0
A87: MANDATORY TRANSFERS OUT | C87: 69100 | D87: 0 | E87: 0 | F87: 0
A88: NONMANDATORY TRANSFERS OUT | C88: 69200 | D88: 0 | E88: 0 | F88: 0
A89: OTHER EXPENSES | C89: 69500 | D89: 0 | E89: 0 | F89: 0
A90: PRIOR YEAR CORRECTIONS | C90: 69600 | D90: 0 | E90: 0 | F90: 0
A91: CURRENT EXPENSE CONTINGENCY (BUDGET ONLY) | C91: 69900 | D91: 0 | E91: 0 | F91: 0
A92: TOTAL CURRENT EXPENSE | D92: 110000 | E92: 0 | F92: 110000
C95: 2026-27
A96: CAPITAL OUTLAY | C96: GENERAL LEDGER CODE | D96: UNRESTRICTED SOURCES | E96: RESTRICTED SOURCES | F96: TOTAL UNRESTRICTED AND RESTRICTED SOURCES
A97: MINOR EQUIPMENT - NON-CAPITALIZED, NON INVENTORIED | C97: 70500 | D97: 0 | E97: 0 | F97: 0
A98: MINOR EQUIPMENT - NON CAPITALIZED INVENTORIED | C98: 70600 | D98: 0 | E98: 0 | F98: 0
A99: FURNITURE AND EQUIPMENT | C99: 71000 | D99: 25000 | E99: 0 | F99: 25000
A100: DATA SOFTWARE | C100: 72000 | D100: 0 | E100: 0 | F100: 0
A101: BUILDINGS AND FIXED EQUIPMENT | C101: 75000 | D101: 0 | E101: 0 | F101: 0
A102: OTHER LICENSES | C102: 73001 | D102: 0 | E102: 0 | F102: 0
A103: DATA LICENSES - PERPETUAL | C103: 73002 | D103: 0 | E103: 0 | F103: 0
A104: ARTWORK/ARTIFACT | C104: 73050 | D104: 0 | E104: 0 | F104: 0
A105: LEASE PAYMENTS, CAPITALIZED | C105: 73100 | D105: 0 | E105: 0 | F105: 0
A106: REMODELING & RENOVATION, NON-CAPITALIZED REPAIRS & MAINTENANCE, & OTHER STRUCTURES & IMPROVEMENTS | C106: 76000 | D106: 0 | E106: 0 | F106: 0
A107: LAND | C107: 77000 | D107: 0 | E107: 0 | F107: 0
A108: OTHER STRUCTURES, LAND IMPROVEMENTS | C108: 79000 | D108: 0 | E108: 0 | F108: 0
A109: CAPITAL OUTLAY CONTINGENCY (BUDGET ONLY) | C109: 79900 | D109: 0 | E109: 0 | F109: 0
A110: TOTAL CAPITAL OUTLAY | D110: 25000 | E110: 0 | F110: 25000
A112: GRAND TOTAL EXPENDITURES | D112: 1019816.8 | E112: 0 | F112: 1019816.8
A115: SOURCES OF FUNDS | C115: GENERAL LEDGER CODE | D115: UNRESTRICTED SOURCES | E115: RESTRICTED SOURCES | F115: TOTAL UNRESTRICTED AND RESTRICTED SOURCES
A116: 1. SPECIAL STATE NONRECURRING | D116: 0 | E116: 0 | F116: 0
A117: 2. UPPER LEVEL - RESIDENT STUDENT TUITION | D117: 372025 | E117: 0 | F117: 372025
A118: UPPER LEVEL - NONRESIDENT STUDENT TUITION | D118: 0 | E118: 0 | F118: 0
A119: UPPER LEVEL - OTHER STUDENT FEES | D119: 0 | E119: 0 | F119: 0
A120: 3. CONTRIBUTIONS OR MATCHING GRANTS | D120: 0 | E120: 0 | F120: 0
...

Sheet Daytona
A1: COLLEGE: | B1: Daytona State College
A2: UPPER LEVEL PLANNED EXPENDITURES AND SOURCES OF FUNDS
A3: BACCALAUREATE DEGREE PROGRAM COLLEGE OPERATING BUDGET
A4: FISCAL YEAR 2026-27
A7: Enter amounts only for cells highlighted in light yellow. | C7: 2026-27
A8: PLANNED EXPENDITURES | C8: GENERAL LEDGER CODE | D8: UNRESTRICTED SOURCES | E8: RESTRICTED SOURCES | F8: TOTAL UNRESTRICTED AND RESTRICTED SOURCES
A9: PERSONNEL COSTS
A10: EXECUTIVE MANAGEMENT | C10: 51000 | D10: 0 | E10: 0 | F10: 0
A11: INSTRUCTIONAL MANAGEMENT | C11: 51100 | D11: 0 | E11: 0 | F11: 0
A12: INSTITUTIONAL MANAGEMENT | C12: 51200 | D12: 0 | E12: 0 | F12: 0
A13: EXECUTIVE, ADMINISTRATIVE, MANAGERIAL SABBATICAL | C13: 51400 | D13: 0 | E13: 0 | F13: 0
A14: EXECUTIVE, ADMINISTRATIVE, MANAGERIAL REGULAR PART-TIME | C14: 51500 | D14: 0 | E14: 0 | F14: 0
A15: INSTRUCTIONAL | C15: 52000 | D15: 2305326 | E15: 0 | F15: 2305326
A16: INSTRUCTIONAL - OVERLOAD/SUPPLEMENTAL | C16: 52100 | D16: 0 | E16: 0 | F16: 0
A17: INSTRUCTIONAL - SUBSTITUTION | C17: 52200 | D17: 0 | E17: 0 | F17: 0
A18: INSTRUCTIONAL - PARA-PROFESSIONAL/ASSOCIATE/ASSISTANT | C18: 52300 | D18: 0 | E18: 0 | F18: 0
A19: INSTRUCTIONAL - SABBATICAL | C19: 52400 | D19: 0 | E19: 0 | F19: 0
A20: INSTRUCTIONAL (PHASED RETIREMENT ) | C20: 52500 | D20: 0 | E20: 0 | F20: 0
A21: INSTRUCTIONAL (PHASED RETIREMENT ) - INSTRUCTOR/PROFESSOR | C21: 52501 | D21: 0 | E21: 0 | F21: 0
A22: INSTRUCTIONAL (PHASED RETIREMENT) - LIBRARIAN | C22: 52502 | D22: 0 | E22: 0 | F22: 0
A23: INSTRUCTIONAL (PHASED RETIREMENT) - COUNSELOR | C23: 52503 | D23: 0 | E23: 0 | F23: 0
A24: INSTRUCTIONAL (PHASED RETIREMENT) - REGULAR PART-TIME (FRS PARTICIPANT) | C24: 52504 | D24: 0 | E24: 0 | F24: 0
A25: OTHER PROFESSIONAL | C25: 53000 | D25: 98841 | E25: 0 | F25: 98841
A26: OTHER PROFESSIONAL - OVERLOAD/SUPPLEMENTAL | C26: 53100 | D26: 0 | E26: 0 | F26: 0
A27: OTHER PROFESSIONAL - SUBSTITUTION | C27: 53200 | D27: 0 | E27: 0 | F27: 0
A28: OTHER PROFESSIONAL - PARA-PROFESSIONAL/ASSOCIATE/ASSISTANT | C28: 53300 | D28: 0 | E28: 0 | F28: 0
A29: OTHER PROFESSIONAL - REGULAR PART-TIME | C29: 53500 | D29: 0 | E29: 0 | F29: 0
A30: TECHNICAL, CLERICAL, TRADE AND SERVICE | C30: 54000 | D30: 118015 | E30: 0 | F30: 118015
A31: TECHNICAL, CLERICAL, TRADE AND SERVICE - OVERTIME | C31: 54100 | D31: 0 | E31: 0 | F31: 0
A32: TECHNICAL, CLERICAL, TRADE AND SERVICE - REGULAR (PART-TIME) | C32: 54500 | D32: 0 | E32: 0 | F32: 0
... A34: OPS - INSTRUCTIONAL | C34: 56000 | D34: 0 | E34: 0 | F34: 0
A35: OPS - INSTRUCTIONAL/ADJUNCT INSTRUCTOR | C35: 56001 | D35: 0 | E35: 0 | F35: 0
A36: OPS - LIBRARIAN | C36: 56002 | D36: 0 | E36: 0 | F36: 0
A37: OPS - COUNSELOR | C37: 56003 | D37: 0 | E37: 0 | F37: 0
A38: OPS - PARA-PROFESSIONAL | C38: 56006 | D38: 0 | E38: 0 | F38: 0
A39: OPS - INSTRUCTIONAL SUBSTITUTES | C39: 56100 | D39: 0 | E39: 0 | F39: 0
A40: OPS - OTHER PROFESSIONAL PART-TIME | C40: 56500 | D40: 0 | E40: 0 | F40: 0
A41: OPS - TECHNICAL, CLERICAL, TRADE AND SERVICE | C41: 57000 | D41: 0 | E41: 0 | F41: 0
A42: STUDENT EMPLOYMENT - INSTITUTIONAL WORK STUDY | C42: 58000 | D42: 3008 | E42: 0 | F42: 3008
A43: STUDENT EMPLOYMENT - COLLEGE WORK STUDY PROGRAM | C43: 58100 | D43: 0 | E43: 0 | F43: 0
A44: STUDENT EMPLOYMENT - COLLEGE WORK EXPERIENCE PROG. | C44: 58200 | D44: 0 | E44: 0 | F44: 0
A45: STUDENT EMPLOYMENT - STUDENT ASSISTANTS | C45: 58300 | D45: 0 | E45: 0 | F45: 0
A46: EMPLOYEE AWARDS | C46: 58500 | D46: 0 | E46: 0 | F46: 0
A47: SOCIAL SECURITY CONTRIBUTIONS | C47: 59100 | D47: 186641 | E47: 0 | F47: 186641
A48: RETIREMENT CONTRIBUTIONS | C48: 59200 | D48: 318320 | E48: 0 | F48: 318320
A49: ACCRUED LEAVE EXPENSE (COMPENSATED ABSENCES) | C49: 59300 | D49: 0 | E49: 0 | F49: 0
... A55: PERSONNEL EXPENSE CONTINGENCY (BUDGET ONLY) | C55: 59900 | D55: 0 | E55: 0 | F55: 0
A56: TOTAL PERSONNEL COSTS | D56: 3459046 | E56: 0 | F56: 3459046
C60: 2026-27
A61: PLANNED EXPENDITURES | C61: GENERAL LEDGER CODE | D61: UNRESTRICTED SOURCES | E61: RESTRICTED SOURCES | F61: TOTAL UNRESTRICTED AND RESTRICTED SOURCES
A62: CURRENT EXPENSE
A63: TRAVEL | C63: 60500 | D63: 5110 | E63: 0 | F63: 5110
A64: FREIGHT AND POSTAGE | C64: 61000 | D64: 0 | E64: 0 | F64: 0
A65: TELECOMMUNICATIONS | C65: 61500 | D65: 0 | E65: 0 | F65: 0
A66: PRINTING | C66: 62000 | D66: 1112 | E66: 0 | F66: 1112
A67: REPAIRS & MAINTENANCE | C67: 62500 | D67: 0 | E67: 0 | F67: 0
A68: RENTALS | C68: 63000 | D68: 0 | E68: 0 | F68: 0
A69: LEASE PAYMENTS (LONG-TERM/ASSET<$5,000) | C69: 63100 | D69: 0 | E69: 0 | F69: 0
A70: INSURANCE | C70: 63500 | D70: 0 | E70: 0 | F70: 0
A71: UTILITIES | C71: 64000 | D71: 0 | E71: 0 | F71: 0
A72: OTHER SERVICES | C72: 64500 | D72: 10473 | E72: 0 | F72: 10473
A73: WORKFORCE/WAGES/GRANT PARTICIPANT SUPPORT COSTS | C73: 64600 | D73: 0 | E73: 0 | F73: 0
A74: SERVICE PROVIDER CONTRACTS - WORKFORCE/WAGES | C74: 64700 | D74: 0 | E74: 0 | F74: 0
A75: PROFESSIONAL FEES | C75: 65000 | D75: 7065 | E75: 0 | F75: 7065
A76: EDUCATIONAL, OFFICE/DEPARTMENT MATERIALS AND SUPPLIES | C76: 65500 | D76: 10363 | E76: 0 | F76: 10363
A77: DATA SOFTWARE - NON-CAPITALIZED | C77: 65700 | D77: 5312 | E77: 0 | F77: 5312
A78: MAINTENANCE AND CONSTRUCTION MATERIALS AND SUPPLIES | C78: 66000 | D78: 0 | E78: 0 | F78: 0
A79: OTHER MATERIALS AND SUPPLIES | C79: 66500 | D79: 2850 | E79: 0 | F79: 2850
A80: LIBRARY RESOURCES | C80: 67000 | D80: 450 | E80: 0 | F80: 450
A81: NON-COMMODITY FOOD FOR RESALE | C81: 67500 | D81: 0 | E81: 0 | F81: 0
... A86: PAYMENT ON DEBT PRINCIPAL | C86: 69000 | D86: 0 | E86: 0 | F86: 0
A87: MANDATORY TRANSFERS OUT | C87: 69100 | D87: 0 | E87: 0 | F87: 0
A88: NONMANDATORY TRANSFERS OUT | C88: 69200 | D88: 0 | E88: 0 | F88: 0
A89: OTHER EXPENSES | C89: 69500 | D89: 0 | E89: 0 | F89: 0
A90: PRIOR YEAR CORRECTIONS | C90: 69600 | D90: 0 | E90: 0 | F90: 0
A91: CURRENT EXPENSE CONTINGENCY (BUDGET ONLY) | C91: 69900 | D91: 0 | E91: 0 | F91: 0
A92: TOTAL CURRENT EXPENSE | D92: 42735 | E92: 0 | F92: 42735
C95: 2026-27
A96: CAPITAL OUTLAY | C96: GENERAL LEDGER CODE | D96: UNRESTRICTED SOURCES | E96: RESTRICTED SOURCES | F96: TOTAL UNRESTRICTED AND RESTRICTED SOURCES
A97: MINOR EQUIPMENT - NON-CAPITALIZED, NON INVENTORIED | C97: 70500 | D97: 0 | E97: 0 | F97: 0
A98: MINOR EQUIPMENT - NON CAPITALIZED INVENTORIED | C98: 70600 | D98: 0 | E98: 0 | F98: 0
A99: FURNITURE AND EQUIPMENT | C99: 71000 | D99: 0 | E99: 0 | F99: 0
A100: DATA SOFTWARE | C100: 72000 | D100: 0 | E100: 0 | F100: 0
A101: BUILDINGS AND FIXED EQUIPMENT | C101: 75000 | D101: 0 | E101: 0 | F101: 0
A102: OTHER LICENSES | C102: 73001 | D102: 0 | E102: 0 | F102: 0
A103: DATA LICENSES - PERPETUAL | C103: 73002 | D103: 0 | E103: 0 | F103: 0
A104: ARTWORK/ARTIFACT | C104: 73050 | D104: 0 | E104: 0 | F104: 0
A105: LEASE PAYMENTS, CAPITALIZED | C105: 73100 | D105: 0 | E105: 0 | F105: 0
A106: REMODELING & RENOVATION, NON-CAPITALIZED REPAIRS & MAINTENANCE, & OTHER STRUCTURES & IMPROVEMENTS | C106: 76000 | D106: 0 | E106: 0 | F106: 0
A107: LAND | C107: 77000 | D107: 0 | E107: 0 | F107: 0
A108: OTHER STRUCTURES, LAND IMPROVEMENTS | C108: 79000 | D108: 0 | E108: 0 | F108: 0
A109: CAPITAL OUTLAY CONTINGENCY (BUDGET ONLY) | C109: 79900 | D109: 0 | E109: 0 | F109: 0
A110: TOTAL CAPITAL OUTLAY | D110: 0 | E110: 0 | F110: 0
A112: GRAND TOTAL EXPENDITURES | D112: 3501781 | E112: 0 | F112: 3501781
A115: SOURCES OF FUNDS | C115: GENERAL LEDGER CODE | D115: UNRESTRICTED SOURCES | E115: RESTRICTED SOURCES | F115: TOTAL UNRESTRICTED AND RESTRICTED SOURCES
A116: 1. SPECIAL STATE NONRECURRING | D116: 0 | E116: 0 | F116: 0
A117: 2. UPPER LEVEL - RESIDENT STUDENT TUITION | D117: 2827316 | E117: 0 | F117: 2827316
A118: UPPER LEVEL - NONRESIDENT STUDENT TUITION | D118: 155479 | E118: 0 | F118: 155479
A119: UPPER LEVEL - OTHER STUDENT FEES | D119: 0 | E119: 0 | F119: 0
A120: 3. CONTRIBUTIONS OR MATCHING GRANTS | D120: 0 | E120: 0 | F120: 0
...

Sheet Florida SouthWestern
A1: COLLEGE: | B1: Florida SouthWestern State College
A2: UPPER LEVEL PLANNED EXPENDITURES AND SOURCES OF FUNDS
A3: BACCALAUREATE DEGREE PROGRAM COLLEGE OPERATING BUDGET
A4: FISCAL YEAR 2026-27
A7: Enter amounts only for cells highlighted in light yellow. | C7: 2026-27
A8: PLANNED EXPENDITURES | C8: GENERAL LEDGER CODE | D8: UNRESTRICTED SOURCES | E8: RESTRICTED SOURCES | F8: TOTAL UNRESTRICTED AND RESTRICTED SOURCES
A9: PERSONNEL COSTS
A10: EXECUTIVE MANAGEMENT | C10: 51000 | D10: 0 | E10: 0 | F10: 0
A11: INSTRUCTIONAL MANAGEMENT | C11: 51100 | D11: 0 | E11: 0 | F11: 0
A12: INSTITUTIONAL MANAGEMENT | C12: 51200 | D12: 0 | E12: 0 | F12: 0
A13: EXECUTIVE, ADMINISTRATIVE, MANAGERIAL SABBATICAL | C13: 51400 | D13: 0 | E13: 0 | F13: 0
A14: EXECUTIVE, ADMINISTRATIVE, MANAGERIAL REGULAR PART-TIME | C14: 51500 | D14: 0 | E14: 0 | F14: 0
A15: INSTRUCTIONAL | C15: 52000 | D15: 1065474 | E15: 0 | F15: 1065474
A16: INSTRUCTIONAL - OVERLOAD/SUPPLEMENTAL | C16: 52100 | D16: 224529 | E16: 0 | F16: 224529
A17: INSTRUCTIONAL - SUBSTITUTION | C17: 52200 | D17: 0 | E17: 0 | F17: 0
A18: INSTRUCTIONAL - PARA-PROFESSIONAL/ASSOCIATE/ASSISTANT | C18: 52300 | D18: 0 | E18: 0 | F18: 0
A19: INSTRUCTIONAL - SABBATICAL | C19: 52400 | D19: 0 | E19: 0 | F19: 0
A20: INSTRUCTIONAL (PHASED RETIREMENT ) | C20: 52500 | D20: 0 | E20: 0 | F20: 0
A21: INSTRUCTIONAL (PHASED RETIREMENT ) - INSTRUCTOR/PROFESSOR | C21: 52501 | D21: 0 | E21: 0 | F21: 0
A22: INSTRUCTIONAL (PHASED RETIREMENT) - LIBRARIAN | C22: 52502 | D22: 0 | E22: 0 | F22: 0
A23: INSTRUCTIONAL (PHASED RETIREMENT) - COUNSELOR | C23: 52503 | D23: 0 | E23: 0 | F23: 0
A24: INSTRUCTIONAL (PHASED RETIREMENT) - REGULAR PART-TIME (FRS PARTICIPANT) | C24: 52504 | D24: 0 | E24: 0 | F24: 0
A25: OTHER PROFESSIONAL | C25: 53000 | D25: 0 | E25: 0 | F25: 0
A26: OTHER PROFESSIONAL - OVERLOAD/SUPPLEMENTAL | C26: 53100 | D26: 0 | E26: 0 | F26: 0
A27: OTHER PROFESSIONAL - SUBSTITUTION | C27: 53200 | D27: 0 | E27: 0 | F27: 0
A28: OTHER PROFESSIONAL - PARA-PROFESSIONAL/ASSOCIATE/ASSISTANT | C28: 53300 | D28: 0 | E28: 0 | F28: 0
A29: OTHER PROFESSIONAL - REGULAR PART-TIME | C29: 53500 | D29: 0 | E29: 0 | F29: 0
A30: TECHNICAL, CLERICAL, TRADE AND SERVICE | C30: 54000 | D30: 0 | E30: 0 | F30: 0
A31: TECHNICAL, CLERICAL, TRADE AND SERVICE - OVERTIME | C31: 54100 | D31: 0 | E31: 0 | F31: 0
A32: TECHNICAL, CLERICAL, TRADE AND SERVICE - REGULAR (PART-TIME) | C32: 54500 | D32: 0 | E32: 0 | F32: 0
... A34: OPS - INSTRUCTIONAL | C34: 56000 | D34: 0 | E34: 0 | F34: 0
A35: OPS - INSTRUCTIONAL/ADJUNCT INSTRUCTOR | C35: 56001 | D35: 32527 | E35: 0 | F35: 32527
A36: OPS - LIBRARIAN | C36: 56002 | D36: 0 | E36: 0 | F36: 0
A37: OPS - COUNSELOR | C37: 56003 | D37: 0 | E37: 0 | F37: 0
A38: OPS - PARA-PROFESSIONAL | C38: 56006 | D38: 0 | E38: 0 | F38: 0
A39: OPS - INSTRUCTIONAL SUBSTITUTES | C39: 56100 | D39: 0 | E39: 0 | F39: 0
A40: OPS - OTHER PROFESSIONAL PART-TIME | C40: 56500 | D40: 0 | E40: 0 | F40: 0
A41: OPS - TECHNICAL, CLERICAL, TRADE AND SERVICE | C41: 57000 | D41: 0 | E41: 0 | F41: 0
A42: STUDENT EMPLOYMENT - INSTITUTIONAL WORK STUDY | C42: 58000 | D42: 0 | E42: 0 | F42: 0
A43: STUDENT EMPLOYMENT - COLLEGE WORK STUDY PROGRAM | C43: 58100 | D43: 0 | E43: 0 | F43: 0
A44: STUDENT EMPLOYMENT - COLLEGE WORK EXPERIENCE PROG. | C44: 58200 | D44: 0 | E44: 0 | F44: 0
A45: STUDENT EMPLOYMENT - STUDENT ASSISTANTS | C45: 58300 | D45: 0 | E45: 0 | F45: 0
A46: EMPLOYEE AWARDS | C46: 58500 | D46: 0 | E46: 0 | F46: 0
A47: SOCIAL SECURITY CONTRIBUTIONS | C47: 59100 | D47: 99001 | E47: 0 | F47: 99001
A48: RETIREMENT CONTRIBUTIONS | C48: 59200 | D48: 186751 | E48: 0 | F48: 186751
A49: ACCRUED LEAVE EXPENSE (COMPENSATED ABSENCES) | C49: 59300 | D49: 0 | E49: 0 | F49: 0
... A55: PERSONNEL EXPENSE CONTINGENCY (BUDGET ONLY) | C55: 59900 | D55: 0 | E55: 0 | F55: 0
A56: TOTAL PERSONNEL COSTS | D56: 1789316 | E56: 0 | F56: 1789316
C60: 2026-27
A61: PLANNED EXPENDITURES | C61: GENERAL LEDGER CODE | D61: UNRESTRICTED SOURCES | E61: RESTRICTED SOURCES | F61: TOTAL UNRESTRICTED AND RESTRICTED SOURCES
A62: CURRENT EXPENSE
A63: TRAVEL | C63: 60500 | D63: 9506 | E63: 0 | F63: 9506
A64: FREIGHT AND POSTAGE | C64: 61000 | D64: 0 | E64: 0 | F64: 0
A65: TELECOMMUNICATIONS | C65: 61500 | D65: 0 | E65: 0 | F65: 0
A66: PRINTING | C66: 62000 | D66: 376 | E66: 0 | F66: 376
A67: REPAIRS & MAINTENANCE | C67: 62500 | D67: 0 | E67: 0 | F67: 0
A68: RENTALS | C68: 63000 | D68: 344 | E68: 0 | F68: 344
A69: LEASE PAYMENTS (LONG-TERM/ASSET<$5,000) | C69: 63100 | D69: 0 | E69: 0 | F69: 0
A70: INSURANCE | C70: 63500 | D70: 0 | E70: 0 | F70: 0
A71: UTILITIES | C71: 64000 | D71: 0 | E71: 0 | F71: 0
A72: OTHER SERVICES | C72: 64500 | D72: 163123 | E72: 0 | F72: 163123
A73: WORKFORCE/WAGES/GRANT PARTICIPANT SUPPORT COSTS | C73: 64600 | D73: 0 | E73: 0 | F73: 0
A74: SERVICE PROVIDER CONTRACTS - WORKFORCE/WAGES | C74: 64700 | D74: 0 | E74: 0 | F74: 0
A75: PROFESSIONAL FEES | C75: 65000 | D75: 0 | E75: 0 | F75: 0
A76: EDUCATIONAL, OFFICE/DEPARTMENT MATERIALS AND SUPPLIES | C76: 65500 | D76: 45723 | E76: 0 | F76: 45723
A77: DATA SOFTWARE - NON-CAPITALIZED | C77: 65700 | D77: 26825 | E77: 0 | F77: 26825
A78: MAINTENANCE AND CONSTRUCTION MATERIALS AND SUPPLIES | C78: 66000 | D78: 0 | E78: 0 | F78: 0
A79: OTHER MATERIALS AND SUPPLIES | C79: 66500 | D79: 0 | E79: 0 | F79: 0
A80: LIBRARY RESOURCES | C80: 67000 | D80: 0 | E80: 0 | F80: 0
A81: NON-COMMODITY FOOD FOR RESALE | C81: 67500 | D81: 0 | E81: 0 | F81: 0
... A86: PAYMENT ON DEBT PRINCIPAL | C86: 69000 | D86: 0 | E86: 0 | F86: 0
A87: MANDATORY TRANSFERS OUT | C87: 69100 | D87: 0 | E87: 0 | F87: 0
A88: NONMANDATORY TRANSFERS OUT | C88: 69200 | D88: 0 | E88: 0 | F88: 0
A89: OTHER EXPENSES | C89: 69500 | D89: 0 | E89: 0 | F89: 0
A90: PRIOR YEAR CORRECTIONS | C90: 69600 | D90: 0 | E90: 0 | F90: 0
A91: CURRENT EXPENSE CONTINGENCY (BUDGET ONLY) | C91: 69900 | D91: 0 | E91: 0 | F91: 0
A92: TOTAL CURRENT EXPENSE | D92: 245897 | E92: 0 | F92: 245897
C95: 2026-27
A96: CAPITAL OUTLAY | C96: GENERAL LEDGER CODE | D96: UNRESTRICTED SOURCES | E96: RESTRICTED SOURCES | F96: TOTAL UNRESTRICTED AND RESTRICTED SOURCES
A97: MINOR EQUIPMENT - NON-CAPITALIZED, NON INVENTORIED | C97: 70500 | D97: 0 | E97: 0 | F97: 0
A98: MINOR EQUIPMENT - NON CAPITALIZED INVENTORIED | C98: 70600 | D98: 0 | E98: 0 | F98: 0
A99: FURNITURE AND EQUIPMENT | C99: 71000 | D99: 0 | E99: 0 | F99: 0
A100: DATA SOFTWARE | C100: 72000 | D100: 0 | E100: 0 | F100: 0
A101: BUILDINGS AND FIXED EQUIPMENT | C101: 75000 | D101: 0 | E101: 0 | F101: 0
A102: OTHER LICENSES | C102: 73001 | D102: 0 | E102: 0 | F102: 0
A103: DATA LICENSES - PERPETUAL | C103: 73002 | D103: 0 | E103: 0 | F103: 0
A104: ARTWORK/ARTIFACT | C104: 73050 | D104: 0 | E104: 0 | F104: 0
A105: LEASE PAYMENTS, CAPITALIZED | C105: 73100 | D105: 0 | E105: 0 | F105: 0
A106: REMODELING & RENOVATION, NON-CAPITALIZED REPAIRS & MAINTENANCE, & OTHER STRUCTURES & IMPROVEMENTS | C106: 76000 | D106: 0 | E106: 0 | F106: 0
A107: LAND | C107: 77000 | D107: 0 | E107: 0 | F107: 0
A108: OTHER STRUCTURES, LAND IMPROVEMENTS | C108: 79000 | D108: 0 | E108: 0 | F108: 0
A109: CAPITAL OUTLAY CONTINGENCY (BUDGET ONLY) | C109: 79900 | D109: 0 | E109: 0 | F109: 0
A110: TOTAL CAPITAL OUTLAY | D110: 0 | E110: 0 | F110: 0
A112: GRAND TOTAL EXPENDITURES | D112: 2035213 | E112: 0 | F112: 2035213
A115: SOURCES OF FUNDS | C115: GENERAL LEDGER CODE | D115: UNRESTRICTED SOURCES | E115: RESTRICTED SOURCES | F115: TOTAL UNRESTRICTED AND RESTRICTED SOURCES
A116: 1. SPECIAL STATE NONRECURRING | D116: 0 | E116: 0 | F116: 0
A117: 2. UPPER LEVEL - RESIDENT STUDENT TUITION | D117: 1667365 | E117: 0 | F117: 1667365
A118: UPPER LEVEL - NONRESIDENT STUDENT TUITION | D118: 206098 | E118: 0 | F118: 206098
A119: UPPER LEVEL - OTHER STUDENT FEES | D119: 161750 | E119: 0 | F119: 161750
A120: 3. CONTRIBUTIONS OR MATCHING GRANTS | D120: 0 | E120: 0 | F120: 0
...

Sheet Florida State College
A1: COLLEGE: | B1: Florida State College at Jacksonville
A2: UPPER LEVEL PLANNED EXPENDITURES AND SOURCES OF FUNDS
A3: BACCALAUREATE DEGREE PROGRAM COLLEGE OPERATING BUDGET
A4: FISCAL YEAR 2026-27
A7: Enter amounts only for cells highlighted in light yellow. | C7: 2026-27
A8: PLANNED EXPENDITURES | C8: GENERAL LEDGER CODE | D8: UNRESTRICTED SOURCES | E8: RESTRICTED SOURCES | F8: TOTAL UNRESTRICTED AND RESTRICTED SOURCES
A9: PERSONNEL COSTS
A10: EXECUTIVE MANAGEMENT | C10: 51000 | D10: 124536 | E10: 0 | F10: 124536
A11: INSTRUCTIONAL MANAGEMENT | C11: 51100 | D11: 192657 | E11: 0 | F11: 192657
A12: INSTITUTIONAL MANAGEMENT | C12: 51200 | D12: 0 | E12: 0 | F12: 0
A13: EXECUTIVE, ADMINISTRATIVE, MANAGERIAL SABBATICAL | C13: 51400 | D13: 0 | E13: 0 | F13: 0
A14: EXECUTIVE, ADMINISTRATIVE, MANAGERIAL REGULAR PART-TIME | C14: 51500 | D14: 0 | E14: 0 | F14: 0
A15: INSTRUCTIONAL | C15: 52000 | D15: 1602192 | E15: 0 | F15: 1602192
A16: INSTRUCTIONAL - OVERLOAD/SUPPLEMENTAL | C16: 52100 | D16: 624192 | E16: 0 | F16: 624192
A17: INSTRUCTIONAL - SUBSTITUTION | C17: 52200 | D17: 0 | E17: 0 | F17: 0
A18: INSTRUCTIONAL - PARA-PROFESSIONAL/ASSOCIATE/ASSISTANT | C18: 52300 | D18: 0 | E18: 0 | F18: 0
A19: INSTRUCTIONAL - SABBATICAL | C19: 52400 | D19: 0 | E19: 0 | F19: 0
A20: INSTRUCTIONAL (PHASED RETIREMENT ) | C20: 52500 | D20: 0 | E20: 0 | F20: 0
A21: INSTRUCTIONAL (PHASED RETIREMENT ) - INSTRUCTOR/PROFESSOR | C21: 52501 | D21: 0 | E21: 0 | F21: 0
A22: INSTRUCTIONAL (PHASED RETIREMENT) - LIBRARIAN | C22: 52502 | D22: 0 | E22: 0 | F22: 0
A23: INSTRUCTIONAL (PHASED RETIREMENT) - COUNSELOR | C23: 52503 | D23: 0 | E23: 0 | F23: 0
A24: INSTRUCTIONAL (PHASED RETIREMENT) - REGULAR PART-TIME (FRS PARTICIPANT) | C24: 52504 | D24: 0 | E24: 0 | F24: 0
A25: OTHER PROFESSIONAL | C25: 53000 | D25: 94617 | E25: 0 | F25: 94617
A26: OTHER PROFESSIONAL - OVERLOAD/SUPPLEMENTAL | C26: 53100 | D26: 0 | E26: 0 | F26: 0
A27: OTHER PROFESSIONAL - SUBSTITUTION | C27: 53200 | D27: 0 | E27: 0 | F27: 0
A28: OTHER PROFESSIONAL - PARA-PROFESSIONAL/ASSOCIATE/ASSISTANT | C28: 53300 | D28: 0 | E28: 0 | F28: 0
A29: OTHER PROFESSIONAL - REGULAR PART-TIME | C29: 53500 | D29: 0 | E29: 0 | F29: 0
A30: TECHNICAL, CLERICAL, TRADE AND SERVICE | C30: 54000 | D30: 48437 | E30: 0 | F30: 48437
A31: TECHNICAL, CLERICAL, TRADE AND SERVICE - OVERTIME | C31: 54100 | D31: 0 | E31: 0 | F31: 0
A32: TECHNICAL, CLERICAL, TRADE AND SERVICE - REGULAR (PART-TIME) | C32: 54500 | D32: 0 | E32: 0 | F32: 0
... A34: OPS - INSTRUCTIONAL | C34: 56000 | D34: 0 | E34: 0 | F34: 0
A35: OPS - INSTRUCTIONAL/ADJUNCT INSTRUCTOR | C35: 56001 | D35: 795763 | E35: 0 | F35: 795763
A36: OPS - LIBRARIAN | C36: 56002 | D36: 0 | E36: 0 | F36: 0
A37: OPS - COUNSELOR | C37: 56003 | D37: 0 | E37: 0 | F37: 0
A38: OPS - PARA-PROFESSIONAL | C38: 56006 | D38: 0 | E38: 0 | F38: 0
A39: OPS - INSTRUCTIONAL SUBSTITUTES | C39: 56100 | D39: 0 | E39: 0 | F39: 0
A40: OPS - OTHER PROFESSIONAL PART-TIME | C40: 56500 | D40: 0 | E40: 0 | F40: 0
A41: OPS - TECHNICAL, CLERICAL, TRADE AND SERVICE | C41: 57000 | D41: 0 | E41: 0 | F41: 0
A42: STUDENT EMPLOYMENT - INSTITUTIONAL WORK STUDY | C42: 58000 | D42: 0 | E42: 0 | F42: 0
A43: STUDENT EMPLOYMENT - COLLEGE WORK STUDY PROGRAM | C43: 58100 | D43: 0 | E43: 0 | F43: 0
A44: STUDENT EMPLOYMENT - COLLEGE WORK EXPERIENCE PROG. | C44: 58200 | D44: 0 | E44: 0 | F44: 0
A45: STUDENT EMPLOYMENT - STUDENT ASSISTANTS | C45: 58300 | D45: 0 | E45: 0 | F45: 0
A46: EMPLOYEE AWARDS | C46: 58500 | D46: 0 | E46: 0 | F46: 0
A47: SOCIAL SECURITY CONTRIBUTIONS | C47: 59100 | D47: 220118 | E47: 0 | F47: 220118
A48: RETIREMENT CONTRIBUTIONS | C48: 59200 | D48: 248244 | E48: 0 | F48: 248244
A49: ACCRUED LEAVE EXPENSE (COMPENSATED ABSENCES) | C49: 59300 | D49: 0 | E49: 0 | F49: 0
... A55: PERSONNEL EXPENSE CONTINGENCY (BUDGET ONLY) | C55: 59900 | D55: 0 | E55: 0 | F55: 0
A56: TOTAL PERSONNEL COSTS | D56: 4620019 | E56: 0 | F56: 4620019
C60: 2026-27
A61: PLANNED EXPENDITURES | C61: GENERAL LEDGER CODE | D61: UNRESTRICTED SOURCES | E61: RESTRICTED SOURCES | F61: TOTAL UNRESTRICTED AND RESTRICTED SOURCES
A62: CURRENT EXPENSE
A63: TRAVEL | C63: 60500 | D63: 5274 | E63: 0 | F63: 5274
A64: FREIGHT AND POSTAGE | C64: 61000 | D64: 620 | E64: 0 | F64: 620
A65: TELECOMMUNICATIONS | C65: 61500 | D65: 0 | E65: 0 | F65: 0
A66: PRINTING | C66: 62000 | D66: 1648 | E66: 0 | F66: 1648
A67: REPAIRS & MAINTENANCE | C67: 62500 | D67: 2837 | E67: 0 | F67: 2837
A68: RENTALS | C68: 63000 | D68: 0 | E68: 0 | F68: 0
A69: LEASE PAYMENTS (LONG-TERM/ASSET<$5,000) | C69: 63100 | D69: 0 | E69: 0 | F69: 0
A70: INSURANCE | C70: 63500 | D70: 0 | E70: 0 | F70: 0
A71: UTILITIES | C71: 64000 | D71: 12000 | E71: 0 | F71: 12000
A72: OTHER SERVICES | C72: 64500 | D72: 10287 | E72: 0 | F72: 10287
A73: WORKFORCE/WAGES/GRANT PARTICIPANT SUPPORT COSTS | C73: 64600 | D73: 800 | E73: 0 | F73: 800
A74: SERVICE PROVIDER CONTRACTS - WORKFORCE/WAGES | C74: 64700 | D74: 13419 | E74: 0 | F74: 13419
A75: PROFESSIONAL FEES | C75: 65000 | D75: 0 | E75: 0 | F75: 0
A76: EDUCATIONAL, OFFICE/DEPARTMENT MATERIALS AND SUPPLIES | C76: 65500 | D76: 0 | E76: 0 | F76: 0
A77: DATA SOFTWARE - NON-CAPITALIZED | C77: 65700 | D77: 0 | E77: 0 | F77: 0
A78: MAINTENANCE AND CONSTRUCTION MATERIALS AND SUPPLIES | C78: 66000 | D78: 0 | E78: 0 | F78: 0
A79: OTHER MATERIALS AND SUPPLIES | C79: 66500 | D79: 8942 | E79: 0 | F79: 8942
A80: LIBRARY RESOURCES | C80: 67000 | D80: 0 | E80: 0 | F80: 0
A81: NON-COMMODITY FOOD FOR RESALE | C81: 67500 | D81: 0 | E81: 0 | F81: 0
... A86: PAYMENT ON DEBT PRINCIPAL | C86: 69000 | D86: 0 | E86: 0 | F86: 0
A87: MANDATORY TRANSFERS OUT | C87: 69100 | D87: 0 | E87: 0 | F87: 0
A88: NONMANDATORY TRANSFERS OUT | C88: 69200 | D88: 0 | E88: 0 | F88: 0
A89: OTHER EXPENSES | C89: 69500 | D89: 0 | E89: 0 | F89: 0
A90: PRIOR YEAR CORRECTIONS | C90: 69600 | D90: 0 | E90: 0 | F90: 0
A91: CURRENT EXPENSE CONTINGENCY (BUDGET ONLY) | C91: 69900 | D91: 0 | E91: 0 | F91: 0
A92: TOTAL CURRENT EXPENSE | D92: 139058 | E92: 0 | F92: 139058
C95: 2026-27
A96: CAPITAL OUTLAY | C96: GENERAL LEDGER CODE | D96: UNRESTRICTED SOURCES | E96: RESTRICTED SOURCES | F96: TOTAL UNRESTRICTED AND RESTRICTED SOURCES
A97: MINOR EQUIPMENT - NON-CAPITALIZED, NON INVENTORIED | C97: 70500 | D97: 5983 | E97: 0 | F97: 5983
A98: MINOR EQUIPMENT - NON CAPITALIZED INVENTORIED | C98: 70600 | D98: 2050 | E98: 0 | F98: 2050
A99: FURNITURE AND EQUIPMENT | C99: 71000 | D99: 0 | E99: 0 | F99: 0
A100: DATA SOFTWARE | C100: 72000 | D100: 120000 | E100: 0 | F100: 120000
A101: BUILDINGS AND FIXED EQUIPMENT | C101: 75000 | D101: 0 | E101: 0 | F101: 0
A102: OTHER LICENSES | C102: 73001 | D102: 0 | E102: 0 | F102: 0
A103: DATA LICENSES - PERPETUAL | C103: 73002 | D103: 0 | E103: 0 | F103: 0
A104: ARTWORK/ARTIFACT | C104: 73050 | D104: 0 | E104: 0 | F104: 0
A105: LEASE PAYMENTS, CAPITALIZED | C105: 73100 | D105: 0 | E105: 0 | F105: 0
A106: REMODELING & RENOVATION, NON-CAPITALIZED REPAIRS & MAINTENANCE, & OTHER STRUCTURES & IMPROVEMENTS | C106: 76000 | D106: 0 | E106: 0 | F106: 0
A107: LAND | C107: 77000 | D107: 0 | E107: 0 | F107: 0
A108: OTHER STRUCTURES, LAND IMPROVEMENTS | C108: 79000 | D108: 0 | E108: 0 | F108: 0
A109: CAPITAL OUTLAY CONTINGENCY (BUDGET ONLY) | C109: 79900 | D109: 0 | E109: 0 | F109: 0
A110: TOTAL CAPITAL OUTLAY | D110: 128033 | E110: 0 | F110: 128033
A112: GRAND TOTAL EXPENDITURES | D112: 4887110 | E112: 0 | F112: 4887110
A115: SOURCES OF FUNDS | C115: GENERAL LEDGER CODE | D115: UNRESTRICTED SOURCES | E115: RESTRICTED SOURCES | F115: TOTAL UNRESTRICTED AND RESTRICTED SOURCES
A116: 1. SPECIAL STATE NONRECURRING | D116: 0 | E116: 0 | F116: 0
A117: 2. UPPER LEVEL - RESIDENT STUDENT TUITION | D117: 4668348 | E117: 0 | F117: 4668348
A118: UPPER LEVEL - NONRESIDENT STUDENT TUITION | D118: 218762 | E118: 0 | F118: 218762
A119: UPPER LEVEL - OTHER STUDENT FEES | D119: 0 | E119: 0 | F119: 0
A120: 3. CONTRIBUTIONS OR MATCHING GRANTS | D120: 0 | E120: 0 | F120: 0
...

Sheet Florida Keys
A1: COLLEGE: | B1: College of the Florida Keys
A2: UPPER LEVEL PLANNED EXPENDITURES AND SOURCES OF FUNDS
A3: BACCALAUREATE DEGREE PROGRAM COLLEGE OPERATING BUDGET
A4: FISCAL YEAR 2026-27
A7: Enter amounts only for cells highlighted in light yellow. | C7: 2026-27
A8: PLANNED EXPENDITURES | C8: GENERAL LEDGER CODE | D8: UNRESTRICTED SOURCES | E8: RESTRICTED SOURCES | F8: TOTAL UNRESTRICTED AND RESTRICTED SOURCES
A9: PERSONNEL COSTS
A10: EXECUTIVE MANAGEMENT | C10: 51000 | D10: 0 | E10: 0 | F10: 0
A11: INSTRUCTIONAL MANAGEMENT | C11: 51100 | D11: 0 | E11: 0 | F11: 0
A12: INSTITUTIONAL MANAGEMENT | C12: 51200 | D12: 0 | E12: 0 | F12: 0
A13: EXECUTIVE, ADMINISTRATIVE, MANAGERIAL SABBATICAL | C13: 51400 | D13: 0 | E13: 0 | F13: 0
A14: EXECUTIVE, ADMINISTRATIVE, MANAGERIAL REGULAR PART-TIME | C14: 51500 | D14: 0 | E14: 0 | F14: 0
A15: INSTRUCTIONAL | C15: 52000 | D15: 237058.46 | E15: 0 | F15: 237058.46
A16: INSTRUCTIONAL - OVERLOAD/SUPPLEMENTAL | C16: 52100 | D16: 23923.32 | E16: 0 | F16: 23923.32
A17: INSTRUCTIONAL - SUBSTITUTION | C17: 52200 | D17: 0 | E17: 0 | F17: 0
A18: INSTRUCTIONAL - PARA-PROFESSIONAL/ASSOCIATE/ASSISTANT | C18: 52300 | D18: 0 | E18: 0 | F18: 0
A19: INSTRUCTIONAL - SABBATICAL | C19: 52400 | D19: 0 | E19: 0 | F19: 0
A20: INSTRUCTIONAL (PHASED RETIREMENT ) | C20: 52500 | D20: 0 | E20: 0 | F20: 0
A21: INSTRUCTIONAL (PHASED RETIREMENT ) - INSTRUCTOR/PROFESSOR | C21: 52501 | D21: 0 | E21: 0 | F21: 0
A22: INSTRUCTIONAL (PHASED RETIREMENT) - LIBRARIAN | C22: 52502 | D22: 0 | E22: 0 | F22: 0
A23: INSTRUCTIONAL (PHASED RETIREMENT) - COUNSELOR | C23: 52503 | D23: 0 | E23: 0 | F23: 0
A24: INSTRUCTIONAL (PHASED RETIREMENT) - REGULAR PART-TIME (FRS PARTICIPANT) | C24: 52504 | D24: 0 | E24: 0 | F24: 0
A25: OTHER PROFESSIONAL | C25: 53000 | D25: 0 | E25: 0 | F25: 0
A26: OTHER PROFESSIONAL - OVERLOAD/SUPPLEMENTAL | C26: 53100 | D26: 0 | E26: 0 | F26: 0
A27: OTHER PROFESSIONAL - SUBSTITUTION | C27: 53200 | D27: 0 | E27: 0 | F27: 0
A28: OTHER PROFESSIONAL - PARA-PROFESSIONAL/ASSOCIATE/ASSISTANT | C28: 53300 | D28: 0 | E28: 0 | F28: 0
A29: OTHER PROFESSIONAL - REGULAR PART-TIME | C29: 53500 | D29: 0 | E29: 0 | F29: 0
A30: TECHNICAL, CLERICAL, TRADE AND SERVICE | C30: 54000 | D30: 0 | E30: 0 | F30: 0
A31: TECHNICAL, CLERICAL, TRADE AND SERVICE - OVERTIME | C31: 54100 | D31: 0 | E31: 0 | F31: 0
A32: TECHNICAL, CLERICAL, TRADE AND SERVICE - REGULAR (PART-TIME) | C32: 54500 | D32: 0 | E32: 0 | F32: 0
... A34: OPS - INSTRUCTIONAL | C34: 56000 | D34: 18015.06 | E34: 0 | F34: 18015.06
A35: OPS - INSTRUCTIONAL/ADJUNCT INSTRUCTOR | C35: 56001 | D35: 0 | E35: 0 | F35: 0
A36: OPS - LIBRARIAN | C36: 56002 | D36: 0 | E36: 0 | F36: 0
A37: OPS - COUNSELOR | C37: 56003 | D37: 0 | E37: 0 | F37: 0
A38: OPS - PARA-PROFESSIONAL | C38: 56006 | D38: 0 | E38: 0 | F38: 0
A39: OPS - INSTRUCTIONAL SUBSTITUTES | C39: 56100 | D39: 0 | E39: 0 | F39: 0
A40: OPS - OTHER PROFESSIONAL PART-TIME | C40: 56500 | D40: 0 | E40: 0 | F40: 0
A41: OPS - TECHNICAL, CLERICAL, TRADE AND SERVICE | C41: 57000 | D41: 948 | E41: 0 | F41: 948
A42: STUDENT EMPLOYMENT - INSTITUTIONAL WORK STUDY | C42: 58000 | D42: 0 | E42: 0 | F42: 0
A43: STUDENT EMPLOYMENT - COLLEGE WORK STUDY PROGRAM | C43: 58100 | D43: 0 | E43: 0 | F43: 0
A44: STUDENT EMPLOYMENT - COLLEGE WORK EXPERIENCE PROG. | C44: 58200 | D44: 0 | E44: 0 | F44: 0
A45: STUDENT EMPLOYMENT - STUDENT ASSISTANTS | C45: 58300 | D45: 0 | E45: 0 | F45: 0
A46: EMPLOYEE AWARDS | C46: 58500 | D46: 0 | E46: 0 | F46: 0
A47: SOCIAL SECURITY CONTRIBUTIONS | C47: 59100 | D47: 21386.046 | E47: 0 | F47: 21386.046
A48: RETIREMENT CONTRIBUTIONS | C48: 59200 | D48: 43401.27 | E48: 0 | F48: 43401.27
A49: ACCRUED LEAVE EXPENSE (COMPENSATED ABSENCES) | C49: 59300 | D49: 0 | E49: 0 | F49: 0
... A55: PERSONNEL EXPENSE CONTINGENCY (BUDGET ONLY) | C55: 59900 | D55: 0 | E55: 0 | F55: 0
A56: TOTAL PERSONNEL COSTS | D56: 407308.31 | E56: 0 | F56: 407308.31
C60: 2026-27
A61: PLANNED EXPENDITURES | C61: GENERAL LEDGER CODE | D61: UNRESTRICTED SOURCES | E61: RESTRICTED SOURCES | F61: TOTAL UNRESTRICTED AND RESTRICTED SOURCES
A62: CURRENT EXPENSE
A63: TRAVEL | C63: 60500 | D63: 147 | E63: 0 | F63: 147
A64: FREIGHT AND POSTAGE | C64: 61000 | D64: 422 | E64: 0 | F64: 422
A65: TELECOMMUNICATIONS | C65: 61500 | D65: 0 | E65: 0 | F65: 0
A66: PRINTING | C66: 62000 | D66: 0 | E66: 0 | F66: 0
A67: REPAIRS & MAINTENANCE | C67: 62500 | D67: 216 | E67: 0 | F67: 216
A68: RENTALS | C68: 63000 | D68: 5225 | E68: 0 | F68: 5225
A69: LEASE PAYMENTS (LONG-TERM/ASSET<$5,000) | C69: 63100 | D69: 0 | E69: 0 | F69: 0
A70: INSURANCE | C70: 63500 | D70: 120 | E70: 0 | F70: 120
A71: UTILITIES | C71: 64000 | D71: 90 | E71: 0 | F71: 90
A72: OTHER SERVICES | C72: 64500 | D72: 3650 | E72: 0 | F72: 3650
A73: WORKFORCE/WAGES/GRANT PARTICIPANT SUPPORT COSTS | C73: 64600 | D73: 0 | E73: 0 | F73: 0
A74: SERVICE PROVIDER CONTRACTS - WORKFORCE/WAGES | C74: 64700 | D74: 0 | E74: 0 | F74: 0
A75: PROFESSIONAL FEES | C75: 65000 | D75: 1720 | E75: 0 | F75: 1720
A76: EDUCATIONAL, OFFICE/DEPARTMENT MATERIALS AND SUPPLIES | C76: 65500 | D76: 2249 | E76: 0 | F76: 2249
A77: DATA SOFTWARE - NON-CAPITALIZED | C77: 65700 | D77: 0 | E77: 0 | F77: 0
A78: MAINTENANCE AND CONSTRUCTION MATERIALS AND SUPPLIES | C78: 66000 | D78: 216 | E78: 0 | F78: 216
A79: OTHER MATERIALS AND SUPPLIES | C79: 66500 | D79: 150 | E79: 0 | F79: 150
A80: LIBRARY RESOURCES | C80: 67000 | D80: 0 | E80: 0 | F80: 0
A81: NON-COMMODITY FOOD FOR RESALE | C81: 67500 | D81: 0 | E81: 0 | F81: 0
... A86: PAYMENT ON DEBT PRINCIPAL | C86: 69000 | D86: 0 | E86: 0 | F86: 0
A87: MANDATORY TRANSFERS OUT | C87: 69100 | D87: 0 | E87: 0 | F87: 0
A88: NONMANDATORY TRANSFERS OUT | C88: 69200 | D88: 0 | E88: 0 | F88: 0
A89: OTHER EXPENSES | C89: 69500 | D89: 0 | E89: 0 | F89: 0
A90: PRIOR YEAR CORRECTIONS | C90: 69600 | D90: 0 | E90: 0 | F90: 0
A91: CURRENT EXPENSE CONTINGENCY (BUDGET ONLY) | C91: 69900 | D91: 0 | E91: 0 | F91: 0
A92: TOTAL CURRENT EXPENSE | D92: 14205 | E92: 0 | F92: 14205
C95: 2026-27
A96: CAPITAL OUTLAY | C96: GENERAL LEDGER CODE | D96: UNRESTRICTED SOURCES | E96: RESTRICTED SOURCES | F96: TOTAL UNRESTRICTED AND RESTRICTED SOURCES
A97: MINOR EQUIPMENT - NON-CAPITALIZED, NON INVENTORIED | C97: 70500 | D97: 0 | E97: 0 | F97: 0
A98: MINOR EQUIPMENT - NON CAPITALIZED INVENTORIED | C98: 70600 | D98: 0 | E98: 0 | F98: 0
A99: FURNITURE AND EQUIPMENT | C99: 71000 | D99: 0 | E99: 0 | F99: 0
A100: DATA SOFTWARE | C100: 72000 | D100: 0 | E100: 0 | F100: 0
A101: BUILDINGS AND FIXED EQUIPMENT | C101: 75000 | D101: 0 | E101: 0 | F101: 0
A102: OTHER LICENSES | C102: 73001 | D102: 0 | E102: 0 | F102: 0
A103: DATA LICENSES - PERPETUAL | C103: 73002 | D103: 0 | E103: 0 | F103: 0
A104: ARTWORK/ARTIFACT | C104: 73050 | D104: 0 | E104: 0 | F104: 0
A105: LEASE PAYMENTS, CAPITALIZED | C105: 73100 | D105: 0 | E105: 0 | F105: 0
A106: REMODELING & RENOVATION, NON-CAPITALIZED REPAIRS & MAINTENANCE, & OTHER STRUCTURES & IMPROVEMENTS | C106: 76000 | D106: 0 | E106: 0 | F106: 0
A107: LAND | C107: 77000 | D107: 0 | E107: 0 | F107: 0
A108: OTHER STRUCTURES, LAND IMPROVEMENTS | C108: 79000 | D108: 0 | E108: 0 | F108: 0
A109: CAPITAL OUTLAY CONTINGENCY (BUDGET ONLY) | C109: 79900 | D109: 0 | E109: 0 | F109: 0
A110: TOTAL CAPITAL OUTLAY | D110: 0 | E110: 0 | F110: 0
A112: GRAND TOTAL EXPENDITURES | D112: 421513.31 | E112: 0 | F112: 421513.31
A115: SOURCES OF FUNDS | C115: GENERAL LEDGER CODE | D115: UNRESTRICTED SOURCES | E115: RESTRICTED SOURCES | F115: TOTAL UNRESTRICTED AND RESTRICTED SOURCES
A116: 1. SPECIAL STATE NONRECURRING | D116: 0 | E116: 0 | F116: 0
A117: 2. UPPER LEVEL - RESIDENT STUDENT TUITION | D117: 190005 | E117: 0 | F117: 190005
A118: UPPER LEVEL - NONRESIDENT STUDENT TUITION | D118: 21420 | E118: 0 | F118: 21420
A119: UPPER LEVEL - OTHER STUDENT FEES | D119: 16264 | E119: 0 | F119: 16264
A120: 3. CONTRIBUTIONS OR MATCHING GRANTS | D120: 0 | E120: 0 | F120: 0
...

Sheet Gulf Coast
A1: COLLEGE: | B1: Gulf Coast State College
A2: UPPER LEVEL PLANNED EXPENDITURES AND SOURCES OF FUNDS
A3: BACCALAUREATE DEGREE PROGRAM COLLEGE OPERATING BUDGET
A4: FISCAL YEAR 2026-27
A7: Enter amounts only for cells highlighted in light yellow. | C7: 2026-27
A8: PLANNED EXPENDITURES | C8: GENERAL LEDGER CODE | D8: UNRESTRICTED SOURCES | E8: RESTRICTED SOURCES | F8: TOTAL UNRESTRICTED AND RESTRICTED SOURCES
A9: PERSONNEL COSTS
A10: EXECUTIVE MANAGEMENT | C10: 51000 | D10: 0 | E10: 0 | F10: 0
A11: INSTRUCTIONAL MANAGEMENT | C11: 51100 | D11: 0 | E11: 0 | F11: 0
A12: INSTITUTIONAL MANAGEMENT | C12: 51200 | D12: 0 | E12: 0 | F12: 0
A13: EXECUTIVE, ADMINISTRATIVE, MANAGERIAL SABBATICAL | C13: 51400 | D13: 0 | E13: 0 | F13: 0
A14: EXECUTIVE, ADMINISTRATIVE, MANAGERIAL REGULAR PART-TIME | C14: 51500 | D14: 0 | E14: 0 | F14: 0
A15: INSTRUCTIONAL | C15: 52000 | D15: 349682 | E15: 0 | F15: 349682
A16: INSTRUCTIONAL - OVERLOAD/SUPPLEMENTAL | C16: 52100 | D16: 0 | E16: 0 | F16: 0
A17: INSTRUCTIONAL - SUBSTITUTION | C17: 52200 | D17: 0 | E17: 0 | F17: 0
A18: INSTRUCTIONAL - PARA-PROFESSIONAL/ASSOCIATE/ASSISTANT | C18: 52300 | D18: 0 | E18: 0 | F18: 0
A19: INSTRUCTIONAL - SABBATICAL | C19: 52400 | D19: 0 | E19: 0 | F19: 0
A20: INSTRUCTIONAL (PHASED RETIREMENT ) | C20: 52500 | D20: 0 | E20: 0 | F20: 0
A21: INSTRUCTIONAL (PHASED RETIREMENT ) - INSTRUCTOR/PROFESSOR | C21: 52501 | D21: 0 | E21: 0 | F21: 0
A22: INSTRUCTIONAL (PHASED RETIREMENT) - LIBRARIAN | C22: 52502 | D22: 0 | E22: 0 | F22: 0
A23: INSTRUCTIONAL (PHASED RETIREMENT) - COUNSELOR | C23: 52503 | D23: 0 | E23: 0 | F23: 0
A24: INSTRUCTIONAL (PHASED RETIREMENT) - REGULAR PART-TIME (FRS PARTICIPANT) | C24: 52504 | D24: 0 | E24: 0 | F24: 0
A25: OTHER PROFESSIONAL | C25: 53000 | D25: 0 | E25: 0 | F25: 0
A26: OTHER PROFESSIONAL - OVERLOAD/SUPPLEMENTAL | C26: 53100 | D26: 0 | E26: 0 | F26: 0
A27: OTHER PROFESSIONAL - SUBSTITUTION | C27: 53200 | D27: 0 | E27: 0 | F27: 0
A28: OTHER PROFESSIONAL - PARA-PROFESSIONAL/ASSOCIATE/ASSISTANT | C28: 53300 | D28: 0 | E28: 0 | F28: 0
A29: OTHER PROFESSIONAL - REGULAR PART-TIME | C29: 53500 | D29: 0 | E29: 0 | F29: 0
A30: TECHNICAL, CLERICAL, TRADE AND SERVICE | C30: 54000 | D30: 11793 | E30: 0 | F30: 11793
A31: TECHNICAL, CLERICAL, TRADE AND SERVICE - OVERTIME | C31: 54100 | D31: 0 | E31: 0 | F31: 0
A32: TECHNICAL, CLERICAL, TRADE AND SERVICE - REGULAR (PART-TIME) | C32: 54500 | D32: 0 | E32: 0 | F32: 0
... A34: OPS - INSTRUCTIONAL | C34: 56000 | D34: 0 | E34: 0 | F34: 0
A35: OPS - INSTRUCTIONAL/ADJUNCT INSTRUCTOR | C35: 56001 | D35: 0 | E35: 0 | F35: 0
A36: OPS - LIBRARIAN | C36: 56002 | D36: 0 | E36: 0 | F36: 0
A37: OPS - COUNSELOR | C37: 56003 | D37: 0 | E37: 0 | F37: 0
A38: OPS - PARA-PROFESSIONAL | C38: 56006 | D38: 0 | E38: 0 | F38: 0
A39: OPS - INSTRUCTIONAL SUBSTITUTES | C39: 56100 | D39: 0 | E39: 0 | F39: 0
A40: OPS - OTHER PROFESSIONAL PART-TIME | C40: 56500 | D40: 0 | E40: 0 | F40: 0
A41: OPS - TECHNICAL, CLERICAL, TRADE AND SERVICE | C41: 57000 | D41: 0 | E41: 0 | F41: 0
A42: STUDENT EMPLOYMENT - INSTITUTIONAL WORK STUDY | C42: 58000 | D42: 0 | E42: 0 | F42: 0
A43: STUDENT EMPLOYMENT - COLLEGE WORK STUDY PROGRAM | C43: 58100 | D43: 0 | E43: 0 | F43: 0
A44: STUDENT EMPLOYMENT - COLLEGE WORK EXPERIENCE PROG. | C44: 58200 | D44: 0 | E44: 0 | F44: 0
A45: STUDENT EMPLOYMENT - STUDENT ASSISTANTS | C45: 58300 | D45: 0 | E45: 0 | F45: 0
A46: EMPLOYEE AWARDS | C46: 58500 | D46: 0 | E46: 0 | F46: 0
A47: SOCIAL SECURITY CONTRIBUTIONS | C47: 59100 | D47: 27653 | E47: 0 | F47: 27653
A48: RETIREMENT CONTRIBUTIONS | C48: 59200 | D48: 43377 | E48: 0 | F48: 43377
A49: ACCRUED LEAVE EXPENSE (COMPENSATED ABSENCES) | C49: 59300 | D49: 0 | E49: 0 | F49: 0
... A55: PERSONNEL EXPENSE CONTINGENCY (BUDGET ONLY) | C55: 59900 | D55: 0 | E55: 0 | F55: 0
A56: TOTAL PERSONNEL COSTS | D56: 432505 | E56: 0 | F56: 432505
C60: 2026-27
A61: PLANNED EXPENDITURES | C61: GENERAL LEDGER CODE | D61: UNRESTRICTED SOURCES | E61: RESTRICTED SOURCES | F61: TOTAL UNRESTRICTED AND RESTRICTED SOURCES
A62: CURRENT EXPENSE
A63: TRAVEL | C63: 60500 | D63: 20 | E63: 0 | F63: 20
A64: FREIGHT AND POSTAGE | C64: 61000 | D64: 0 | E64: 0 | F64: 0
A65: TELECOMMUNICATIONS | C65: 61500 | D65: 0 | E65: 0 | F65: 0
A66: PRINTING | C66: 62000 | D66: 125 | E66: 0 | F66: 125
A67: REPAIRS & MAINTENANCE | C67: 62500 | D67: 0 | E67: 0 | F67: 0
A68: RENTALS | C68: 63000 | D68: 0 | E68: 0 | F68: 0
A69: LEASE PAYMENTS (LONG-TERM/ASSET<$5,000) | C69: 63100 | D69: 0 | E69: 0 | F69: 0
A70: INSURANCE | C70: 63500 | D70: 742 | E70: 0 | F70: 742
A71: UTILITIES | C71: 64000 | D71: 0 | E71: 0 | F71: 0
A72: OTHER SERVICES | C72: 64500 | D72: 550 | E72: 0 | F72: 550
A73: WORKFORCE/WAGES/GRANT PARTICIPANT SUPPORT COSTS | C73: 64600 | D73: 0 | E73: 0 | F73: 0
A74: SERVICE PROVIDER CONTRACTS - WORKFORCE/WAGES | C74: 64700 | D74: 0 | E74: 0 | F74: 0
A75: PROFESSIONAL FEES | C75: 65000 | D75: 11220 | E75: 0 | F75: 11220
A76: EDUCATIONAL, OFFICE/DEPARTMENT MATERIALS AND SUPPLIES | C76: 65500 | D76: 2750 | E76: 0 | F76: 2750
A77: DATA SOFTWARE - NON-CAPITALIZED | C77: 65700 | D77: 0 | E77: 0 | F77: 0
A78: MAINTENANCE AND CONSTRUCTION MATERIALS AND SUPPLIES | C78: 66000 | D78: 0 | E78: 0 | F78: 0
A79: OTHER MATERIALS AND SUPPLIES | C79: 66500 | D79: 120 | E79: 0 | F79: 120
A80: LIBRARY RESOURCES | C80: 67000 | D80: 775 | E80: 0 | F80: 775
A81: NON-COMMODITY FOOD FOR RESALE | C81: 67500 | D81: 0 | E81: 0 | F81: 0
... A86: PAYMENT ON DEBT PRINCIPAL | C86: 69000 | D86: 0 | E86: 0 | F86: 0
A87: MANDATORY TRANSFERS OUT | C87: 69100 | D87: 0 | E87: 0 | F87: 0
A88: NONMANDATORY TRANSFERS OUT | C88: 69200 | D88: 0 | E88: 0 | F88: 0
A89: OTHER EXPENSES | C89: 69500 | D89: 0 | E89: 0 | F89: 0
A90: PRIOR YEAR CORRECTIONS | C90: 69600 | D90: 0 | E90: 0 | F90: 0
A91: CURRENT EXPENSE CONTINGENCY (BUDGET ONLY) | C91: 69900 | D91: 0 | E91: 0 | F91: 0
A92: TOTAL CURRENT EXPENSE | D92: 16302 | E92: 0 | F92: 16302
C95: 2026-27
A96: CAPITAL OUTLAY | C96: GENERAL LEDGER CODE | D96: UNRESTRICTED SOURCES | E96: RESTRICTED SOURCES | F96: TOTAL UNRESTRICTED AND RESTRICTED SOURCES
A97: MINOR EQUIPMENT - NON-CAPITALIZED, NON INVENTORIED | C97: 70500 | D97: 0 | E97: 0 | F97: 0
A98: MINOR EQUIPMENT - NON CAPITALIZED INVENTORIED | C98: 70600 | D98: 0 | E98: 0 | F98: 0
A99: FURNITURE AND EQUIPMENT | C99: 71000 | D99: 0 | E99: 0 | F99: 0
A100: DATA SOFTWARE | C100: 72000 | D100: 0 | E100: 0 | F100: 0
A101: BUILDINGS AND FIXED EQUIPMENT | C101: 75000 | D101: 0 | E101: 0 | F101: 0
A102: OTHER LICENSES | C102: 73001 | D102: 0 | E102: 0 | F102: 0
A103: DATA LICENSES - PERPETUAL | C103: 73002 | D103: 0 | E103: 0 | F103: 0
A104: ARTWORK/ARTIFACT | C104: 73050 | D104: 0 | E104: 0 | F104: 0
A105: LEASE PAYMENTS, CAPITALIZED | C105: 73100 | D105: 0 | E105: 0 | F105: 0
A106: REMODELING & RENOVATION, NON-CAPITALIZED REPAIRS & MAINTENANCE, & OTHER STRUCTURES & IMPROVEMENTS | C106: 76000 | D106: 0 | E106: 0 | F106: 0
A107: LAND | C107: 77000 | D107: 0 | E107: 0 | F107: 0
A108: OTHER STRUCTURES, LAND IMPROVEMENTS | C108: 79000 | D108: 0 | E108: 0 | F108: 0
A109: CAPITAL OUTLAY CONTINGENCY (BUDGET ONLY) | C109: 79900 | D109: 0 | E109: 0 | F109: 0
A110: TOTAL CAPITAL OUTLAY | D110: 0 | E110: 0 | F110: 0
A112: GRAND TOTAL EXPENDITURES | D112: 448807 | E112: 0 | F112: 448807
A115: SOURCES OF FUNDS | C115: GENERAL LEDGER CODE | D115: UNRESTRICTED SOURCES | E115: RESTRICTED SOURCES | F115: TOTAL UNRESTRICTED AND RESTRICTED SOURCES
A116: 1. SPECIAL STATE NONRECURRING | D116: 0 | E116: 0 | F116: 0
A117: 2. UPPER LEVEL - RESIDENT STUDENT TUITION | D117: 343845 | E117: 0 | F117: 343845
A118: UPPER LEVEL - NONRESIDENT STUDENT TUITION | D118: 0 | E118: 0 | F118: 0
A119: UPPER LEVEL - OTHER STUDENT FEES | D119: 0 | E119: 0 | F119: 0
A120: 3. CONTRIBUTIONS OR MATCHING GRANTS | D120: 0 | E120: 0 | F120: 0
...

Sheet Hillsborough
A1: COLLEGE: | B1: Hillsborough College
A2: UPPER LEVEL PLANNED EXPENDITURES AND SOURCES OF FUNDS
A3: BACCALAUREATE DEGREE PROGRAM COLLEGE OPERATING BUDGET
A4: FISCAL YEAR 2026-27
A7: Enter amounts only for cells highlighted in light yellow. | C7: 2026-27
A8: PLANNED EXPENDITURES | C8: GENERAL LEDGER CODE | D8: UNRESTRICTED SOURCES | E8: RESTRICTED SOURCES | F8: TOTAL UNRESTRICTED AND RESTRICTED SOURCES
A9: PERSONNEL COSTS
A10: EXECUTIVE MANAGEMENT | C10: 51000 | D10: 0 | E10: 0 | F10: 0
A11: INSTRUCTIONAL MANAGEMENT | C11: 51100 | D11: 0 | E11: 0 | F11: 0
A12: INSTITUTIONAL MANAGEMENT | C12: 51200 | D12: 0 | E12: 0 | F12: 0
A13: EXECUTIVE, ADMINISTRATIVE, MANAGERIAL SABBATICAL | C13: 51400 | D13: 0 | E13: 0 | F13: 0
A14: EXECUTIVE, ADMINISTRATIVE, MANAGERIAL REGULAR PART-TIME | C14: 51500 | D14: 0 | E14: 0 | F14: 0
A15: INSTRUCTIONAL | C15: 52000 | D15: 211758 | E15: 0 | F15: 211758
A16: INSTRUCTIONAL - OVERLOAD/SUPPLEMENTAL | C16: 52100 | D16: 40000 | E16: 0 | F16: 40000
A17: INSTRUCTIONAL - SUBSTITUTION | C17: 52200 | D17: 0 | E17: 0 | F17: 0
A18: INSTRUCTIONAL - PARA-PROFESSIONAL/ASSOCIATE/ASSISTANT | C18: 52300 | D18: 0 | E18: 0 | F18: 0
A19: INSTRUCTIONAL - SABBATICAL | C19: 52400 | D19: 0 | E19: 0 | F19: 0
A20: INSTRUCTIONAL (PHASED RETIREMENT ) | C20: 52500 | D20: 0 | E20: 0 | F20: 0
A21: INSTRUCTIONAL (PHASED RETIREMENT ) - INSTRUCTOR/PROFESSOR | C21: 52501 | D21: 0 | E21: 0 | F21: 0
A22: INSTRUCTIONAL (PHASED RETIREMENT) - LIBRARIAN | C22: 52502 | D22: 0 | E22: 0 | F22: 0
A23: INSTRUCTIONAL (PHASED RETIREMENT) - COUNSELOR | C23: 52503 | D23: 0 | E23: 0 | F23: 0
A24: INSTRUCTIONAL (PHASED RETIREMENT) - REGULAR PART-TIME (FRS PARTICIPANT) | C24: 52504 | D24: 0 | E24: 0 | F24: 0
A25: OTHER PROFESSIONAL | C25: 53000 | D25: 0 | E25: 0 | F25: 0
A26: OTHER PROFESSIONAL - OVERLOAD/SUPPLEMENTAL | C26: 53100 | D26: 47157 | E26: 0 | F26: 47157
A27: OTHER PROFESSIONAL - SUBSTITUTION | C27: 53200 | D27: 0 | E27: 0 | F27: 0
A28: OTHER PROFESSIONAL - PARA-PROFESSIONAL/ASSOCIATE/ASSISTANT | C28: 53300 | D28: 0 | E28: 0 | F28: 0
A29: OTHER PROFESSIONAL - REGULAR PART-TIME | C29: 53500 | D29: 0 | E29: 0 | F29: 0
A30: TECHNICAL, CLERICAL, TRADE AND SERVICE | C30: 54000 | D30: 0 | E30: 0 | F30: 0
A31: TECHNICAL, CLERICAL, TRADE AND SERVICE - OVERTIME | C31: 54100 | D31: 0 | E31: 0 | F31: 0
A32: TECHNICAL, CLERICAL, TRADE AND SERVICE - REGULAR (PART-TIME) | C32: 54500 | D32: 0 | E32: 0 | F32: 0
... A34: OPS - INSTRUCTIONAL | C34: 56000 | D34: 0 | E34: 0 | F34: 0
A35: OPS - INSTRUCTIONAL/ADJUNCT INSTRUCTOR | C35: 56001 | D35: 0 | E35: 0 | F35: 0
A36: OPS - LIBRARIAN | C36: 56002 | D36: 0 | E36: 0 | F36: 0
A37: OPS - COUNSELOR | C37: 56003 | D37: 0 | E37: 0 | F37: 0
A38: OPS - PARA-PROFESSIONAL | C38: 56006 | D38: 0 | E38: 0 | F38: 0
A39: OPS - INSTRUCTIONAL SUBSTITUTES | C39: 56100 | D39: 0 | E39: 0 | F39: 0
A40: OPS - OTHER PROFESSIONAL PART-TIME | C40: 56500 | D40: 0 | E40: 0 | F40: 0
A41: OPS - TECHNICAL, CLERICAL, TRADE AND SERVICE | C41: 57000 | D41: 0 | E41: 0 | F41: 0
A42: STUDENT EMPLOYMENT - INSTITUTIONAL WORK STUDY | C42: 58000 | D42: 0 | E42: 0 | F42: 0
A43: STUDENT EMPLOYMENT - COLLEGE WORK STUDY PROGRAM | C43: 58100 | D43: 0 | E43: 0 | F43: 0
A44: STUDENT EMPLOYMENT - COLLEGE WORK EXPERIENCE PROG. | C44: 58200 | D44: 0 | E44: 0 | F44: 0
A45: STUDENT EMPLOYMENT - STUDENT ASSISTANTS | C45: 58300 | D45: 0 | E45: 0 | F45: 0
A46: EMPLOYEE AWARDS | C46: 58500 | D46: 0 | E46: 0 | F46: 0
A47: SOCIAL SECURITY CONTRIBUTIONS | C47: 59100 | D47: 22867 | E47: 0 | F47: 22867
A48: RETIREMENT CONTRIBUTIONS | C48: 59200 | D48: 40623 | E48: 0 | F48: 40623
A49: ACCRUED LEAVE EXPENSE (COMPENSATED ABSENCES) | C49: 59300 | D49: 0 | E49: 0 | F49: 0
... A55: PERSONNEL EXPENSE CONTINGENCY (BUDGET ONLY) | C55: 59900 | D55: 0 | E55: 0 | F55: 0
A56: TOTAL PERSONNEL COSTS | D56: 401705 | E56: 0 | F56: 401705
C60: 2026-27
A61: PLANNED EXPENDITURES | C61: GENERAL LEDGER CODE | D61: UNRESTRICTED SOURCES | E61: RESTRICTED SOURCES | F61: TOTAL UNRESTRICTED AND RESTRICTED SOURCES
A62: CURRENT EXPENSE
A63: TRAVEL | C63: 60500 | D63: 0 | E63: 0 | F63: 0
A64: FREIGHT AND POSTAGE | C64: 61000 | D64: 0 | E64: 0 | F64: 0
A65: TELECOMMUNICATIONS | C65: 61500 | D65: 0 | E65: 0 | F65: 0
A66: PRINTING | C66: 62000 | D66: 0 | E66: 0 | F66: 0
A67: REPAIRS & MAINTENANCE | C67: 62500 | D67: 0 | E67: 0 | F67: 0
A68: RENTALS | C68: 63000 | D68: 0 | E68: 0 | F68: 0
A69: LEASE PAYMENTS (LONG-TERM/ASSET<$5,000) | C69: 63100 | D69: 0 | E69: 0 | F69: 0
A70: INSURANCE | C70: 63500 | D70: 0 | E70: 0 | F70: 0
A71: UTILITIES | C71: 64000 | D71: 0 | E71: 0 | F71: 0
A72: OTHER SERVICES | C72: 64500 | D72: 0 | E72: 0 | F72: 0
A73: WORKFORCE/WAGES/GRANT PARTICIPANT SUPPORT COSTS | C73: 64600 | D73: 0 | E73: 0 | F73: 0
A74: SERVICE PROVIDER CONTRACTS - WORKFORCE/WAGES | C74: 64700 | D74: 0 | E74: 0 | F74: 0
A75: PROFESSIONAL FEES | C75: 65000 | D75: 10000 | E75: 0 | F75: 10000
A76: EDUCATIONAL, OFFICE/DEPARTMENT MATERIALS AND SUPPLIES | C76: 65500 | D76: 18295 | E76: 0 | F76: 18295
A77: DATA SOFTWARE - NON-CAPITALIZED | C77: 65700 | D77: 0 | E77: 0 | F77: 0
A78: MAINTENANCE AND CONSTRUCTION MATERIALS AND SUPPLIES | C78: 66000 | D78: 0 | E78: 0 | F78: 0
A79: OTHER MATERIALS AND SUPPLIES | C79: 66500 | D79: 0 | E79: 0 | F79: 0
A80: LIBRARY RESOURCES | C80: 67000 | D80: 0 | E80: 0 | F80: 0
A81: NON-COMMODITY FOOD FOR RESALE | C81: 67500 | D81: 0 | E81: 0 | F81: 0
... A86: PAYMENT ON DEBT PRINCIPAL | C86: 69000 | D86: 0 | E86: 0 | F86: 0
A87: MANDATORY TRANSFERS OUT | C87: 69100 | D87: 0 | E87: 0 | F87: 0
A88: NONMANDATORY TRANSFERS OUT | C88: 69200 | D88: 0 | E88: 0 | F88: 0
A89: OTHER EXPENSES | C89: 69500 | D89: 0 | E89: 0 | F89: 0
A90: PRIOR YEAR CORRECTIONS | C90: 69600 | D90: 0 | E90: 0 | F90: 0
A91: CURRENT EXPENSE CONTINGENCY (BUDGET ONLY) | C91: 69900 | D91: 0 | E91: 0 | F91: 0
A92: TOTAL CURRENT EXPENSE | D92: 28295 | E92: 0 | F92: 28295
C95: 2026-27
A96: CAPITAL OUTLAY | C96: GENERAL LEDGER CODE | D96: UNRESTRICTED SOURCES | E96: RESTRICTED SOURCES | F96: TOTAL UNRESTRICTED AND RESTRICTED SOURCES
A97: MINOR EQUIPMENT - NON-CAPITALIZED, NON INVENTORIED | C97: 70500 | D97: 0 | E97: 0 | F97: 0
A98: MINOR EQUIPMENT - NON CAPITALIZED INVENTORIED | C98: 70600 | D98: 0 | E98: 0 | F98: 0
A99: FURNITURE AND EQUIPMENT | C99: 71000 | D99: 0 | E99: 0 | F99: 0
A100: DATA SOFTWARE | C100: 72000 | D100: 0 | E100: 0 | F100: 0
A101: BUILDINGS AND FIXED EQUIPMENT | C101: 75000 | D101: 0 | E101: 0 | F101: 0
A102: OTHER LICENSES | C102: 73001 | D102: 0 | E102: 0 | F102: 0
A103: DATA LICENSES - PERPETUAL | C103: 73002 | D103: 0 | E103: 0 | F103: 0
A104: ARTWORK/ARTIFACT | C104: 73050 | D104: 0 | E104: 0 | F104: 0
A105: LEASE PAYMENTS, CAPITALIZED | C105: 73100 | D105: 0 | E105: 0 | F105: 0
A106: REMODELING & RENOVATION, NON-CAPITALIZED REPAIRS & MAINTENANCE, & OTHER STRUCTURES & IMPROVEMENTS | C106: 76000 | D106: 0 | E106: 0 | F106: 0
A107: LAND | C107: 77000 | D107: 0 | E107: 0 | F107: 0
A108: OTHER STRUCTURES, LAND IMPROVEMENTS | C108: 79000 | D108: 0 | E108: 0 | F108: 0
A109: CAPITAL OUTLAY CONTINGENCY (BUDGET ONLY) | C109: 79900 | D109: 0 | E109: 0 | F109: 0
A110: TOTAL CAPITAL OUTLAY | D110: 0 | E110: 0 | F110: 0
A112: GRAND TOTAL EXPENDITURES | D112: 430000 | E112: 0 | F112: 430000
A115: SOURCES OF FUNDS | C115: GENERAL LEDGER CODE | D115: UNRESTRICTED SOURCES | E115: RESTRICTED SOURCES | F115: TOTAL UNRESTRICTED AND RESTRICTED SOURCES
A116: 1. SPECIAL STATE NONRECURRING | D116: 0 | E116: 0 | F116: 0
A117: 2. UPPER LEVEL - RESIDENT STUDENT TUITION | D117: 430000 | E117: 0 | F117: 430000
A118: UPPER LEVEL - NONRESIDENT STUDENT TUITION | D118: 0 | E118: 0 | F118: 0
A119: UPPER LEVEL - OTHER STUDENT FEES | D119: 0 | E119: 0 | F119: 0
A120: 3. CONTRIBUTIONS OR MATCHING GRANTS | D120: 0 | E120: 0 | F120: 0
...

Sheet Indian River
A1: COLLEGE: | B1: Indian River State College
A2: UPPER LEVEL PLANNED EXPENDITURES AND SOURCES OF FUNDS
A3: BACCALAUREATE DEGREE PROGRAM COLLEGE OPERATING BUDGET
A4: FISCAL YEAR 2026-27
A7: Enter amounts only for cells highlighted in light yellow. | C7: 2026-27
A8: PLANNED EXPENDITURES | C8: GENERAL LEDGER CODE | D8: UNRESTRICTED SOURCES | E8: RESTRICTED SOURCES | F8: TOTAL UNRESTRICTED AND RESTRICTED SOURCES
A9: PERSONNEL COSTS
A10: EXECUTIVE MANAGEMENT | C10: 51000 | D10: 0 | E10: 0 | F10: 0
A11: INSTRUCTIONAL MANAGEMENT | C11: 51100 | D11: 0 | E11: 0 | F11: 0
A12: INSTITUTIONAL MANAGEMENT | C12: 51200 | D12: 0 | E12: 0 | F12: 0
A13: EXECUTIVE, ADMINISTRATIVE, MANAGERIAL SABBATICAL | C13: 51400 | D13: 0 | E13: 0 | F13: 0
A14: EXECUTIVE, ADMINISTRATIVE, MANAGERIAL REGULAR PART-TIME | C14: 51500 | D14: 0 | E14: 0 | F14: 0
A15: INSTRUCTIONAL | C15: 52000 | D15: 2322243 | E15: 0 | F15: 2322243
A16: INSTRUCTIONAL - OVERLOAD/SUPPLEMENTAL | C16: 52100 | D16: 0 | E16: 0 | F16: 0
A17: INSTRUCTIONAL - SUBSTITUTION | C17: 52200 | D17: 0 | E17: 0 | F17: 0
A18: INSTRUCTIONAL - PARA-PROFESSIONAL/ASSOCIATE/ASSISTANT | C18: 52300 | D18: 0 | E18: 0 | F18: 0
A19: INSTRUCTIONAL - SABBATICAL | C19: 52400 | D19: 0 | E19: 0 | F19: 0
A20: INSTRUCTIONAL (PHASED RETIREMENT ) | C20: 52500 | D20: 0 | E20: 0 | F20: 0
A21: INSTRUCTIONAL (PHASED RETIREMENT ) - INSTRUCTOR/PROFESSOR | C21: 52501 | D21: 0 | E21: 0 | F21: 0
A22: INSTRUCTIONAL (PHASED RETIREMENT) - LIBRARIAN | C22: 52502 | D22: 0 | E22: 0 | F22: 0
A23: INSTRUCTIONAL (PHASED RETIREMENT) - COUNSELOR | C23: 52503 | D23: 0 | E23: 0 | F23: 0
A24: INSTRUCTIONAL (PHASED RETIREMENT) - REGULAR PART-TIME (FRS PARTICIPANT) | C24: 52504 | D24: 0 | E24: 0 | F24: 0
A25: OTHER PROFESSIONAL | C25: 53000 | D25: 0 | E25: 0 | F25: 0
A26: OTHER PROFESSIONAL - OVERLOAD/SUPPLEMENTAL | C26: 53100 | D26: 0 | E26: 0 | F26: 0
A27: OTHER PROFESSIONAL - SUBSTITUTION | C27: 53200 | D27: 0 | E27: 0 | F27: 0
A28: OTHER PROFESSIONAL - PARA-PROFESSIONAL/ASSOCIATE/ASSISTANT | C28: 53300 | D28: 0 | E28: 0 | F28: 0
A29: OTHER PROFESSIONAL - REGULAR PART-TIME | C29: 53500 | D29: 0 | E29: 0 | F29: 0
A30: TECHNICAL, CLERICAL, TRADE AND SERVICE | C30: 54000 | D30: 0 | E30: 0 | F30: 0
A31: TECHNICAL, CLERICAL, TRADE AND SERVICE - OVERTIME | C31: 54100 | D31: 0 | E31: 0 | F31: 0
A32: TECHNICAL, CLERICAL, TRADE AND SERVICE - REGULAR (PART-TIME) | C32: 54500 | D32: 0 | E32: 0 | F32: 0
... A34: OPS - INSTRUCTIONAL | C34: 56000 | D34: 238160 | E34: 0 | F34: 238160
A35: OPS - INSTRUCTIONAL/ADJUNCT INSTRUCTOR | C35: 56001 | D35: 0 | E35: 0 | F35: 0
A36: OPS - LIBRARIAN | C36: 56002 | D36: 0 | E36: 0 | F36: 0
A37: OPS - COUNSELOR | C37: 56003 | D37: 0 | E37: 0 | F37: 0
A38: OPS - PARA-PROFESSIONAL | C38: 56006 | D38: 0 | E38: 0 | F38: 0
A39: OPS - INSTRUCTIONAL SUBSTITUTES | C39: 56100 | D39: 0 | E39: 0 | F39: 0
A40: OPS - OTHER PROFESSIONAL PART-TIME | C40: 56500 | D40: 0 | E40: 0 | F40: 0
A41: OPS - TECHNICAL, CLERICAL, TRADE AND SERVICE | C41: 57000 | D41: 0 | E41: 0 | F41: 0
A42: STUDENT EMPLOYMENT - INSTITUTIONAL WORK STUDY | C42: 58000 | D42: 0 | E42: 0 | F42: 0
A43: STUDENT EMPLOYMENT - COLLEGE WORK STUDY PROGRAM | C43: 58100 | D43: 0 | E43: 0 | F43: 0
A44: STUDENT EMPLOYMENT - COLLEGE WORK EXPERIENCE PROG. | C44: 58200 | D44: 0 | E44: 0 | F44: 0
A45: STUDENT EMPLOYMENT - STUDENT ASSISTANTS | C45: 58300 | D45: 0 | E45: 0 | F45: 0
A46: EMPLOYEE AWARDS | C46: 58500 | D46: 0 | E46: 0 | F46: 0
A47: SOCIAL SECURITY CONTRIBUTIONS | C47: 59100 | D47: 197189 | E47: 0 | F47: 197189
A48: RETIREMENT CONTRIBUTIONS | C48: 59200 | D48: 342804 | E48: 0 | F48: 342804
A49: ACCRUED LEAVE EXPENSE (COMPENSATED ABSENCES) | C49: 59300 | D49: 0 | E49: 0 | F49: 0
... A55: PERSONNEL EXPENSE CONTINGENCY (BUDGET ONLY) | C55: 59900 | D55: 0 | E55: 0 | F55: 0
A56: TOTAL PERSONNEL COSTS | D56: 3468682 | E56: 0 | F56: 3468682
C60: 2026-27
A61: PLANNED EXPENDITURES | C61: GENERAL LEDGER CODE | D61: UNRESTRICTED SOURCES | E61: RESTRICTED SOURCES | F61: TOTAL UNRESTRICTED AND RESTRICTED SOURCES
A62: CURRENT EXPENSE
A63: TRAVEL | C63: 60500 | D63: 52400 | E63: 0 | F63: 52400
A64: FREIGHT AND POSTAGE | C64: 61000 | D64: 0 | E64: 0 | F64: 0
A65: TELECOMMUNICATIONS | C65: 61500 | D65: 0 | E65: 0 | F65: 0
A66: PRINTING | C66: 62000 | D66: 4300 | E66: 0 | F66: 4300
A67: REPAIRS & MAINTENANCE | C67: 62500 | D67: 4400 | E67: 0 | F67: 4400
A68: RENTALS | C68: 63000 | D68: 0 | E68: 0 | F68: 0
A69: LEASE PAYMENTS (LONG-TERM/ASSET<$5,000) | C69: 63100 | D69: 0 | E69: 0 | F69: 0
A70: INSURANCE | C70: 63500 | D70: 22900 | E70: 0 | F70: 22900
A71: UTILITIES | C71: 64000 | D71: 0 | E71: 0 | F71: 0
A72: OTHER SERVICES | C72: 64500 | D72: 3985 | E72: 0 | F72: 3985
A73: WORKFORCE/WAGES/GRANT PARTICIPANT SUPPORT COSTS | C73: 64600 | D73: 0 | E73: 0 | F73: 0
A74: SERVICE PROVIDER CONTRACTS - WORKFORCE/WAGES | C74: 64700 | D74: 0 | E74: 0 | F74: 0
A75: PROFESSIONAL FEES | C75: 65000 | D75: 0 | E75: 0 | F75: 0
A76: EDUCATIONAL, OFFICE/DEPARTMENT MATERIALS AND SUPPLIES | C76: 65500 | D76: 120100 | E76: 6000 | F76: 126100
A77: DATA SOFTWARE - NON-CAPITALIZED | C77: 65700 | D77: 7000 | E77: 0 | F77: 7000
A78: MAINTENANCE AND CONSTRUCTION MATERIALS AND SUPPLIES | C78: 66000 | D78: 0 | E78: 0 | F78: 0
A79: OTHER MATERIALS AND SUPPLIES | C79: 66500 | D79: 500 | E79: 0 | F79: 500
A80: LIBRARY RESOURCES | C80: 67000 | D80: 0 | E80: 0 | F80: 0
A81: NON-COMMODITY FOOD FOR RESALE | C81: 67500 | D81: 0 | E81: 0 | F81: 0
... A86: PAYMENT ON DEBT PRINCIPAL | C86: 69000 | D86: 0 | E86: 0 | F86: 0
A87: MANDATORY TRANSFERS OUT | C87: 69100 | D87: 0 | E87: 0 | F87: 0
A88: NONMANDATORY TRANSFERS OUT | C88: 69200 | D88: 0 | E88: 0 | F88: 0
A89: OTHER EXPENSES | C89: 69500 | D89: 0 | E89: 0 | F89: 0
A90: PRIOR YEAR CORRECTIONS | C90: 69600 | D90: 0 | E90: 0 | F90: 0
A91: CURRENT EXPENSE CONTINGENCY (BUDGET ONLY) | C91: 69900 | D91: 0 | E91: 0 | F91: 0
A92: TOTAL CURRENT EXPENSE | D92: 215585 | E92: 179217 | F92: 394802
C95: 2026-27
A96: CAPITAL OUTLAY | C96: GENERAL LEDGER CODE | D96: UNRESTRICTED SOURCES | E96: RESTRICTED SOURCES | F96: TOTAL UNRESTRICTED AND RESTRICTED SOURCES
A97: MINOR EQUIPMENT - NON-CAPITALIZED, NON INVENTORIED | C97: 70500 | D97: 0 | E97: 0 | F97: 0
A98: MINOR EQUIPMENT - NON CAPITALIZED INVENTORIED | C98: 70600 | D98: 0 | E98: 0 | F98: 0
A99: FURNITURE AND EQUIPMENT | C99: 71000 | D99: 0 | E99: 0 | F99: 0
A100: DATA SOFTWARE | C100: 72000 | D100: 0 | E100: 0 | F100: 0
A101: BUILDINGS AND FIXED EQUIPMENT | C101: 75000 | D101: 0 | E101: 0 | F101: 0
A102: OTHER LICENSES | C102: 73001 | D102: 0 | E102: 0 | F102: 0
A103: DATA LICENSES - PERPETUAL | C103: 73002 | D103: 0 | E103: 0 | F103: 0
A104: ARTWORK/ARTIFACT | C104: 73050 | D104: 0 | E104: 0 | F104: 0
A105: LEASE PAYMENTS, CAPITALIZED | C105: 73100 | D105: 0 | E105: 0 | F105: 0
A106: REMODELING & RENOVATION, NON-CAPITALIZED REPAIRS & MAINTENANCE, & OTHER STRUCTURES & IMPROVEMENTS | C106: 76000 | D106: 0 | E106: 0 | F106: 0
A107: LAND | C107: 77000 | D107: 0 | E107: 0 | F107: 0
A108: OTHER STRUCTURES, LAND IMPROVEMENTS | C108: 79000 | D108: 0 | E108: 0 | F108: 0
A109: CAPITAL OUTLAY CONTINGENCY (BUDGET ONLY) | C109: 79900 | D109: 0 | E109: 0 | F109: 0
A110: TOTAL CAPITAL OUTLAY | D110: 0 | E110: 0 | F110: 0
A112: GRAND TOTAL EXPENDITURES | D112: 3684267 | E112: 179217 | F112: 3863484
A115: SOURCES OF FUNDS | C115: GENERAL LEDGER CODE | D115: UNRESTRICTED SOURCES | E115: RESTRICTED SOURCES | F115: TOTAL UNRESTRICTED AND RESTRICTED SOURCES
A116: 1. SPECIAL STATE NONRECURRING | D116: 0 | E116: 0 | F116: 0
A117: 2. UPPER LEVEL - RESIDENT STUDENT TUITION | D117: 3572467 | E117: 179217 | F117: 3751684
A118: UPPER LEVEL - NONRESIDENT STUDENT TUITION | D118: 111800 | E118: 0 | F118: 111800
A119: UPPER LEVEL - OTHER STUDENT FEES | D119: 0 | E119: 0 | F119: 0
A120: 3. CONTRIBUTIONS OR MATCHING GRANTS | D120: 0 | E120: 0 | F120: 0
...

Sheet Florida Gateway
A1: COLLEGE: | B1: Florida Gateway College
A2: UPPER LEVEL PLANNED EXPENDITURES AND SOURCES OF FUNDS
A3: BACCALAUREATE DEGREE PROGRAM COLLEGE OPERATING BUDGET
A4: FISCAL YEAR 2026-27
A7: Enter amounts only for cells highlighted in light yellow. | C7: 2026-27
A8: PLANNED EXPENDITURES | C8: GENERAL LEDGER CODE | D8: UNRESTRICTED SOURCES | E8: RESTRICTED SOURCES | F8: TOTAL UNRESTRICTED AND RESTRICTED SOURCES
A9: PERSONNEL COSTS
A10: EXECUTIVE MANAGEMENT | C10: 51000 | D10: 0 | E10: 0 | F10: 0
A11: INSTRUCTIONAL MANAGEMENT | C11: 51100 | D11: 0 | E11: 0 | F11: 0
A12: INSTITUTIONAL MANAGEMENT | C12: 51200 | D12: 0 | E12: 0 | F12: 0
A13: EXECUTIVE, ADMINISTRATIVE, MANAGERIAL SABBATICAL | C13: 51400 | D13: 0 | E13: 0 | F13: 0
A14: EXECUTIVE, ADMINISTRATIVE, MANAGERIAL REGULAR PART-TIME | C14: 51500 | D14: 0 | E14: 0 | F14: 0
A15: INSTRUCTIONAL | C15: 52000 | D15: 345266 | E15: 0 | F15: 345266
A16: INSTRUCTIONAL - OVERLOAD/SUPPLEMENTAL | C16: 52100 | D16: 44500 | E16: 0 | F16: 44500
A17: INSTRUCTIONAL - SUBSTITUTION | C17: 52200 | D17: 0 | E17: 0 | F17: 0
A18: INSTRUCTIONAL - PARA-PROFESSIONAL/ASSOCIATE/ASSISTANT | C18: 52300 | D18: 0 | E18: 0 | F18: 0
A19: INSTRUCTIONAL - SABBATICAL | C19: 52400 | D19: 0 | E19: 0 | F19: 0
A20: INSTRUCTIONAL (PHASED RETIREMENT ) | C20: 52500 | D20: 0 | E20: 0 | F20: 0
A21: INSTRUCTIONAL (PHASED RETIREMENT ) - INSTRUCTOR/PROFESSOR | C21: 52501 | D21: 0 | E21: 0 | F21: 0
A22: INSTRUCTIONAL (PHASED RETIREMENT) - LIBRARIAN | C22: 52502 | D22: 0 | E22: 0 | F22: 0
A23: INSTRUCTIONAL (PHASED RETIREMENT) - COUNSELOR | C23: 52503 | D23: 0 | E23: 0 | F23: 0
A24: INSTRUCTIONAL (PHASED RETIREMENT) - REGULAR PART-TIME (FRS PARTICIPANT) | C24: 52504 | D24: 0 | E24: 0 | F24: 0
A25: OTHER PROFESSIONAL | C25: 53000 | D25: 0 | E25: 0 | F25: 0
A26: OTHER PROFESSIONAL - OVERLOAD/SUPPLEMENTAL | C26: 53100 | D26: 0 | E26: 0 | F26: 0
A27: OTHER PROFESSIONAL - SUBSTITUTION | C27: 53200 | D27: 0 | E27: 0 | F27: 0
A28: OTHER PROFESSIONAL - PARA-PROFESSIONAL/ASSOCIATE/ASSISTANT | C28: 53300 | D28: 0 | E28: 0 | F28: 0
A29: OTHER PROFESSIONAL - REGULAR PART-TIME | C29: 53500 | D29: 0 | E29: 0 | F29: 0
A30: TECHNICAL, CLERICAL, TRADE AND SERVICE | C30: 54000 | D30: 0 | E30: 0 | F30: 0
A31: TECHNICAL, CLERICAL, TRADE AND SERVICE - OVERTIME | C31: 54100 | D31: 0 | E31: 0 | F31: 0
A32: TECHNICAL, CLERICAL, TRADE AND SERVICE - REGULAR (PART-TIME) | C32: 54500 | D32: 0 | E32: 0 | F32: 0
... A34: OPS - INSTRUCTIONAL | C34: 56000 | D34: 0 | E34: 0 | F34: 0
A35: OPS - INSTRUCTIONAL/ADJUNCT INSTRUCTOR | C35: 56001 | D35: 131000 | E35: 0 | F35: 131000
A36: OPS - LIBRARIAN | C36: 56002 | D36: 0 | E36: 0 | F36: 0
A37: OPS - COUNSELOR | C37: 56003 | D37: 0 | E37: 0 | F37: 0
A38: OPS - PARA-PROFESSIONAL | C38: 56006 | D38: 0 | E38: 0 | F38: 0
A39: OPS - INSTRUCTIONAL SUBSTITUTES | C39: 56100 | D39: 0 | E39: 0 | F39: 0
A40: OPS - OTHER PROFESSIONAL PART-TIME | C40: 56500 | D40: 0 | E40: 0 | F40: 0
A41: OPS - TECHNICAL, CLERICAL, TRADE AND SERVICE | C41: 57000 | D41: 0 | E41: 0 | F41: 0
A42: STUDENT EMPLOYMENT - INSTITUTIONAL WORK STUDY | C42: 58000 | D42: 0 | E42: 0 | F42: 0
A43: STUDENT EMPLOYMENT - COLLEGE WORK STUDY PROGRAM | C43: 58100 | D43: 0 | E43: 0 | F43: 0
A44: STUDENT EMPLOYMENT - COLLEGE WORK EXPERIENCE PROG. | C44: 58200 | D44: 0 | E44: 0 | F44: 0
A45: STUDENT EMPLOYMENT - STUDENT ASSISTANTS | C45: 58300 | D45: 0 | E45: 0 | F45: 0
A46: EMPLOYEE AWARDS | C46: 58500 | D46: 0 | E46: 0 | F46: 0
A47: SOCIAL SECURITY CONTRIBUTIONS | C47: 59100 | D47: 26413 | E47: 0 | F47: 26413
A48: RETIREMENT CONTRIBUTIONS | C48: 59200 | D48: 47060 | E48: 0 | F48: 47060
A49: ACCRUED LEAVE EXPENSE (COMPENSATED ABSENCES) | C49: 59300 | D49: 0 | E49: 0 | F49: 0
... A55: PERSONNEL EXPENSE CONTINGENCY (BUDGET ONLY) | C55: 59900 | D55: 0 | E55: 0 | F55: 0
A56: TOTAL PERSONNEL COSTS | D56: 666183 | E56: 0 | F56: 666183
C60: 2026-27
A61: PLANNED EXPENDITURES | C61: GENERAL LEDGER CODE | D61: UNRESTRICTED SOURCES | E61: RESTRICTED SOURCES | F61: TOTAL UNRESTRICTED AND RESTRICTED SOURCES
A62: CURRENT EXPENSE
A63: TRAVEL | C63: 60500 | D63: 17350 | E63: 0 | F63: 17350
A64: FREIGHT AND POSTAGE | C64: 61000 | D64: 350 | E64: 0 | F64: 350
A65: TELECOMMUNICATIONS | C65: 61500 | E65: 0 | F65: 0
A66: PRINTING | C66: 62000 | D66: 4450 | E66: 0 | F66: 4450
A67: REPAIRS & MAINTENANCE | C67: 62500 | D67: 300 | E67: 0 | F67: 300
A68: RENTALS | C68: 63000 | D68: 0 | E68: 0 | F68: 0
A69: LEASE PAYMENTS (LONG-TERM/ASSET<$5,000) | C69: 63100 | D69: 0 | E69: 0 | F69: 0
A70: INSURANCE | C70: 63500 | D70: 0 | E70: 0 | F70: 0
A71: UTILITIES | C71: 64000 | D71: 0 | E71: 0 | F71: 0
A72: OTHER SERVICES | C72: 64500 | D72: 9180 | E72: 0 | F72: 9180
A73: WORKFORCE/WAGES/GRANT PARTICIPANT SUPPORT COSTS | C73: 64600 | D73: 0 | E73: 0 | F73: 0
A74: SERVICE PROVIDER CONTRACTS - WORKFORCE/WAGES | C74: 64700 | D74: 0 | E74: 0 | F74: 0
A75: PROFESSIONAL FEES | C75: 65000 | D75: 4748 | E75: 0 | F75: 4748
A76: EDUCATIONAL, OFFICE/DEPARTMENT MATERIALS AND SUPPLIES | C76: 65500 | D76: 17787 | E76: 0 | F76: 17787
A77: DATA SOFTWARE - NON-CAPITALIZED | C77: 65700 | D77: 0 | E77: 0 | F77: 0
A78: MAINTENANCE AND CONSTRUCTION MATERIALS AND SUPPLIES | C78: 66000 | D78: 0 | E78: 0 | F78: 0
A79: OTHER MATERIALS AND SUPPLIES | C79: 66500 | D79: 2000 | E79: 0 | F79: 2000
A80: LIBRARY RESOURCES | C80: 67000 | D80: 0 | E80: 0 | F80: 0
A81: NON-COMMODITY FOOD FOR RESALE | C81: 67500 | D81: 0 | E81: 0 | F81: 0
... A86: PAYMENT ON DEBT PRINCIPAL | C86: 69000 | D86: 0 | E86: 0 | F86: 0
A87: MANDATORY TRANSFERS OUT | C87: 69100 | D87: 0 | E87: 0 | F87: 0
A88: NONMANDATORY TRANSFERS OUT | C88: 69200 | D88: 0 | E88: 0 | F88: 0
A89: OTHER EXPENSES | C89: 69500 | D89: 0 | E89: 0 | F89: 0
A90: PRIOR YEAR CORRECTIONS | C90: 69600 | D90: 0 | E90: 0 | F90: 0
A91: CURRENT EXPENSE CONTINGENCY (BUDGET ONLY) | C91: 69900 | D91: 0 | E91: 0 | F91: 0
A92: TOTAL CURRENT EXPENSE | D92: 56165 | E92: 0 | F92: 56165
C95: 2026-27
A96: CAPITAL OUTLAY | C96: GENERAL LEDGER CODE | D96: UNRESTRICTED SOURCES | E96: RESTRICTED SOURCES | F96: TOTAL UNRESTRICTED AND RESTRICTED SOURCES
A97: MINOR EQUIPMENT - NON-CAPITALIZED, NON INVENTORIED | C97: 70500 | D97: 0 | E97: 0 | F97: 0
A98: MINOR EQUIPMENT - NON CAPITALIZED INVENTORIED | C98: 70600 | D98: 0 | E98: 0 | F98: 0
A99: FURNITURE AND EQUIPMENT | C99: 71000 | D99: 0 | E99: 0 | F99: 0
A100: DATA SOFTWARE | C100: 72000 | D100: 0 | E100: 0 | F100: 0
A101: BUILDINGS AND FIXED EQUIPMENT | C101: 75000 | D101: 0 | E101: 0 | F101: 0
A102: OTHER LICENSES | C102: 73001 | D102: 0 | E102: 0 | F102: 0
A103: DATA LICENSES - PERPETUAL | C103: 73002 | D103: 0 | E103: 0 | F103: 0
A104: ARTWORK/ARTIFACT | C104: 73050 | D104: 0 | E104: 0 | F104: 0
A105: LEASE PAYMENTS, CAPITALIZED | C105: 73100 | D105: 0 | E105: 0 | F105: 0
A106: REMODELING & RENOVATION, NON-CAPITALIZED REPAIRS & MAINTENANCE, & OTHER STRUCTURES & IMPROVEMENTS | C106: 76000 | D106: 0 | E106: 0 | F106: 0
A107: LAND | C107: 77000 | D107: 0 | E107: 0 | F107: 0
A108: OTHER STRUCTURES, LAND IMPROVEMENTS | C108: 79000 | D108: 0 | E108: 0 | F108: 0
A109: CAPITAL OUTLAY CONTINGENCY (BUDGET ONLY) | C109: 79900 | D109: 0 | E109: 0 | F109: 0
A110: TOTAL CAPITAL OUTLAY | D110: 0 | E110: 0 | F110: 0
A112: GRAND TOTAL EXPENDITURES | D112: 722348 | E112: 0 | F112: 722348
A115: SOURCES OF FUNDS | C115: GENERAL LEDGER CODE | D115: UNRESTRICTED SOURCES | E115: RESTRICTED SOURCES | F115: TOTAL UNRESTRICTED AND RESTRICTED SOURCES
A116: 1. SPECIAL STATE NONRECURRING | D116: 0 | E116: 0 | F116: 0
A117: 2. UPPER LEVEL - RESIDENT STUDENT TUITION | D117: 393779 | E117: 0 | F117: 393779
A118: UPPER LEVEL - NONRESIDENT STUDENT TUITION | D118: 11015 | E118: 0 | F118: 11015
A119: UPPER LEVEL - OTHER STUDENT FEES | D119: 0 | E119: 0 | F119: 0
A120: 3. CONTRIBUTIONS OR MATCHING GRANTS | D120: 0 | E120: 0 | F120: 0
...

Sheet Lake-Sumter
A1: COLLEGE: | B1: Lake-Sumter State College
A2: UPPER LEVEL PLANNED EXPENDITURES AND SOURCES OF FUNDS
A3: BACCALAUREATE DEGREE PROGRAM COLLEGE OPERATING BUDGET
A4: FISCAL YEAR 2026-27
A7: Enter amounts only for cells highlighted in light yellow. | C7: 2026-27
A8: PLANNED EXPENDITURES | C8: GENERAL LEDGER CODE | D8: UNRESTRICTED SOURCES | E8: RESTRICTED SOURCES | F8: TOTAL UNRESTRICTED AND RESTRICTED SOURCES
A9: PERSONNEL COSTS
A10: EXECUTIVE MANAGEMENT | C10: 51000 | D10: 0 | E10: 0 | F10: 0
A11: INSTRUCTIONAL MANAGEMENT | C11: 51100 | D11: 335958 | E11: 0 | F11: 335958
A12: INSTITUTIONAL MANAGEMENT | C12: 51200 | D12: 0 | E12: 0 | F12: 0
A13: EXECUTIVE, ADMINISTRATIVE, MANAGERIAL SABBATICAL | C13: 51400 | D13: 0 | E13: 0 | F13: 0
A14: EXECUTIVE, ADMINISTRATIVE, MANAGERIAL REGULAR PART-TIME | C14: 51500 | D14: 0 | E14: 0 | F14: 0
A15: INSTRUCTIONAL | C15: 52000 | D15: 207556 | E15: 0 | F15: 207556
A16: INSTRUCTIONAL - OVERLOAD/SUPPLEMENTAL | C16: 52100 | D16: 26250 | E16: 0 | F16: 26250
A17: INSTRUCTIONAL - SUBSTITUTION | C17: 52200 | D17: 0 | E17: 0 | F17: 0
A18: INSTRUCTIONAL - PARA-PROFESSIONAL/ASSOCIATE/ASSISTANT | C18: 52300 | D18: 0 | E18: 0 | F18: 0
A19: INSTRUCTIONAL - SABBATICAL | C19: 52400 | D19: 0 | E19: 0 | F19: 0
A20: INSTRUCTIONAL (PHASED RETIREMENT ) | C20: 52500 | D20: 0 | E20: 0 | F20: 0
A21: INSTRUCTIONAL (PHASED RETIREMENT ) - INSTRUCTOR/PROFESSOR | C21: 52501 | D21: 0 | E21: 0 | F21: 0
A22: INSTRUCTIONAL (PHASED RETIREMENT) - LIBRARIAN | C22: 52502 | D22: 0 | E22: 0 | F22: 0
A23: INSTRUCTIONAL (PHASED RETIREMENT) - COUNSELOR | C23: 52503 | D23: 0 | E23: 0 | F23: 0
A24: INSTRUCTIONAL (PHASED RETIREMENT) - REGULAR PART-TIME (FRS PARTICIPANT) | C24: 52504 | D24: 0 | E24: 0 | F24: 0
A25: OTHER PROFESSIONAL | C25: 53000 | D25: 0 | E25: 0 | F25: 0
A26: OTHER PROFESSIONAL - OVERLOAD/SUPPLEMENTAL | C26: 53100 | D26: 5100 | E26: 0 | F26: 5100
A27: OTHER PROFESSIONAL - SUBSTITUTION | C27: 53200 | D27: 0 | E27: 0 | F27: 0
A28: OTHER PROFESSIONAL - PARA-PROFESSIONAL/ASSOCIATE/ASSISTANT | C28: 53300 | D28: 0 | E28: 0 | F28: 0
A29: OTHER PROFESSIONAL - REGULAR PART-TIME | C29: 53500 | D29: 0 | E29: 0 | F29: 0
A30: TECHNICAL, CLERICAL, TRADE AND SERVICE | C30: 54000 | D30: 0 | E30: 0 | F30: 0
A31: TECHNICAL, CLERICAL, TRADE AND SERVICE - OVERTIME | C31: 54100 | D31: 0 | E31: 0 | F31: 0
A32: TECHNICAL, CLERICAL, TRADE AND SERVICE - REGULAR (PART-TIME) | C32: 54500 | D32: 0 | E32: 0 | F32: 0
... A34: OPS - INSTRUCTIONAL | C34: 56000 | D34: 0 | E34: 0 | F34: 0
A35: OPS - INSTRUCTIONAL/ADJUNCT INSTRUCTOR | C35: 56001 | D35: 381587 | E35: 0 | F35: 381587
A36: OPS - LIBRARIAN | C36: 56002 | D36: 0 | E36: 0 | F36: 0
A37: OPS - COUNSELOR | C37: 56003 | D37: 0 | E37: 0 | F37: 0
A38: OPS - PARA-PROFESSIONAL | C38: 56006 | D38: 0 | E38: 0 | F38: 0
A39: OPS - INSTRUCTIONAL SUBSTITUTES | C39: 56100 | D39: 0 | E39: 0 | F39: 0
A40: OPS - OTHER PROFESSIONAL PART-TIME | C40: 56500 | D40: 0 | E40: 0 | F40: 0
A41: OPS - TECHNICAL, CLERICAL, TRADE AND SERVICE | C41: 57000 | D41: 0 | E41: 0 | F41: 0
A42: STUDENT EMPLOYMENT - INSTITUTIONAL WORK STUDY | C42: 58000 | D42: 0 | E42: 0 | F42: 0
A43: STUDENT EMPLOYMENT - COLLEGE WORK STUDY PROGRAM | C43: 58100 | D43: 0 | E43: 0 | F43: 0
A44: STUDENT EMPLOYMENT - COLLEGE WORK EXPERIENCE PROG. | C44: 58200 | D44: 0 | E44: 0 | F44: 0
A45: STUDENT EMPLOYMENT - STUDENT ASSISTANTS | C45: 58300 | D45: 0 | E45: 0 | F45: 0
A46: EMPLOYEE AWARDS | C46: 58500 | D46: 0 | E46: 0 | F46: 0
A47: SOCIAL SECURITY CONTRIBUTIONS | C47: 59100 | D47: 0 | E47: 0 | F47: 0
A48: RETIREMENT CONTRIBUTIONS | C48: 59200 | D48: 0 | E48: 0 | F48: 0
A49: ACCRUED LEAVE EXPENSE (COMPENSATED ABSENCES) | C49: 59300 | D49: 0 | E49: 0 | F49: 0
... A55: PERSONNEL EXPENSE CONTINGENCY (BUDGET ONLY) | C55: 59900 | D55: 0 | E55: 0 | F55: 0
A56: TOTAL PERSONNEL COSTS | D56: 956451 | E56: 0 | F56: 956451
C60: 2026-27
A61: PLANNED EXPENDITURES | C61: GENERAL LEDGER CODE | D61: UNRESTRICTED SOURCES | E61: RESTRICTED SOURCES | F61: TOTAL UNRESTRICTED AND RESTRICTED SOURCES
A62: CURRENT EXPENSE
A63: TRAVEL | C63: 60500 | D63: 10000 | E63: 0 | F63: 10000
A64: FREIGHT AND POSTAGE | C64: 61000 | D64: 100 | E64: 0 | F64: 100
A65: TELECOMMUNICATIONS | C65: 61500 | D65: 0 | E65: 0 | F65: 0
A66: PRINTING | C66: 62000 | D66: 11300 | E66: 0 | F66: 11300
A67: REPAIRS & MAINTENANCE | C67: 62500 | D67: 0 | E67: 0 | F67: 0
A68: RENTALS | C68: 63000 | D68: 0 | E68: 0 | F68: 0
A69: LEASE PAYMENTS (LONG-TERM/ASSET<$5,000) | C69: 63100 | D69: 0 | E69: 0 | F69: 0
A70: INSURANCE | C70: 63500 | D70: 0 | E70: 0 | F70: 0
A71: UTILITIES | C71: 64000 | D71: 0 | E71: 0 | F71: 0
A72: OTHER SERVICES | C72: 64500 | D72: 5000 | E72: 0 | F72: 5000
A73: WORKFORCE/WAGES/GRANT PARTICIPANT SUPPORT COSTS | C73: 64600 | D73: 0 | E73: 0 | F73: 0
A74: SERVICE PROVIDER CONTRACTS - WORKFORCE/WAGES | C74: 64700 | D74: 0 | E74: 0 | F74: 0
A75: PROFESSIONAL FEES | C75: 65000 | D75: 3100 | E75: 0 | F75: 3100
A76: EDUCATIONAL, OFFICE/DEPARTMENT MATERIALS AND SUPPLIES | C76: 65500 | D76: 10000 | E76: 0 | F76: 10000
A77: DATA SOFTWARE - NON-CAPITALIZED | C77: 65700 | D77: 6900 | E77: 0 | F77: 6900
A78: MAINTENANCE AND CONSTRUCTION MATERIALS AND SUPPLIES | C78: 66000 | D78: 0 | E78: 0 | F78: 0
A79: OTHER MATERIALS AND SUPPLIES | C79: 66500 | D79: 13000 | E79: 0 | F79: 13000
A80: LIBRARY RESOURCES | C80: 67000 | D80: 26700 | E80: 0 | F80: 26700
A81: NON-COMMODITY FOOD FOR RESALE | C81: 67500 | D81: 0 | E81: 0 | F81: 0
... A86: PAYMENT ON DEBT PRINCIPAL | C86: 69000 | D86: 0 | E86: 0 | F86: 0
A87: MANDATORY TRANSFERS OUT | C87: 69100 | D87: 0 | E87: 0 | F87: 0
A88: NONMANDATORY TRANSFERS OUT | C88: 69200 | D88: 0 | E88: 0 | F88: 0
A89: OTHER EXPENSES | C89: 69500 | D89: 0 | E89: 0 | F89: 0
A90: PRIOR YEAR CORRECTIONS | C90: 69600 | D90: 0 | E90: 0 | F90: 0
A91: CURRENT EXPENSE CONTINGENCY (BUDGET ONLY) | C91: 69900 | D91: 0 | E91: 0 | F91: 0
A92: TOTAL CURRENT EXPENSE | D92: 86100 | E92: 0 | F92: 86100
C95: 2026-27
A96: CAPITAL OUTLAY | C96: GENERAL LEDGER CODE | D96: UNRESTRICTED SOURCES | E96: RESTRICTED SOURCES | F96: TOTAL UNRESTRICTED AND RESTRICTED SOURCES
A97: MINOR EQUIPMENT - NON-CAPITALIZED, NON INVENTORIED | C97: 70500 | D97: 0 | E97: 0 | F97: 0
A98: MINOR EQUIPMENT - NON CAPITALIZED INVENTORIED | C98: 70600 | D98: 0 | E98: 0 | F98: 0
A99: FURNITURE AND EQUIPMENT | C99: 71000 | D99: 0 | E99: 0 | F99: 0
A100: DATA SOFTWARE | C100: 72000 | D100: 0 | E100: 0 | F100: 0
A101: BUILDINGS AND FIXED EQUIPMENT | C101: 75000 | D101: 0 | E101: 0 | F101: 0
A102: OTHER LICENSES | C102: 73001 | D102: 0 | E102: 0 | F102: 0
A103: DATA LICENSES - PERPETUAL | C103: 73002 | D103: 0 | E103: 0 | F103: 0
A104: ARTWORK/ARTIFACT | C104: 73050 | D104: 0 | E104: 0 | F104: 0
A105: LEASE PAYMENTS, CAPITALIZED | C105: 73100 | D105: 0 | E105: 0 | F105: 0
A106: REMODELING & RENOVATION, NON-CAPITALIZED REPAIRS & MAINTENANCE, & OTHER STRUCTURES & IMPROVEMENTS | C106: 76000 | D106: 0 | E106: 0 | F106: 0
A107: LAND | C107: 77000 | D107: 0 | E107: 0 | F107: 0
A108: OTHER STRUCTURES, LAND IMPROVEMENTS | C108: 79000 | D108: 0 | E108: 0 | F108: 0
A109: CAPITAL OUTLAY CONTINGENCY (BUDGET ONLY) | C109: 79900 | D109: 0 | E109: 0 | F109: 0
A110: TOTAL CAPITAL OUTLAY | D110: 0 | E110: 0 | F110: 0
A112: GRAND TOTAL EXPENDITURES | D112: 1042551 | E112: 0 | F112: 1042551
A115: SOURCES OF FUNDS | C115: GENERAL LEDGER CODE | D115: UNRESTRICTED SOURCES | E115: RESTRICTED SOURCES | F115: TOTAL UNRESTRICTED AND RESTRICTED SOURCES
A116: 1. SPECIAL STATE NONRECURRING | D116: 0 | E116: 0 | F116: 0
A117: 2. UPPER LEVEL - RESIDENT STUDENT TUITION | D117: 1037525 | E117: 0 | F117: 1037525
A118: UPPER LEVEL - NONRESIDENT STUDENT TUITION | D118: 5026 | E118: 0 | F118: 5026
A119: UPPER LEVEL - OTHER STUDENT FEES | D119: 0 | E119: 0 | F119: 0
A120: 3. CONTRIBUTIONS OR MATCHING GRANTS | D120: 0 | E120: 0 | F120: 0
...

Sheet State College of Florida
A1: COLLEGE: | B1: State College of Florida, Manatee-Sarasota
A2: UPPER LEVEL PLANNED EXPENDITURES AND SOURCES OF FUNDS
A3: BACCALAUREATE DEGREE PROGRAM COLLEGE OPERATING BUDGET
A4: FISCAL YEAR 2026-27
A7: Enter amounts only for cells highlighted in light yellow. | C7: 2026-27
A8: PLANNED EXPENDITURES | C8: GENERAL LEDGER CODE | D8: UNRESTRICTED SOURCES | E8: RESTRICTED SOURCES | F8: TOTAL UNRESTRICTED AND RESTRICTED SOURCES
A9: PERSONNEL COSTS
A10: EXECUTIVE MANAGEMENT | C10: 51000 | D10: 0 | E10: 0 | F10: 0
A11: INSTRUCTIONAL MANAGEMENT | C11: 51100 | D11: 0 | E11: 0 | F11: 0
A12: INSTITUTIONAL MANAGEMENT | C12: 51200 | D12: 0 | E12: 0 | F12: 0
A13: EXECUTIVE, ADMINISTRATIVE, MANAGERIAL SABBATICAL | C13: 51400 | D13: 0 | E13: 0 | F13: 0
A14: EXECUTIVE, ADMINISTRATIVE, MANAGERIAL REGULAR PART-TIME | C14: 51500 | D14: 0 | E14: 0 | F14: 0
A15: INSTRUCTIONAL | C15: 52000 | D15: 650529 | E15: 0 | F15: 650529
A16: INSTRUCTIONAL - OVERLOAD/SUPPLEMENTAL | C16: 52100 | D16: 242000 | E16: 0 | F16: 242000
A17: INSTRUCTIONAL - SUBSTITUTION | C17: 52200 | D17: 1000 | E17: 0 | F17: 1000
A18: INSTRUCTIONAL - PARA-PROFESSIONAL/ASSOCIATE/ASSISTANT | C18: 52300 | D18: 0 | E18: 0 | F18: 0
A19: INSTRUCTIONAL - SABBATICAL | C19: 52400 | D19: 0 | E19: 0 | F19: 0
A20: INSTRUCTIONAL (PHASED RETIREMENT ) | C20: 52500 | D20: 0 | E20: 0 | F20: 0
A21: INSTRUCTIONAL (PHASED RETIREMENT ) - INSTRUCTOR/PROFESSOR | C21: 52501 | D21: 0 | E21: 0 | F21: 0
A22: INSTRUCTIONAL (PHASED RETIREMENT) - LIBRARIAN | C22: 52502 | D22: 0 | E22: 0 | F22: 0
A23: INSTRUCTIONAL (PHASED RETIREMENT) - COUNSELOR | C23: 52503 | D23: 0 | E23: 0 | F23: 0
A24: INSTRUCTIONAL (PHASED RETIREMENT) - REGULAR PART-TIME (FRS PARTICIPANT) | C24: 52504 | D24: 0 | E24: 0 | F24: 0
A25: OTHER PROFESSIONAL | C25: 53000 | D25: 65000 | E25: 0 | F25: 65000
A26: OTHER PROFESSIONAL - OVERLOAD/SUPPLEMENTAL | C26: 53100 | D26: 0 | E26: 0 | F26: 0
A27: OTHER PROFESSIONAL - SUBSTITUTION | C27: 53200 | D27: 0 | E27: 0 | F27: 0
A28: OTHER PROFESSIONAL - PARA-PROFESSIONAL/ASSOCIATE/ASSISTANT | C28: 53300 | D28: 0 | E28: 0 | F28: 0
A29: OTHER PROFESSIONAL - REGULAR PART-TIME | C29: 53500 | D29: 0 | E29: 0 | F29: 0
A30: TECHNICAL, CLERICAL, TRADE AND SERVICE | C30: 54000 | D30: 0 | E30: 0 | F30: 0
A31: TECHNICAL, CLERICAL, TRADE AND SERVICE - OVERTIME | C31: 54100 | D31: 0 | E31: 0 | F31: 0
A32: TECHNICAL, CLERICAL, TRADE AND SERVICE - REGULAR (PART-TIME) | C32: 54500 | D32: 0 | E32: 0 | F32: 0
... A34: OPS - INSTRUCTIONAL | C34: 56000 | D34: 0 | E34: 0 | F34: 0
A35: OPS - INSTRUCTIONAL/ADJUNCT INSTRUCTOR | C35: 56001 | D35: 0 | E35: 0 | F35: 0
A36: OPS - LIBRARIAN | C36: 56002 | D36: 0 | E36: 0 | F36: 0
A37: OPS - COUNSELOR | C37: 56003 | D37: 0 | E37: 0 | F37: 0
A38: OPS - PARA-PROFESSIONAL | C38: 56006 | D38: 0 | E38: 0 | F38: 0
A39: OPS - INSTRUCTIONAL SUBSTITUTES | C39: 56100 | D39: 357000 | E39: 0 | F39: 357000
A40: OPS - OTHER PROFESSIONAL PART-TIME | C40: 56500 | D40: 0 | E40: 0 | F40: 0
A41: OPS - TECHNICAL, CLERICAL, TRADE AND SERVICE | C41: 57000 | D41: 0 | E41: 0 | F41: 0
A42: STUDENT EMPLOYMENT - INSTITUTIONAL WORK STUDY | C42: 58000 | D42: 0 | E42: 0 | F42: 0
A43: STUDENT EMPLOYMENT - COLLEGE WORK STUDY PROGRAM | C43: 58100 | D43: 0 | E43: 0 | F43: 0
A44: STUDENT EMPLOYMENT - COLLEGE WORK EXPERIENCE PROG. | C44: 58200 | D44: 0 | E44: 0 | F44: 0
A45: STUDENT EMPLOYMENT - STUDENT ASSISTANTS | C45: 58300 | D45: 0 | E45: 0 | F45: 0
A46: EMPLOYEE AWARDS | C46: 58500 | D46: 0 | E46: 0 | F46: 0
A47: SOCIAL SECURITY CONTRIBUTIONS | C47: 59100 | D47: 78504 | E47: 0 | F47: 78504
A48: RETIREMENT CONTRIBUTIONS | C48: 59200 | D48: 138482 | E48: 0 | F48: 138482
A49: ACCRUED LEAVE EXPENSE (COMPENSATED ABSENCES) | C49: 59300 | D49: 0 | E49: 0 | F49: 0
... A55: PERSONNEL EXPENSE CONTINGENCY (BUDGET ONLY) | C55: 59900 | D55: 0 | E55: 0 | F55: 0
A56: TOTAL PERSONNEL COSTS | D56: 1724360 | E56: 0 | F56: 1724360
C60: 2026-27
A61: PLANNED EXPENDITURES | C61: GENERAL LEDGER CODE | D61: UNRESTRICTED SOURCES | E61: RESTRICTED SOURCES | F61: TOTAL UNRESTRICTED AND RESTRICTED SOURCES
A62: CURRENT EXPENSE
A63: TRAVEL | C63: 60500 | D63: 10197 | E63: 0 | F63: 10197
A64: FREIGHT AND POSTAGE | C64: 61000 | D64: 136 | E64: 0 | F64: 136
A65: TELECOMMUNICATIONS | C65: 61500 | D65: 0 | E65: 0 | F65: 0
A66: PRINTING | C66: 62000 | D66: 4437 | E66: 0 | F66: 4437
A67: REPAIRS & MAINTENANCE | C67: 62500 | D67: 0 | E67: 0 | F67: 0
A68: RENTALS | C68: 63000 | D68: 0 | E68: 0 | F68: 0
A69: LEASE PAYMENTS (LONG-TERM/ASSET<$5,000) | C69: 63100 | D69: 0 | E69: 0 | F69: 0
A70: INSURANCE | C70: 63500 | D70: 0 | E70: 0 | F70: 0
A71: UTILITIES | C71: 64000 | D71: 0 | E71: 0 | F71: 0
A72: OTHER SERVICES | C72: 64500 | D72: 7843 | E72: 0 | F72: 7843
A73: WORKFORCE/WAGES/GRANT PARTICIPANT SUPPORT COSTS | C73: 64600 | D73: 0 | E73: 0 | F73: 0
A74: SERVICE PROVIDER CONTRACTS - WORKFORCE/WAGES | C74: 64700 | D74: 0 | E74: 0 | F74: 0
A75: PROFESSIONAL FEES | C75: 65000 | D75: 2945 | E75: 0 | F75: 2945
A76: EDUCATIONAL, OFFICE/DEPARTMENT MATERIALS AND SUPPLIES | C76: 65500 | D76: 17061 | E76: 0 | F76: 17061
A77: DATA SOFTWARE - NON-CAPITALIZED | C77: 65700 | D77: 105 | E77: 0 | F77: 105
A78: MAINTENANCE AND CONSTRUCTION MATERIALS AND SUPPLIES | C78: 66000 | D78: 0 | E78: 0 | F78: 0
A79: OTHER MATERIALS AND SUPPLIES | C79: 66500 | D79: 0 | E79: 0 | F79: 0
A80: LIBRARY RESOURCES | C80: 67000 | D80: 75752 | E80: 0 | F80: 75752
A81: NON-COMMODITY FOOD FOR RESALE | C81: 67500 | D81: 0 | E81: 0 | F81: 0
... A86: PAYMENT ON DEBT PRINCIPAL | C86: 69000 | D86: 0 | E86: 0 | F86: 0
A87: MANDATORY TRANSFERS OUT | C87: 69100 | D87: 0 | E87: 0 | F87: 0
A88: NONMANDATORY TRANSFERS OUT | C88: 69200 | D88: 0 | E88: 0 | F88: 0
A89: OTHER EXPENSES | C89: 69500 | D89: 0 | E89: 0 | F89: 0
A90: PRIOR YEAR CORRECTIONS | C90: 69600 | D90: 0 | E90: 0 | F90: 0
A91: CURRENT EXPENSE CONTINGENCY (BUDGET ONLY) | C91: 69900 | D91: 350232 | E91: 0 | F91: 350232
A92: TOTAL CURRENT EXPENSE | D92: 513833 | E92: 0 | F92: 513833
C95: 2026-27
A96: CAPITAL OUTLAY | C96: GENERAL LEDGER CODE | D96: UNRESTRICTED SOURCES | E96: RESTRICTED SOURCES | F96: TOTAL UNRESTRICTED AND RESTRICTED SOURCES
A97: MINOR EQUIPMENT - NON-CAPITALIZED, NON INVENTORIED | C97: 70500 | D97: 0 | E97: 0 | F97: 0
A98: MINOR EQUIPMENT - NON CAPITALIZED INVENTORIED | C98: 70600 | D98: 0 | E98: 0 | F98: 0
A99: FURNITURE AND EQUIPMENT | C99: 71000 | D99: 0 | E99: 0 | F99: 0
A100: DATA SOFTWARE | C100: 72000 | D100: 0 | E100: 0 | F100: 0
A101: BUILDINGS AND FIXED EQUIPMENT | C101: 75000 | D101: 0 | E101: 0 | F101: 0
A102: OTHER LICENSES | C102: 73001 | D102: 0 | E102: 0 | F102: 0
A103: DATA LICENSES - PERPETUAL | C103: 73002 | D103: 0 | E103: 0 | F103: 0
A104: ARTWORK/ARTIFACT | C104: 73050 | D104: 0 | E104: 0 | F104: 0
A105: LEASE PAYMENTS, CAPITALIZED | C105: 73100 | D105: 0 | E105: 0 | F105: 0
A106: REMODELING & RENOVATION, NON-CAPITALIZED REPAIRS & MAINTENANCE, & OTHER STRUCTURES & IMPROVEMENTS | C106: 76000 | D106: 0 | E106: 0 | F106: 0
A107: LAND | C107: 77000 | D107: 0 | E107: 0 | F107: 0
A108: OTHER STRUCTURES, LAND IMPROVEMENTS | C108: 79000 | D108: 0 | E108: 0 | F108: 0
A109: CAPITAL OUTLAY CONTINGENCY (BUDGET ONLY) | C109: 79900 | D109: 0 | E109: 0 | F109: 0
A110: TOTAL CAPITAL OUTLAY | D110: 0 | E110: 0 | F110: 0
A112: GRAND TOTAL EXPENDITURES | D112: 2238193 | E112: 0 | F112: 2238193
A115: SOURCES OF FUNDS | C115: GENERAL LEDGER CODE | D115: UNRESTRICTED SOURCES | E115: RESTRICTED SOURCES | F115: TOTAL UNRESTRICTED AND RESTRICTED SOURCES
A116: 1. SPECIAL STATE NONRECURRING | D116: 0 | E116: 0 | F116: 0
A117: 2. UPPER LEVEL - RESIDENT STUDENT TUITION | D117: 1702613 | E117: 0 | F117: 1702613
A118: UPPER LEVEL - NONRESIDENT STUDENT TUITION | D118: 56375 | E118: 0 | F118: 56375
A119: UPPER LEVEL - OTHER STUDENT FEES | D119: 155041 | E119: 0 | F119: 155041
A120: 3. CONTRIBUTIONS OR MATCHING GRANTS | D120: 0 | E120: 0 | F120: 0
...

Sheet Miami Dade
A1: COLLEGE: | B1: Miami Dade College
A2: UPPER LEVEL PLANNED EXPENDITURES AND SOURCES OF FUNDS
A3: BACCALAUREATE DEGREE PROGRAM COLLEGE OPERATING BUDGET
A4: FISCAL YEAR 2026-27
A7: Enter amounts only for cells highlighted in light yellow. | C7: 2026-27
A8: PLANNED EXPENDITURES | C8: GENERAL LEDGER CODE | D8: UNRESTRICTED SOURCES | E8: RESTRICTED SOURCES | F8: TOTAL UNRESTRICTED AND RESTRICTED SOURCES
A9: PERSONNEL COSTS
A10: EXECUTIVE MANAGEMENT | C10: 51000 | D10: 0 | E10: 0 | F10: 0
A11: INSTRUCTIONAL MANAGEMENT | C11: 51100 | D11: 266993 | E11: 0 | F11: 266993
A12: INSTITUTIONAL MANAGEMENT | C12: 51200 | D12: 0 | E12: 0 | F12: 0
A13: EXECUTIVE, ADMINISTRATIVE, MANAGERIAL SABBATICAL | C13: 51400 | D13: 0 | E13: 0 | F13: 0
A14: EXECUTIVE, ADMINISTRATIVE, MANAGERIAL REGULAR PART-TIME | C14: 51500 | D14: 0 | E14: 0 | F14: 0
A15: INSTRUCTIONAL | C15: 52000 | D15: 3680386 | E15: 0 | F15: 3680386
A16: INSTRUCTIONAL - OVERLOAD/SUPPLEMENTAL | C16: 52100 | D16: 0 | E16: 0 | F16: 0
A17: INSTRUCTIONAL - SUBSTITUTION | C17: 52200 | D17: 0 | E17: 0 | F17: 0
A18: INSTRUCTIONAL - PARA-PROFESSIONAL/ASSOCIATE/ASSISTANT | C18: 52300 | D18: 0 | E18: 0 | F18: 0
A19: INSTRUCTIONAL - SABBATICAL | C19: 52400 | D19: 0 | E19: 0 | F19: 0
A20: INSTRUCTIONAL (PHASED RETIREMENT ) | C20: 52500 | D20: 0 | E20: 0 | F20: 0
A21: INSTRUCTIONAL (PHASED RETIREMENT ) - INSTRUCTOR/PROFESSOR | C21: 52501 | D21: 0 | E21: 0 | F21: 0
A22: INSTRUCTIONAL (PHASED RETIREMENT) - LIBRARIAN | C22: 52502 | D22: 0 | E22: 0 | F22: 0
A23: INSTRUCTIONAL (PHASED RETIREMENT) - COUNSELOR | C23: 52503 | D23: 0 | E23: 0 | F23: 0
A24: INSTRUCTIONAL (PHASED RETIREMENT) - REGULAR PART-TIME (FRS PARTICIPANT) | C24: 52504 | D24: 0 | E24: 0 | F24: 0
A25: OTHER PROFESSIONAL | C25: 53000 | D25: 566199 | E25: 0 | F25: 566199
A26: OTHER PROFESSIONAL - OVERLOAD/SUPPLEMENTAL | C26: 53100 | D26: 3100 | E26: 0 | F26: 3100
A27: OTHER PROFESSIONAL - SUBSTITUTION | C27: 53200 | D27: 0 | E27: 0 | F27: 0
A28: OTHER PROFESSIONAL - PARA-PROFESSIONAL/ASSOCIATE/ASSISTANT | C28: 53300 | D28: 0 | E28: 0 | F28: 0
A29: OTHER PROFESSIONAL - REGULAR PART-TIME | C29: 53500 | D29: 238709 | E29: 0 | F29: 238709
A30: TECHNICAL, CLERICAL, TRADE AND SERVICE | C30: 54000 | D30: 76555 | E30: 0 | F30: 76555
A31: TECHNICAL, CLERICAL, TRADE AND SERVICE - OVERTIME | C31: 54100 | D31: 204 | E31: 0 | F31: 204
A32: TECHNICAL, CLERICAL, TRADE AND SERVICE - REGULAR (PART-TIME) | C32: 54500 | D32: 35955 | E32: 0 | F32: 35955
... A34: OPS - INSTRUCTIONAL | C34: 56000 | D34: 0 | E34: 0 | F34: 0
A35: OPS - INSTRUCTIONAL/ADJUNCT INSTRUCTOR | C35: 56001 | D35: 0 | E35: 0 | F35: 0
A36: OPS - LIBRARIAN | C36: 56002 | D36: 0 | E36: 0 | F36: 0
A37: OPS - COUNSELOR | C37: 56003 | D37: 0 | E37: 0 | F37: 0
A38: OPS - PARA-PROFESSIONAL | C38: 56006 | D38: 0 | E38: 0 | F38: 0
A39: OPS - INSTRUCTIONAL SUBSTITUTES | C39: 56100 | D39: 0 | E39: 0 | F39: 0
A40: OPS - OTHER PROFESSIONAL PART-TIME | C40: 56500 | D40: 164734 | E40: 0 | F40: 164734
A41: OPS - TECHNICAL, CLERICAL, TRADE AND SERVICE | C41: 57000 | D41: 63889 | E41: 0 | F41: 63889
A42: STUDENT EMPLOYMENT - INSTITUTIONAL WORK STUDY | C42: 58000 | D42: 0 | E42: 0 | F42: 0
A43: STUDENT EMPLOYMENT - COLLEGE WORK STUDY PROGRAM | C43: 58100 | D43: 0 | E43: 0 | F43: 0
A44: STUDENT EMPLOYMENT - COLLEGE WORK EXPERIENCE PROG. | C44: 58200 | D44: 0 | E44: 0 | F44: 0
A45: STUDENT EMPLOYMENT - STUDENT ASSISTANTS | C45: 58300 | D45: 0 | E45: 0 | F45: 0
A46: EMPLOYEE AWARDS | C46: 58500 | D46: 0 | E46: 0 | F46: 0
A47: SOCIAL SECURITY CONTRIBUTIONS | C47: 59100 | D47: 414606 | E47: 0 | F47: 414606
A48: RETIREMENT CONTRIBUTIONS | C48: 59200 | D48: 622886 | E48: 0 | F48: 622886
A49: ACCRUED LEAVE EXPENSE (COMPENSATED ABSENCES) | C49: 59300 | D49: 0 | E49: 0 | F49: 0
... A55: PERSONNEL EXPENSE CONTINGENCY (BUDGET ONLY) | C55: 59900 | D55: 0 | E55: 0 | F55: 0
A56: TOTAL PERSONNEL COSTS | D56: 6907028 | E56: 0 | F56: 6907028
C60: 2026-27
A61: PLANNED EXPENDITURES | C61: GENERAL LEDGER CODE | D61: UNRESTRICTED SOURCES | E61: RESTRICTED SOURCES | F61: TOTAL UNRESTRICTED AND RESTRICTED SOURCES
A62: CURRENT EXPENSE
A63: TRAVEL | C63: 60500 | D63: 18478 | E63: 0 | F63: 18478
A64: FREIGHT AND POSTAGE | C64: 61000 | D64: 1514 | E64: 0 | F64: 1514
A65: TELECOMMUNICATIONS | C65: 61500 | D65: 0 | E65: 0 | F65: 0
A66: PRINTING | C66: 62000 | D66: 220 | E66: 0 | F66: 220
A67: REPAIRS & MAINTENANCE | C67: 62500 | D67: 0 | E67: 0 | F67: 0
A68: RENTALS | C68: 63000 | D68: 0 | E68: 0 | F68: 0
A69: LEASE PAYMENTS (LONG-TERM/ASSET<$5,000) | C69: 63100 | D69: 0 | E69: 0 | F69: 0
A70: INSURANCE | C70: 63500 | D70: 4000 | E70: 0 | F70: 4000
A71: UTILITIES | C71: 64000 | D71: 0 | E71: 0 | F71: 0
A72: OTHER SERVICES | C72: 64500 | D72: 125319 | E72: 0 | F72: 125319
A73: WORKFORCE/WAGES/GRANT PARTICIPANT SUPPORT COSTS | C73: 64600 | D73: 0 | E73: 0 | F73: 0
A74: SERVICE PROVIDER CONTRACTS - WORKFORCE/WAGES | C74: 64700 | D74: 0 | E74: 0 | F74: 0
A75: PROFESSIONAL FEES | C75: 65000 | D75: 6088 | E75: 0 | F75: 6088
A76: EDUCATIONAL, OFFICE/DEPARTMENT MATERIALS AND SUPPLIES | C76: 65500 | D76: 119477 | E76: 0 | F76: 119477
A77: DATA SOFTWARE - NON-CAPITALIZED | C77: 65700 | D77: 2000 | E77: 0 | F77: 2000
A78: MAINTENANCE AND CONSTRUCTION MATERIALS AND SUPPLIES | C78: 66000 | D78: 0 | E78: 0 | F78: 0
A79: OTHER MATERIALS AND SUPPLIES | C79: 66500 | D79: 3824 | E79: 0 | F79: 3824
A80: LIBRARY RESOURCES | C80: 67000 | D80: 0 | E80: 0 | F80: 0
A81: NON-COMMODITY FOOD FOR RESALE | C81: 67500 | D81: 0 | E81: 0 | F81: 0
... A86: PAYMENT ON DEBT PRINCIPAL | C86: 69000 | D86: 0 | E86: 0 | F86: 0
A87: MANDATORY TRANSFERS OUT | C87: 69100 | D87: 0 | E87: 0 | F87: 0
A88: NONMANDATORY TRANSFERS OUT | C88: 69200 | D88: 0 | E88: 0 | F88: 0
A89: OTHER EXPENSES | C89: 69500 | D89: 139 | E89: 0 | F89: 139
A90: PRIOR YEAR CORRECTIONS | C90: 69600 | D90: 0 | E90: 0 | F90: 0
A91: CURRENT EXPENSE CONTINGENCY (BUDGET ONLY) | C91: 69900 | D91: 0 | E91: 0 | F91: 0
A92: TOTAL CURRENT EXPENSE | D92: 281059 | E92: 0 | F92: 281059
C95: 2026-27
A96: CAPITAL OUTLAY | C96: GENERAL LEDGER CODE | D96: UNRESTRICTED SOURCES | E96: RESTRICTED SOURCES | F96: TOTAL UNRESTRICTED AND RESTRICTED SOURCES
A97: MINOR EQUIPMENT - NON-CAPITALIZED, NON INVENTORIED | C97: 70500 | D97: 0 | E97: 0 | F97: 0
A98: MINOR EQUIPMENT - NON CAPITALIZED INVENTORIED | C98: 70600 | D98: 8226 | E98: 0 | F98: 8226
A99: FURNITURE AND EQUIPMENT | C99: 71000 | D99: 32792 | E99: 0 | F99: 32792
A100: DATA SOFTWARE | C100: 72000 | D100: 0 | E100: 0 | F100: 0
A101: BUILDINGS AND FIXED EQUIPMENT | C101: 75000 | D101: 0 | E101: 0 | F101: 0
A102: OTHER LICENSES | C102: 73001 | D102: 0 | E102: 0 | F102: 0
A103: DATA LICENSES - PERPETUAL | C103: 73002 | D103: 0 | E103: 0 | F103: 0
A104: ARTWORK/ARTIFACT | C104: 73050 | D104: 0 | E104: 0 | F104: 0
A105: LEASE PAYMENTS, CAPITALIZED | C105: 73100 | D105: 0 | E105: 0 | F105: 0
A106: REMODELING & RENOVATION, NON-CAPITALIZED REPAIRS & MAINTENANCE, & OTHER STRUCTURES & IMPROVEMENTS | C106: 76000 | D106: 0 | E106: 0 | F106: 0
A107: LAND | C107: 77000 | D107: 0 | E107: 0 | F107: 0
A108: OTHER STRUCTURES, LAND IMPROVEMENTS | C108: 79000 | D108: 0 | E108: 0 | F108: 0
A109: CAPITAL OUTLAY CONTINGENCY (BUDGET ONLY) | C109: 79900 | D109: 0 | E109: 0 | F109: 0
A110: TOTAL CAPITAL OUTLAY | D110: 41018 | E110: 0 | F110: 41018
A112: GRAND TOTAL EXPENDITURES | D112: 7229105 | E112: 0 | F112: 7229105
A115: SOURCES OF FUNDS | C115: GENERAL LEDGER CODE | D115: UNRESTRICTED SOURCES | E115: RESTRICTED SOURCES | F115: TOTAL UNRESTRICTED AND RESTRICTED SOURCES
A116: 1. SPECIAL STATE NONRECURRING | D116: 0 | E116: 0 | F116: 0
A117: 2. UPPER LEVEL - RESIDENT STUDENT TUITION | D117: 7229105 | E117: 0 | F117: 7229105
A118: UPPER LEVEL - NONRESIDENT STUDENT TUITION | D118: 0 | E118: 0 | F118: 0
A119: UPPER LEVEL - OTHER STUDENT FEES | D119: 0 | E119: 0 | F119: 0
A120: 3. CONTRIBUTIONS OR MATCHING GRANTS | D120: 0 | E120: 0 | F120: 0
...

Sheet North Florida
A1: COLLEGE: | B1: North Florida College
A2: UPPER LEVEL PLANNED EXPENDITURES AND SOURCES OF FUNDS
A3: BACCALAUREATE DEGREE PROGRAM COLLEGE OPERATING BUDGET
A4: FISCAL YEAR 2026-27
A7: Enter amounts only for cells highlighted in light yellow. | C7: 2026-27
A8: PLANNED EXPENDITURES | C8: GENERAL LEDGER CODE | D8: UNRESTRICTED SOURCES | E8: RESTRICTED SOURCES | F8: TOTAL UNRESTRICTED AND RESTRICTED SOURCES
A9: PERSONNEL COSTS
A10: EXECUTIVE MANAGEMENT | C10: 51000 | D10: 0 | E10: 0 | F10: 0
A11: INSTRUCTIONAL MANAGEMENT | C11: 51100 | D11: 42532 | E11: 0 | F11: 42532
A12: INSTITUTIONAL MANAGEMENT | C12: 51200 | D12: 0 | E12: 0 | F12: 0
A13: EXECUTIVE, ADMINISTRATIVE, MANAGERIAL SABBATICAL | C13: 51400 | D13: 0 | E13: 0 | F13: 0
A14: EXECUTIVE, ADMINISTRATIVE, MANAGERIAL REGULAR PART-TIME | C14: 51500 | D14: 0 | E14: 0 | F14: 0
A15: INSTRUCTIONAL | C15: 52000 | D15: 210515 | E15: 0 | F15: 210515
A16: INSTRUCTIONAL - OVERLOAD/SUPPLEMENTAL | C16: 52100 | D16: 30000 | E16: 0 | F16: 30000
A17: INSTRUCTIONAL - SUBSTITUTION | C17: 52200 | D17: 0 | E17: 0 | F17: 0
A18: INSTRUCTIONAL - PARA-PROFESSIONAL/ASSOCIATE/ASSISTANT | C18: 52300 | D18: 0 | E18: 0 | F18: 0
A19: INSTRUCTIONAL - SABBATICAL | C19: 52400 | D19: 0 | E19: 0 | F19: 0
A20: INSTRUCTIONAL (PHASED RETIREMENT ) | C20: 52500 | D20: 0 | E20: 0 | F20: 0
A21: INSTRUCTIONAL (PHASED RETIREMENT ) - INSTRUCTOR/PROFESSOR | C21: 52501 | D21: 0 | E21: 0 | F21: 0
A22: INSTRUCTIONAL (PHASED RETIREMENT) - LIBRARIAN | C22: 52502 | D22: 0 | E22: 0 | F22: 0
A23: INSTRUCTIONAL (PHASED RETIREMENT) - COUNSELOR | C23: 52503 | D23: 0 | E23: 0 | F23: 0
A24: INSTRUCTIONAL (PHASED RETIREMENT) - REGULAR PART-TIME (FRS PARTICIPANT) | C24: 52504 | D24: 0 | E24: 0 | F24: 0
A25: OTHER PROFESSIONAL | C25: 53000 | D25: 0 | E25: 0 | F25: 0
A26: OTHER PROFESSIONAL - OVERLOAD/SUPPLEMENTAL | C26: 53100 | D26: 0 | E26: 0 | F26: 0
A27: OTHER PROFESSIONAL - SUBSTITUTION | C27: 53200 | D27: 0 | E27: 0 | F27: 0
A28: OTHER PROFESSIONAL - PARA-PROFESSIONAL/ASSOCIATE/ASSISTANT | C28: 53300 | D28: 0 | E28: 0 | F28: 0
A29: OTHER PROFESSIONAL - REGULAR PART-TIME | C29: 53500 | D29: 0 | E29: 0 | F29: 0
A30: TECHNICAL, CLERICAL, TRADE AND SERVICE | C30: 54000 | D30: 0 | E30: 0 | F30: 0
A31: TECHNICAL, CLERICAL, TRADE AND SERVICE - OVERTIME | C31: 54100 | D31: 0 | E31: 0 | F31: 0
A32: TECHNICAL, CLERICAL, TRADE AND SERVICE - REGULAR (PART-TIME) | C32: 54500 | D32: 0 | E32: 0 | F32: 0
... A34: OPS - INSTRUCTIONAL | C34: 56000 | D34: 49000 | E34: 0 | F34: 49000
A35: OPS - INSTRUCTIONAL/ADJUNCT INSTRUCTOR | C35: 56001 | D35: 0 | E35: 0 | F35: 0
A36: OPS - LIBRARIAN | C36: 56002 | D36: 0 | E36: 0 | F36: 0
A37: OPS - COUNSELOR | C37: 56003 | D37: 0 | E37: 0 | F37: 0
A38: OPS - PARA-PROFESSIONAL | C38: 56006 | D38: 0 | E38: 0 | F38: 0
A39: OPS - INSTRUCTIONAL SUBSTITUTES | C39: 56100 | D39: 0 | E39: 0 | F39: 0
A40: OPS - OTHER PROFESSIONAL PART-TIME | C40: 56500 | D40: 0 | E40: 0 | F40: 0
A41: OPS - TECHNICAL, CLERICAL, TRADE AND SERVICE | C41: 57000 | D41: 0 | E41: 0 | F41: 0
A42: STUDENT EMPLOYMENT - INSTITUTIONAL WORK STUDY | C42: 58000 | D42: 0 | E42: 0 | F42: 0
A43: STUDENT EMPLOYMENT - COLLEGE WORK STUDY PROGRAM | C43: 58100 | D43: 0 | E43: 0 | F43: 0
A44: STUDENT EMPLOYMENT - COLLEGE WORK EXPERIENCE PROG. | C44: 58200 | D44: 0 | E44: 0 | F44: 0
A45: STUDENT EMPLOYMENT - STUDENT ASSISTANTS | C45: 58300 | D45: 0 | E45: 0 | F45: 0
A46: EMPLOYEE AWARDS | C46: 58500 | D46: 0 | E46: 0 | F46: 0
A47: SOCIAL SECURITY CONTRIBUTIONS | C47: 59100 | D47: 18292 | E47: 0 | F47: 18292
A48: RETIREMENT CONTRIBUTIONS | C48: 59200 | D48: 31865 | E48: 0 | F48: 31865
A49: ACCRUED LEAVE EXPENSE (COMPENSATED ABSENCES) | C49: 59300 | D49: 0 | E49: 0 | F49: 0
... A55: PERSONNEL EXPENSE CONTINGENCY (BUDGET ONLY) | C55: 59900 | D55: 0 | E55: 0 | F55: 0
A56: TOTAL PERSONNEL COSTS | D56: 456963 | E56: 0 | F56: 456963
C60: 2026-27
A61: PLANNED EXPENDITURES | C61: GENERAL LEDGER CODE | D61: UNRESTRICTED SOURCES | E61: RESTRICTED SOURCES | F61: TOTAL UNRESTRICTED AND RESTRICTED SOURCES
A62: CURRENT EXPENSE
A63: TRAVEL | C63: 60500 | D63: 500 | E63: 0 | F63: 500
A64: FREIGHT AND POSTAGE | C64: 61000 | D64: 30 | E64: 0 | F64: 30
A65: TELECOMMUNICATIONS | C65: 61500 | D65: 0 | E65: 0 | F65: 0
A66: PRINTING | C66: 62000 | D66: 0 | E66: 0 | F66: 0
A67: REPAIRS & MAINTENANCE | C67: 62500 | D67: 0 | E67: 0 | F67: 0
A68: RENTALS | C68: 63000 | D68: 0 | E68: 0 | F68: 0
A69: LEASE PAYMENTS (LONG-TERM/ASSET<$5,000) | C69: 63100 | D69: 0 | E69: 0 | F69: 0
A70: INSURANCE | C70: 63500 | D70: 0 | E70: 0 | F70: 0
A71: UTILITIES | C71: 64000 | D71: 0 | E71: 0 | F71: 0
A72: OTHER SERVICES | C72: 64500 | D72: 100 | E72: 0 | F72: 100
A73: WORKFORCE/WAGES/GRANT PARTICIPANT SUPPORT COSTS | C73: 64600 | D73: 0 | E73: 0 | F73: 0
A74: SERVICE PROVIDER CONTRACTS - WORKFORCE/WAGES | C74: 64700 | D74: 0 | E74: 0 | F74: 0
A75: PROFESSIONAL FEES | C75: 65000 | D75: 21500 | E75: 0 | F75: 21500
A76: EDUCATIONAL, OFFICE/DEPARTMENT MATERIALS AND SUPPLIES | C76: 65500 | D76: 1800 | E76: 0 | F76: 1800
A77: DATA SOFTWARE - NON-CAPITALIZED | C77: 65700 | D77: 500 | E77: 0 | F77: 500
A78: MAINTENANCE AND CONSTRUCTION MATERIALS AND SUPPLIES | C78: 66000 | D78: 0 | E78: 0 | F78: 0
A79: OTHER MATERIALS AND SUPPLIES | C79: 66500 | D79: 0 | E79: 0 | F79: 0
A80: LIBRARY RESOURCES | C80: 67000 | D80: 0 | E80: 0 | F80: 0
A81: NON-COMMODITY FOOD FOR RESALE | C81: 67500 | D81: 0 | E81: 0 | F81: 0
... A86: PAYMENT ON DEBT PRINCIPAL | C86: 69000 | D86: 0 | E86: 0 | F86: 0
A87: MANDATORY TRANSFERS OUT | C87: 69100 | D87: 0 | E87: 0 | F87: 0
A88: NONMANDATORY TRANSFERS OUT | C88: 69200 | D88: 0 | E88: 0 | F88: 0
A89: OTHER EXPENSES | C89: 69500 | D89: 0 | E89: 0 | F89: 0
A90: PRIOR YEAR CORRECTIONS | C90: 69600 | D90: 0 | E90: 0 | F90: 0
A91: CURRENT EXPENSE CONTINGENCY (BUDGET ONLY) | C91: 69900 | D91: 0 | E91: 0 | F91: 0
A92: TOTAL CURRENT EXPENSE | D92: 24430 | E92: 0 | F92: 24430
C95: 2026-27
A96: CAPITAL OUTLAY | C96: GENERAL LEDGER CODE | D96: UNRESTRICTED SOURCES | E96: RESTRICTED SOURCES | F96: TOTAL UNRESTRICTED AND RESTRICTED SOURCES
A97: MINOR EQUIPMENT - NON-CAPITALIZED, NON INVENTORIED | C97: 70500 | D97: 0 | E97: 0 | F97: 0
A98: MINOR EQUIPMENT - NON CAPITALIZED INVENTORIED | C98: 70600 | D98: 0 | E98: 0 | F98: 0
A99: FURNITURE AND EQUIPMENT | C99: 71000 | D99: 3000 | E99: 0 | F99: 3000
A100: DATA SOFTWARE | C100: 72000 | D100: 0 | E100: 0 | F100: 0
A101: BUILDINGS AND FIXED EQUIPMENT | C101: 75000 | D101: 0 | E101: 0 | F101: 0
A102: OTHER LICENSES | C102: 73001 | D102: 0 | E102: 0 | F102: 0
A103: DATA LICENSES - PERPETUAL | C103: 73002 | D103: 0 | E103: 0 | F103: 0
A104: ARTWORK/ARTIFACT | C104: 73050 | D104: 0 | E104: 0 | F104: 0
A105: LEASE PAYMENTS, CAPITALIZED | C105: 73100 | D105: 0 | E105: 0 | F105: 0
A106: REMODELING & RENOVATION, NON-CAPITALIZED REPAIRS & MAINTENANCE, & OTHER STRUCTURES & IMPROVEMENTS | C106: 76000 | D106: 0 | E106: 0 | F106: 0
A107: LAND | C107: 77000 | D107: 0 | E107: 0 | F107: 0
A108: OTHER STRUCTURES, LAND IMPROVEMENTS | C108: 79000 | D108: 0 | E108: 0 | F108: 0
A109: CAPITAL OUTLAY CONTINGENCY (BUDGET ONLY) | C109: 79900 | D109: 0 | E109: 0 | F109: 0
A110: TOTAL CAPITAL OUTLAY | D110: 3000 | E110: 0 | F110: 3000
A112: GRAND TOTAL EXPENDITURES | D112: 484393 | E112: 0 | F112: 484393
A115: SOURCES OF FUNDS | C115: GENERAL LEDGER CODE | D115: UNRESTRICTED SOURCES | E115: RESTRICTED SOURCES | F115: TOTAL UNRESTRICTED AND RESTRICTED SOURCES
A116: 1. SPECIAL STATE NONRECURRING | D116: 0 | E116: 0 | F116: 0
A117: 2. UPPER LEVEL - RESIDENT STUDENT TUITION | D117: 160174 | E117: 0 | F117: 160174
A118: UPPER LEVEL - NONRESIDENT STUDENT TUITION | D118: 28178 | E118: 0 | F118: 28178
A119: UPPER LEVEL - OTHER STUDENT FEES | D119: 0 | E119: 0 | F119: 0
A120: 3. CONTRIBUTIONS OR MATCHING GRANTS | D120: 0 | E120: 0 | F120: 0
...

Sheet Northwest Florida
A1: COLLEGE: | B1: Northwest Florida State College
A2: UPPER LEVEL PLANNED EXPENDITURES AND SOURCES OF FUNDS
A3: BACCALAUREATE DEGREE PROGRAM COLLEGE OPERATING BUDGET
A4: FISCAL YEAR 2026-27
A7: Enter amounts only for cells highlighted in light yellow. | C7: 2026-27
A8: PLANNED EXPENDITURES | C8: GENERAL LEDGER CODE | D8: UNRESTRICTED SOURCES | E8: RESTRICTED SOURCES | F8: TOTAL UNRESTRICTED AND RESTRICTED SOURCES
A9: PERSONNEL COSTS
A10: EXECUTIVE MANAGEMENT | C10: 51000 | D10: 0 | E10: 0 | F10: 0
A11: INSTRUCTIONAL MANAGEMENT | C11: 51100 | D11: 0 | E11: 0 | F11: 0
A12: INSTITUTIONAL MANAGEMENT | C12: 51200 | D12: 94013 | E12: 0 | F12: 94013
A13: EXECUTIVE, ADMINISTRATIVE, MANAGERIAL SABBATICAL | C13: 51400 | D13: 0 | E13: 0 | F13: 0
A14: EXECUTIVE, ADMINISTRATIVE, MANAGERIAL REGULAR PART-TIME | C14: 51500 | D14: 0 | E14: 0 | F14: 0
A15: INSTRUCTIONAL | C15: 52000 | D15: 313068 | E15: 0 | F15: 313068
A16: INSTRUCTIONAL - OVERLOAD/SUPPLEMENTAL | C16: 52100 | D16: 116359 | E16: 0 | F16: 116359
A17: INSTRUCTIONAL - SUBSTITUTION | C17: 52200 | D17: 0 | E17: 0 | F17: 0
A18: INSTRUCTIONAL - PARA-PROFESSIONAL/ASSOCIATE/ASSISTANT | C18: 52300 | D18: 0 | E18: 0 | F18: 0
A19: INSTRUCTIONAL - SABBATICAL | C19: 52400 | D19: 0 | E19: 0 | F19: 0
A20: INSTRUCTIONAL (PHASED RETIREMENT ) | C20: 52500 | D20: 0 | E20: 0 | F20: 0
A21: INSTRUCTIONAL (PHASED RETIREMENT ) - INSTRUCTOR/PROFESSOR | C21: 52501 | D21: 0 | E21: 0 | F21: 0
A22: INSTRUCTIONAL (PHASED RETIREMENT) - LIBRARIAN | C22: 52502 | D22: 0 | E22: 0 | F22: 0
A23: INSTRUCTIONAL (PHASED RETIREMENT) - COUNSELOR | C23: 52503 | D23: 0 | E23: 0 | F23: 0
A24: INSTRUCTIONAL (PHASED RETIREMENT) - REGULAR PART-TIME (FRS PARTICIPANT) | C24: 52504 | D24: 0 | E24: 0 | F24: 0
A25: OTHER PROFESSIONAL | C25: 53000 | D25: 0 | E25: 0 | F25: 0
A26: OTHER PROFESSIONAL - OVERLOAD/SUPPLEMENTAL | C26: 53100 | D26: 0 | E26: 0 | F26: 0
A27: OTHER PROFESSIONAL - SUBSTITUTION | C27: 53200 | D27: 0 | E27: 0 | F27: 0
A28: OTHER PROFESSIONAL - PARA-PROFESSIONAL/ASSOCIATE/ASSISTANT | C28: 53300 | D28: 0 | E28: 0 | F28: 0
A29: OTHER PROFESSIONAL - REGULAR PART-TIME | C29: 53500 | D29: 0 | E29: 0 | F29: 0
A30: TECHNICAL, CLERICAL, TRADE AND SERVICE | C30: 54000 | D30: 33835 | E30: 0 | F30: 33835
A31: TECHNICAL, CLERICAL, TRADE AND SERVICE - OVERTIME | C31: 54100 | D31: 0 | E31: 0 | F31: 0
A32: TECHNICAL, CLERICAL, TRADE AND SERVICE - REGULAR (PART-TIME) | C32: 54500 | D32: 0 | E32: 0 | F32: 0
... A34: OPS - INSTRUCTIONAL | C34: 56000 | D34: 0 | E34: 0 | F34: 0
A35: OPS - INSTRUCTIONAL/ADJUNCT INSTRUCTOR | C35: 56001 | D35: 147171 | E35: 0 | F35: 147171
A36: OPS - LIBRARIAN | C36: 56002 | D36: 0 | E36: 0 | F36: 0
A37: OPS - COUNSELOR | C37: 56003 | D37: 0 | E37: 0 | F37: 0
A38: OPS - PARA-PROFESSIONAL | C38: 56006 | D38: 0 | E38: 0 | F38: 0
A39: OPS - INSTRUCTIONAL SUBSTITUTES | C39: 56100 | D39: 0 | E39: 0 | F39: 0
A40: OPS - OTHER PROFESSIONAL PART-TIME | C40: 56500 | D40: 0 | E40: 0 | F40: 0
A41: OPS - TECHNICAL, CLERICAL, TRADE AND SERVICE | C41: 57000 | D41: 0 | E41: 0 | F41: 0
A42: STUDENT EMPLOYMENT - INSTITUTIONAL WORK STUDY | C42: 58000 | D42: 0 | E42: 0 | F42: 0
A43: STUDENT EMPLOYMENT - COLLEGE WORK STUDY PROGRAM | C43: 58100 | D43: 0 | E43: 0 | F43: 0
A44: STUDENT EMPLOYMENT - COLLEGE WORK EXPERIENCE PROG. | C44: 58200 | D44: 0 | E44: 0 | F44: 0
A45: STUDENT EMPLOYMENT - STUDENT ASSISTANTS | C45: 58300 | D45: 0 | E45: 0 | F45: 0
A46: EMPLOYEE AWARDS | C46: 58500 | D46: 0 | E46: 0 | F46: 0
A47: SOCIAL SECURITY CONTRIBUTIONS | C47: 59100 | D47: 43000 | E47: 0 | F47: 43000
A48: RETIREMENT CONTRIBUTIONS | C48: 59200 | D48: 53881 | E48: 0 | F48: 53881
A49: ACCRUED LEAVE EXPENSE (COMPENSATED ABSENCES) | C49: 59300 | D49: 0 | E49: 0 | F49: 0
... A55: PERSONNEL EXPENSE CONTINGENCY (BUDGET ONLY) | C55: 59900 | D55: 0 | E55: 0 | F55: 0
A56: TOTAL PERSONNEL COSTS | D56: 859434 | E56: 0 | F56: 859434
C60: 2026-27
A61: PLANNED EXPENDITURES | C61: GENERAL LEDGER CODE | D61: UNRESTRICTED SOURCES | E61: RESTRICTED SOURCES | F61: TOTAL UNRESTRICTED AND RESTRICTED SOURCES
A62: CURRENT EXPENSE
A63: TRAVEL | C63: 60500 | D63: 1807 | E63: 0 | F63: 1807
A64: FREIGHT AND POSTAGE | C64: 61000 | D64: 0 | E64: 0 | F64: 0
A65: TELECOMMUNICATIONS | C65: 61500 | D65: 0 | E65: 0 | F65: 0
A66: PRINTING | C66: 62000 | D66: 560 | E66: 0 | F66: 560
A67: REPAIRS & MAINTENANCE | C67: 62500 | D67: 0 | E67: 0 | F67: 0
A68: RENTALS | C68: 63000 | D68: 0 | E68: 0 | F68: 0
A69: LEASE PAYMENTS (LONG-TERM/ASSET<$5,000) | C69: 63100 | D69: 0 | E69: 0 | F69: 0
A70: INSURANCE | C70: 63500 | D70: 0 | E70: 0 | F70: 0
A71: UTILITIES | C71: 64000 | D71: 0 | E71: 0 | F71: 0
A72: OTHER SERVICES | C72: 64500 | D72: 685 | E72: 0 | F72: 685
A73: WORKFORCE/WAGES/GRANT PARTICIPANT SUPPORT COSTS | C73: 64600 | D73: 0 | E73: 0 | F73: 0
A74: SERVICE PROVIDER CONTRACTS - WORKFORCE/WAGES | C74: 64700 | D74: 0 | E74: 0 | F74: 0
A75: PROFESSIONAL FEES | C75: 65000 | D75: 0 | E75: 0 | F75: 0
A76: EDUCATIONAL, OFFICE/DEPARTMENT MATERIALS AND SUPPLIES | C76: 65500 | D76: 4509 | E76: 0 | F76: 4509
A77: DATA SOFTWARE - NON-CAPITALIZED | C77: 65700 | D77: 0 | E77: 0 | F77: 0
A78: MAINTENANCE AND CONSTRUCTION MATERIALS AND SUPPLIES | C78: 66000 | D78: 0 | E78: 0 | F78: 0
A79: OTHER MATERIALS AND SUPPLIES | C79: 66500 | D79: 174 | E79: 0 | F79: 174
A80: LIBRARY RESOURCES | C80: 67000 | D80: 0 | E80: 0 | F80: 0
A81: NON-COMMODITY FOOD FOR RESALE | C81: 67500 | D81: 0 | E81: 0 | F81: 0
... A86: PAYMENT ON DEBT PRINCIPAL | C86: 69000 | D86: 0 | E86: 0 | F86: 0
A87: MANDATORY TRANSFERS OUT | C87: 69100 | D87: 0 | E87: 0 | F87: 0
A88: NONMANDATORY TRANSFERS OUT | C88: 69200 | D88: 0 | E88: 0 | F88: 0
A89: OTHER EXPENSES | C89: 69500 | D89: 0 | E89: 0 | F89: 0
A90: PRIOR YEAR CORRECTIONS | C90: 69600 | D90: 0 | E90: 0 | F90: 0
A91: CURRENT EXPENSE CONTINGENCY (BUDGET ONLY) | C91: 69900 | D91: 0 | E91: 0 | F91: 0
A92: TOTAL CURRENT EXPENSE | D92: 7735 | E92: 0 | F92: 7735
C95: 2026-27
A96: CAPITAL OUTLAY | C96: GENERAL LEDGER CODE | D96: UNRESTRICTED SOURCES | E96: RESTRICTED SOURCES | F96: TOTAL UNRESTRICTED AND RESTRICTED SOURCES
A97: MINOR EQUIPMENT - NON-CAPITALIZED, NON INVENTORIED | C97: 70500 | D97: 0 | E97: 0 | F97: 0
A98: MINOR EQUIPMENT - NON CAPITALIZED INVENTORIED | C98: 70600 | D98: 0 | E98: 0 | F98: 0
A99: FURNITURE AND EQUIPMENT | C99: 71000 | D99: 0 | E99: 0 | F99: 0
A100: DATA SOFTWARE | C100: 72000 | D100: 0 | E100: 0 | F100: 0
A101: BUILDINGS AND FIXED EQUIPMENT | C101: 75000 | D101: 0 | E101: 0 | F101: 0
A102: OTHER LICENSES | C102: 73001 | D102: 0 | E102: 0 | F102: 0
A103: DATA LICENSES - PERPETUAL | C103: 73002 | D103: 0 | E103: 0 | F103: 0
A104: ARTWORK/ARTIFACT | C104: 73050 | D104: 0 | E104: 0 | F104: 0
A105: LEASE PAYMENTS, CAPITALIZED | C105: 73100 | D105: 0 | E105: 0 | F105: 0
A106: REMODELING & RENOVATION, NON-CAPITALIZED REPAIRS & MAINTENANCE, & OTHER STRUCTURES & IMPROVEMENTS | C106: 76000 | D106: 0 | E106: 0 | F106: 0
A107: LAND | C107: 77000 | D107: 0 | E107: 0 | F107: 0
A108: OTHER STRUCTURES, LAND IMPROVEMENTS | C108: 79000 | D108: 0 | E108: 0 | F108: 0
A109: CAPITAL OUTLAY CONTINGENCY (BUDGET ONLY) | C109: 79900 | D109: 0 | E109: 0 | F109: 0
A110: TOTAL CAPITAL OUTLAY | D110: 0 | E110: 0 | F110: 0
A112: GRAND TOTAL EXPENDITURES | D112: 867169 | E112: 0 | F112: 867169
A115: SOURCES OF FUNDS | C115: GENERAL LEDGER CODE | D115: UNRESTRICTED SOURCES | E115: RESTRICTED SOURCES | F115: TOTAL UNRESTRICTED AND RESTRICTED SOURCES
A116: 1. SPECIAL STATE NONRECURRING | D116: 0 | E116: 0 | F116: 0
A117: 2. UPPER LEVEL - RESIDENT STUDENT TUITION | D117: 830108 | E117: 0 | F117: 830108
A118: UPPER LEVEL - NONRESIDENT STUDENT TUITION | D118: 16877 | E118: 0 | F118: 16877
A119: UPPER LEVEL - OTHER STUDENT FEES | D119: 0 | E119: 0 | F119: 0
A120: 3. CONTRIBUTIONS OR MATCHING GRANTS | D120: 0 | E120: 0 | F120: 0
...

Sheet Palm Beach
A1: COLLEGE: | B1: Palm Beach State College
A2: UPPER LEVEL PLANNED EXPENDITURES AND SOURCES OF FUNDS
A3: BACCALAUREATE DEGREE PROGRAM COLLEGE OPERATING BUDGET
A4: FISCAL YEAR 2026-27
A7: Enter amounts only for cells highlighted in light yellow. | C7: 2026-27
A8: PLANNED EXPENDITURES | C8: GENERAL LEDGER CODE | D8: UNRESTRICTED SOURCES | E8: RESTRICTED SOURCES | F8: TOTAL UNRESTRICTED AND RESTRICTED SOURCES
A9: PERSONNEL COSTS
A10: EXECUTIVE MANAGEMENT | C10: 51000 | D10: 0 | E10: 0 | F10: 0
A11: INSTRUCTIONAL MANAGEMENT | C11: 51100 | D11: 307985 | E11: 0 | F11: 307985
A12: INSTITUTIONAL MANAGEMENT | C12: 51200 | D12: 1778318 | E12: 0 | F12: 1778318
A13: EXECUTIVE, ADMINISTRATIVE, MANAGERIAL SABBATICAL | C13: 51400 | D13: 0 | E13: 0 | F13: 0
A14: EXECUTIVE, ADMINISTRATIVE, MANAGERIAL REGULAR PART-TIME | C14: 51500 | D14: 0 | E14: 0 | F14: 0
A15: INSTRUCTIONAL | C15: 52000 | D15: 0 | E15: 0 | F15: 0
A16: INSTRUCTIONAL - OVERLOAD/SUPPLEMENTAL | C16: 52100 | D16: 500969 | E16: 0 | F16: 500969
A17: INSTRUCTIONAL - SUBSTITUTION | C17: 52200 | D17: 0 | E17: 0 | F17: 0
A18: INSTRUCTIONAL - PARA-PROFESSIONAL/ASSOCIATE/ASSISTANT | C18: 52300 | D18: 0 | E18: 0 | F18: 0
A19: INSTRUCTIONAL - SABBATICAL | C19: 52400 | D19: 0 | E19: 0 | F19: 0
A20: INSTRUCTIONAL (PHASED RETIREMENT ) | C20: 52500 | D20: 0 | E20: 0 | F20: 0
A21: INSTRUCTIONAL (PHASED RETIREMENT ) - INSTRUCTOR/PROFESSOR | C21: 52501 | D21: 0 | E21: 0 | F21: 0
A22: INSTRUCTIONAL (PHASED RETIREMENT) - LIBRARIAN | C22: 52502 | D22: 0 | E22: 0 | F22: 0
A23: INSTRUCTIONAL (PHASED RETIREMENT) - COUNSELOR | C23: 52503 | D23: 0 | E23: 0 | F23: 0
A24: INSTRUCTIONAL (PHASED RETIREMENT) - REGULAR PART-TIME (FRS PARTICIPANT) | C24: 52504 | D24: 0 | E24: 0 | F24: 0
A25: OTHER PROFESSIONAL | C25: 53000 | D25: 244946 | E25: 0 | F25: 244946
A26: OTHER PROFESSIONAL - OVERLOAD/SUPPLEMENTAL | C26: 53100 | D26: 0 | E26: 0 | F26: 0
A27: OTHER PROFESSIONAL - SUBSTITUTION | C27: 53200 | D27: 0 | E27: 0 | F27: 0
A28: OTHER PROFESSIONAL - PARA-PROFESSIONAL/ASSOCIATE/ASSISTANT | C28: 53300 | D28: 0 | E28: 0 | F28: 0
A29: OTHER PROFESSIONAL - REGULAR PART-TIME | C29: 53500 | D29: 0 | E29: 0 | F29: 0
A30: TECHNICAL, CLERICAL, TRADE AND SERVICE | C30: 54000 | D30: 86827 | E30: 0 | F30: 86827
A31: TECHNICAL, CLERICAL, TRADE AND SERVICE - OVERTIME | C31: 54100 | D31: 30 | E31: 0 | F31: 30
A32: TECHNICAL, CLERICAL, TRADE AND SERVICE - REGULAR (PART-TIME) | C32: 54500 | D32: 0 | E32: 0 | F32: 0
... A34: OPS - INSTRUCTIONAL | C34: 56000 | D34: 960013 | E34: 0 | F34: 960013
A35: OPS - INSTRUCTIONAL/ADJUNCT INSTRUCTOR | C35: 56001 | D35: 0 | E35: 0 | F35: 0
A36: OPS - LIBRARIAN | C36: 56002 | D36: 0 | E36: 0 | F36: 0
A37: OPS - COUNSELOR | C37: 56003 | D37: 0 | E37: 0 | F37: 0
A38: OPS - PARA-PROFESSIONAL | C38: 56006 | D38: 0 | E38: 0 | F38: 0
A39: OPS - INSTRUCTIONAL SUBSTITUTES | C39: 56100 | D39: 327 | E39: 0 | F39: 327
A40: OPS - OTHER PROFESSIONAL PART-TIME | C40: 56500 | D40: 0 | E40: 0 | F40: 0
A41: OPS - TECHNICAL, CLERICAL, TRADE AND SERVICE | C41: 57000 | D41: 8713 | E41: 0 | F41: 8713
A42: STUDENT EMPLOYMENT - INSTITUTIONAL WORK STUDY | C42: 58000 | D42: 0 | E42: 0 | F42: 0
A43: STUDENT EMPLOYMENT - COLLEGE WORK STUDY PROGRAM | C43: 58100 | D43: 0 | E43: 0 | F43: 0
A44: STUDENT EMPLOYMENT - COLLEGE WORK EXPERIENCE PROG. | C44: 58200 | D44: 0 | E44: 0 | F44: 0
A45: STUDENT EMPLOYMENT - STUDENT ASSISTANTS | C45: 58300 | D45: 0 | E45: 0 | F45: 0
A46: EMPLOYEE AWARDS | C46: 58500 | D46: 0 | E46: 0 | F46: 0
A47: SOCIAL SECURITY CONTRIBUTIONS | C47: 59100 | D47: 242768 | E47: 0 | F47: 242768
A48: RETIREMENT CONTRIBUTIONS | C48: 59200 | D48: 440239 | E48: 0 | F48: 440239
A49: ACCRUED LEAVE EXPENSE (COMPENSATED ABSENCES) | C49: 59300 | D49: 0 | E49: 0 | F49: 0
... A55: PERSONNEL EXPENSE CONTINGENCY (BUDGET ONLY) | C55: 59900 | D55: 0 | E55: 0 | F55: 0
A56: TOTAL PERSONNEL COSTS | D56: 5108580 | E56: 0 | F56: 5108580
C60: 2026-27
A61: PLANNED EXPENDITURES | C61: GENERAL LEDGER CODE | D61: UNRESTRICTED SOURCES | E61: RESTRICTED SOURCES | F61: TOTAL UNRESTRICTED AND RESTRICTED SOURCES
A62: CURRENT EXPENSE
A63: TRAVEL | C63: 60500 | D63: 17500 | E63: 0 | F63: 17500
A64: FREIGHT AND POSTAGE | C64: 61000 | D64: 0 | E64: 0 | F64: 0
A65: TELECOMMUNICATIONS | C65: 61500 | D65: 0 | E65: 0 | F65: 0
A66: PRINTING | C66: 62000 | D66: 0 | E66: 0 | F66: 0
A67: REPAIRS & MAINTENANCE | C67: 62500 | D67: 0 | E67: 0 | F67: 0
A68: RENTALS | C68: 63000 | D68: 0 | E68: 0 | F68: 0
A69: LEASE PAYMENTS (LONG-TERM/ASSET<$5,000) | C69: 63100 | D69: 0 | E69: 0 | F69: 0
A70: INSURANCE | C70: 63500 | D70: 0 | E70: 0 | F70: 0
A71: UTILITIES | C71: 64000 | D71: 0 | E71: 0 | F71: 0
A72: OTHER SERVICES | C72: 64500 | D72: 0 | E72: 0 | F72: 0
A73: WORKFORCE/WAGES/GRANT PARTICIPANT SUPPORT COSTS | C73: 64600 | D73: 0 | E73: 0 | F73: 0
A74: SERVICE PROVIDER CONTRACTS - WORKFORCE/WAGES | C74: 64700 | D74: 0 | E74: 0 | F74: 0
A75: PROFESSIONAL FEES | C75: 65000 | D75: 21782 | E75: 0 | F75: 21782
A76: EDUCATIONAL, OFFICE/DEPARTMENT MATERIALS AND SUPPLIES | C76: 65500 | D76: 28594 | E76: 0 | F76: 28594
A77: DATA SOFTWARE - NON-CAPITALIZED | C77: 65700 | D77: 0 | E77: 0 | F77: 0
A78: MAINTENANCE AND CONSTRUCTION MATERIALS AND SUPPLIES | C78: 66000 | D78: 0 | E78: 0 | F78: 0
A79: OTHER MATERIALS AND SUPPLIES | C79: 66500 | D79: 11609 | E79: 0 | F79: 11609
A80: LIBRARY RESOURCES | C80: 67000 | D80: 0 | E80: 0 | F80: 0
A81: NON-COMMODITY FOOD FOR RESALE | C81: 67500 | D81: 0 | E81: 0 | F81: 0
... A86: PAYMENT ON DEBT PRINCIPAL | C86: 69000 | D86: 0 | E86: 0 | F86: 0
A87: MANDATORY TRANSFERS OUT | C87: 69100 | D87: 0 | E87: 0 | F87: 0
A88: NONMANDATORY TRANSFERS OUT | C88: 69200 | D88: 0 | E88: 0 | F88: 0
A89: OTHER EXPENSES | C89: 69500 | D89: 0 | E89: 0 | F89: 0
A90: PRIOR YEAR CORRECTIONS | C90: 69600 | D90: 0 | E90: 0 | F90: 0
A91: CURRENT EXPENSE CONTINGENCY (BUDGET ONLY) | C91: 69900 | D91: 0 | E91: 0 | F91: 0
A92: TOTAL CURRENT EXPENSE | D92: 79485 | E92: 0 | F92: 79485
C95: 2026-27
A96: CAPITAL OUTLAY | C96: GENERAL LEDGER CODE | D96: UNRESTRICTED SOURCES | E96: RESTRICTED SOURCES | F96: TOTAL UNRESTRICTED AND RESTRICTED SOURCES
A97: MINOR EQUIPMENT - NON-CAPITALIZED, NON INVENTORIED | C97: 70500 | D97: 0 | E97: 0 | F97: 0
A98: MINOR EQUIPMENT - NON CAPITALIZED INVENTORIED | C98: 70600 | D98: 0 | E98: 0 | F98: 0
A99: FURNITURE AND EQUIPMENT | C99: 71000 | D99: 0 | E99: 0 | F99: 0
A100: DATA SOFTWARE | C100: 72000 | D100: 0 | E100: 0 | F100: 0
A101: BUILDINGS AND FIXED EQUIPMENT | C101: 75000 | D101: 0 | E101: 0 | F101: 0
A102: OTHER LICENSES | C102: 73001 | D102: 0 | E102: 0 | F102: 0
A103: DATA LICENSES - PERPETUAL | C103: 73002 | D103: 0 | E103: 0 | F103: 0
A104: ARTWORK/ARTIFACT | C104: 73050 | D104: 0 | E104: 0 | F104: 0
A105: LEASE PAYMENTS, CAPITALIZED | C105: 73100 | D105: 0 | E105: 0 | F105: 0
A106: REMODELING & RENOVATION, NON-CAPITALIZED REPAIRS & MAINTENANCE, & OTHER STRUCTURES & IMPROVEMENTS | C106: 76000 | D106: 0 | E106: 0 | F106: 0
A107: LAND | C107: 77000 | D107: 0 | E107: 0 | F107: 0
A108: OTHER STRUCTURES, LAND IMPROVEMENTS | C108: 79000 | D108: 0 | E108: 0 | F108: 0
A109: CAPITAL OUTLAY CONTINGENCY (BUDGET ONLY) | C109: 79900 | D109: 0 | E109: 0 | F109: 0
A110: TOTAL CAPITAL OUTLAY | D110: 0 | E110: 0 | F110: 0
A112: GRAND TOTAL EXPENDITURES | D112: 5188065 | E112: 0 | F112: 5188065
A115: SOURCES OF FUNDS | C115: GENERAL LEDGER CODE | D115: UNRESTRICTED SOURCES | E115: RESTRICTED SOURCES | F115: TOTAL UNRESTRICTED AND RESTRICTED SOURCES
A116: 1. SPECIAL STATE NONRECURRING | D116: 0 | E116: 0 | F116: 0
A117: 2. UPPER LEVEL - RESIDENT STUDENT TUITION | D117: 2790875 | E117: 0 | F117: 2790875
A118: UPPER LEVEL - NONRESIDENT STUDENT TUITION | D118: 376840 | E118: 0 | F118: 376840
A119: UPPER LEVEL - OTHER STUDENT FEES | D119: 0 | E119: 0 | F119: 0
A120: 3. CONTRIBUTIONS OR MATCHING GRANTS | D120: 0 | E120: 0 | F120: 0
...

Sheet Pasco-Hernando
A1: COLLEGE: | B1: Pasco-Hernando State College
A2: UPPER LEVEL PLANNED EXPENDITURES AND SOURCES OF FUNDS
A3: BACCALAUREATE DEGREE PROGRAM COLLEGE OPERATING BUDGET
A4: FISCAL YEAR 2026-27
A7: Enter amounts only for cells highlighted in light yellow. | C7: 2026-27
A8: PLANNED EXPENDITURES | C8: GENERAL LEDGER CODE | D8: UNRESTRICTED SOURCES | E8: RESTRICTED SOURCES | F8: TOTAL UNRESTRICTED AND RESTRICTED SOURCES
A9: PERSONNEL COSTS
A10: EXECUTIVE MANAGEMENT | C10: 51000 | D10: 0 | E10: 0 | F10: 0
A11: INSTRUCTIONAL MANAGEMENT | C11: 51100 | D11: 0 | E11: 0 | F11: 0
A12: INSTITUTIONAL MANAGEMENT | C12: 51200 | D12: 0 | E12: 0 | F12: 0
A13: EXECUTIVE, ADMINISTRATIVE, MANAGERIAL SABBATICAL | C13: 51400 | D13: 0 | E13: 0 | F13: 0
A14: EXECUTIVE, ADMINISTRATIVE, MANAGERIAL REGULAR PART-TIME | C14: 51500 | D14: 0 | E14: 0 | F14: 0
A15: INSTRUCTIONAL | C15: 52000 | D15: 413707 | E15: 0 | F15: 413707
A16: INSTRUCTIONAL - OVERLOAD/SUPPLEMENTAL | C16: 52100 | D16: 55655 | E16: 0 | F16: 55655
A17: INSTRUCTIONAL - SUBSTITUTION | C17: 52200 | D17: 0 | E17: 0 | F17: 0
A18: INSTRUCTIONAL - PARA-PROFESSIONAL/ASSOCIATE/ASSISTANT | C18: 52300 | D18: 0 | E18: 0 | F18: 0
A19: INSTRUCTIONAL - SABBATICAL | C19: 52400 | D19: 0 | E19: 0 | F19: 0
A20: INSTRUCTIONAL (PHASED RETIREMENT ) | C20: 52500 | D20: 0 | E20: 0 | F20: 0
A21: INSTRUCTIONAL (PHASED RETIREMENT ) - INSTRUCTOR/PROFESSOR | C21: 52501 | D21: 0 | E21: 0 | F21: 0
A22: INSTRUCTIONAL (PHASED RETIREMENT) - LIBRARIAN | C22: 52502 | D22: 0 | E22: 0 | F22: 0
A23: INSTRUCTIONAL (PHASED RETIREMENT) - COUNSELOR | C23: 52503 | D23: 0 | E23: 0 | F23: 0
A24: INSTRUCTIONAL (PHASED RETIREMENT) - REGULAR PART-TIME (FRS PARTICIPANT) | C24: 52504 | D24: 0 | E24: 0 | F24: 0
A25: OTHER PROFESSIONAL | C25: 53000 | D25: 0 | E25: 0 | F25: 0
A26: OTHER PROFESSIONAL - OVERLOAD/SUPPLEMENTAL | C26: 53100 | D26: 12000 | E26: 0 | F26: 12000
A27: OTHER PROFESSIONAL - SUBSTITUTION | C27: 53200 | D27: 0 | E27: 0 | F27: 0
A28: OTHER PROFESSIONAL - PARA-PROFESSIONAL/ASSOCIATE/ASSISTANT | C28: 53300 | D28: 0 | E28: 0 | F28: 0
A29: OTHER PROFESSIONAL - REGULAR PART-TIME | C29: 53500 | D29: 0 | E29: 0 | F29: 0
A30: TECHNICAL, CLERICAL, TRADE AND SERVICE | C30: 54000 | D30: 33280 | E30: 0 | F30: 33280
A31: TECHNICAL, CLERICAL, TRADE AND SERVICE - OVERTIME | C31: 54100 | D31: 0 | E31: 0 | F31: 0
A32: TECHNICAL, CLERICAL, TRADE AND SERVICE - REGULAR (PART-TIME) | C32: 54500 | D32: 0 | E32: 0 | F32: 0
... A34: OPS - INSTRUCTIONAL | C34: 56000 | D34: 0 | E34: 0 | F34: 0
A35: OPS - INSTRUCTIONAL/ADJUNCT INSTRUCTOR | C35: 56001 | D35: 70458 | E35: 0 | F35: 70458
A36: OPS - LIBRARIAN | C36: 56002 | D36: 0 | E36: 0 | F36: 0
A37: OPS - COUNSELOR | C37: 56003 | D37: 0 | E37: 0 | F37: 0
A38: OPS - PARA-PROFESSIONAL | C38: 56006 | D38: 0 | E38: 0 | F38: 0
A39: OPS - INSTRUCTIONAL SUBSTITUTES | C39: 56100 | D39: 0 | E39: 0 | F39: 0
A40: OPS - OTHER PROFESSIONAL PART-TIME | C40: 56500 | D40: 0 | E40: 0 | F40: 0
A41: OPS - TECHNICAL, CLERICAL, TRADE AND SERVICE | C41: 57000 | D41: 0 | E41: 0 | F41: 0
A42: STUDENT EMPLOYMENT - INSTITUTIONAL WORK STUDY | C42: 58000 | D42: 0 | E42: 0 | F42: 0
A43: STUDENT EMPLOYMENT - COLLEGE WORK STUDY PROGRAM | C43: 58100 | D43: 0 | E43: 0 | F43: 0
A44: STUDENT EMPLOYMENT - COLLEGE WORK EXPERIENCE PROG. | C44: 58200 | D44: 0 | E44: 0 | F44: 0
A45: STUDENT EMPLOYMENT - STUDENT ASSISTANTS | C45: 58300 | D45: 0 | E45: 0 | F45: 0
A46: EMPLOYEE AWARDS | C46: 58500 | D46: 1300 | E46: 0 | F46: 1300
A47: SOCIAL SECURITY CONTRIBUTIONS | C47: 59100 | D47: 40495 | E47: 0 | F47: 40495
A48: RETIREMENT CONTRIBUTIONS | C48: 59200 | D48: 69647 | E48: 0 | F48: 69647
A49: ACCRUED LEAVE EXPENSE (COMPENSATED ABSENCES) | C49: 59300 | D49: 0 | E49: 0 | F49: 0
... A55: PERSONNEL EXPENSE CONTINGENCY (BUDGET ONLY) | C55: 59900 | D55: 0 | E55: 0 | F55: 0
A56: TOTAL PERSONNEL COSTS | D56: 790396 | E56: 0 | F56: 790396
C60: 2026-27
A61: PLANNED EXPENDITURES | C61: GENERAL LEDGER CODE | D61: UNRESTRICTED SOURCES | E61: RESTRICTED SOURCES | F61: TOTAL UNRESTRICTED AND RESTRICTED SOURCES
A62: CURRENT EXPENSE
A63: TRAVEL | C63: 60500 | D63: 550 | E63: 0 | F63: 550
A64: FREIGHT AND POSTAGE | C64: 61000 | D64: 0 | E64: 0 | F64: 0
A65: TELECOMMUNICATIONS | C65: 61500 | D65: 0 | E65: 0 | F65: 0
A66: PRINTING | C66: 62000 | D66: 0 | E66: 0 | F66: 0
A67: REPAIRS & MAINTENANCE | C67: 62500 | D67: 0 | E67: 0 | F67: 0
A68: RENTALS | C68: 63000 | D68: 0 | E68: 0 | F68: 0
A69: LEASE PAYMENTS (LONG-TERM/ASSET<$5,000) | C69: 63100 | D69: 0 | E69: 0 | F69: 0
A70: INSURANCE | C70: 63500 | D70: 0 | E70: 0 | F70: 0
A71: UTILITIES | C71: 64000 | D71: 0 | E71: 0 | F71: 0
A72: OTHER SERVICES | C72: 64500 | D72: 6150 | E72: 0 | F72: 6150
A73: WORKFORCE/WAGES/GRANT PARTICIPANT SUPPORT COSTS | C73: 64600 | D73: 0 | E73: 0 | F73: 0
A74: SERVICE PROVIDER CONTRACTS - WORKFORCE/WAGES | C74: 64700 | D74: 0 | E74: 0 | F74: 0
A75: PROFESSIONAL FEES | C75: 65000 | D75: 2948 | E75: 0 | F75: 2948
A76: EDUCATIONAL, OFFICE/DEPARTMENT MATERIALS AND SUPPLIES | C76: 65500 | D76: 1500 | E76: 0 | F76: 1500
A77: DATA SOFTWARE - NON-CAPITALIZED | C77: 65700 | D77: 0 | E77: 0 | F77: 0
A78: MAINTENANCE AND CONSTRUCTION MATERIALS AND SUPPLIES | C78: 66000 | D78: 0 | E78: 0 | F78: 0
A79: OTHER MATERIALS AND SUPPLIES | C79: 66500 | D79: 0 | E79: 0 | F79: 0
A80: LIBRARY RESOURCES | C80: 67000 | D80: 0 | E80: 0 | F80: 0
A81: NON-COMMODITY FOOD FOR RESALE | C81: 67500 | D81: 0 | E81: 0 | F81: 0
... A86: PAYMENT ON DEBT PRINCIPAL | C86: 69000 | D86: 0 | E86: 0 | F86: 0
A87: MANDATORY TRANSFERS OUT | C87: 69100 | D87: 0 | E87: 0 | F87: 0
A88: NONMANDATORY TRANSFERS OUT | C88: 69200 | D88: 0 | E88: 0 | F88: 0
A89: OTHER EXPENSES | C89: 69500 | D89: 0 | E89: 0 | F89: 0
A90: PRIOR YEAR CORRECTIONS | C90: 69600 | D90: 0 | E90: 0 | F90: 0
A91: CURRENT EXPENSE CONTINGENCY (BUDGET ONLY) | C91: 69900 | D91: 0 | E91: 0 | F91: 0
A92: TOTAL CURRENT EXPENSE | D92: 11148 | E92: 0 | F92: 11148
C95: 2026-27
A96: CAPITAL OUTLAY | C96: GENERAL LEDGER CODE | D96: UNRESTRICTED SOURCES | E96: RESTRICTED SOURCES | F96: TOTAL UNRESTRICTED AND RESTRICTED SOURCES
A97: MINOR EQUIPMENT - NON-CAPITALIZED, NON INVENTORIED | C97: 70500 | D97: 0 | E97: 0 | F97: 0
A98: MINOR EQUIPMENT - NON CAPITALIZED INVENTORIED | C98: 70600 | D98: 0 | E98: 0 | F98: 0
A99: FURNITURE AND EQUIPMENT | C99: 71000 | D99: 0 | E99: 0 | F99: 0
A100: DATA SOFTWARE | C100: 72000 | D100: 0 | E100: 0 | F100: 0
A101: BUILDINGS AND FIXED EQUIPMENT | C101: 75000 | D101: 0 | E101: 0 | F101: 0
A102: OTHER LICENSES | C102: 73001 | D102: 0 | E102: 0 | F102: 0
A103: DATA LICENSES - PERPETUAL | C103: 73002 | D103: 0 | E103: 0 | F103: 0
A104: ARTWORK/ARTIFACT | C104: 73050 | D104: 0 | E104: 0 | F104: 0
A105: LEASE PAYMENTS, CAPITALIZED | C105: 73100 | D105: 0 | E105: 0 | F105: 0
A106: REMODELING & RENOVATION, NON-CAPITALIZED REPAIRS & MAINTENANCE, & OTHER STRUCTURES & IMPROVEMENTS | C106: 76000 | D106: 0 | E106: 0 | F106: 0
A107: LAND | C107: 77000 | D107: 0 | E107: 0 | F107: 0
A108: OTHER STRUCTURES, LAND IMPROVEMENTS | C108: 79000 | D108: 0 | E108: 0 | F108: 0
A109: CAPITAL OUTLAY CONTINGENCY (BUDGET ONLY) | C109: 79900 | D109: 0 | E109: 0 | F109: 0
A110: TOTAL CAPITAL OUTLAY | D110: 0 | E110: 0 | F110: 0
A112: GRAND TOTAL EXPENDITURES | D112: 801544 | E112: 0 | F112: 801544
A115: SOURCES OF FUNDS | C115: GENERAL LEDGER CODE | D115: UNRESTRICTED SOURCES | E115: RESTRICTED SOURCES | F115: TOTAL UNRESTRICTED AND RESTRICTED SOURCES
A116: 1. SPECIAL STATE NONRECURRING | D116: 0 | E116: 0 | F116: 0
A117: 2. UPPER LEVEL - RESIDENT STUDENT TUITION | D117: 622336 | E117: 0 | F117: 622336
A118: UPPER LEVEL - NONRESIDENT STUDENT TUITION | D118: 0 | E118: 0 | F118: 0
A119: UPPER LEVEL - OTHER STUDENT FEES | D119: 0 | E119: 0 | F119: 0
A120: 3. CONTRIBUTIONS OR MATCHING GRANTS | D120: 0 | E120: 0 | F120: 0
...

Sheet Pensacola
A1: COLLEGE: | B1: Pensacola State College
A2: UPPER LEVEL PLANNED EXPENDITURES AND SOURCES OF FUNDS
A3: BACCALAUREATE DEGREE PROGRAM COLLEGE OPERATING BUDGET
A4: FISCAL YEAR 2026-27
A7: Enter amounts only for cells highlighted in light yellow. | C7: 2026-27
A8: PLANNED EXPENDITURES | C8: GENERAL LEDGER CODE | D8: UNRESTRICTED SOURCES | E8: RESTRICTED SOURCES | F8: TOTAL UNRESTRICTED AND RESTRICTED SOURCES
A9: PERSONNEL COSTS
A10: EXECUTIVE MANAGEMENT | C10: 51000 | D10: 80596.36 | E10: 0 | F10: 80596.36
A11: INSTRUCTIONAL MANAGEMENT | C11: 51100 | D11: 0 | E11: 0 | F11: 0
A12: INSTITUTIONAL MANAGEMENT | C12: 51200 | D12: 0 | E12: 0 | F12: 0
A13: EXECUTIVE, ADMINISTRATIVE, MANAGERIAL SABBATICAL | C13: 51400 | D13: 0 | E13: 0 | F13: 0
A14: EXECUTIVE, ADMINISTRATIVE, MANAGERIAL REGULAR PART-TIME | C14: 51500 | D14: 0 | E14: 0 | F14: 0
A15: INSTRUCTIONAL | C15: 52000 | D15: 114632.02 | E15: 0 | F15: 114632.02
A16: INSTRUCTIONAL - OVERLOAD/SUPPLEMENTAL | C16: 52100 | D16: 84000 | E16: 0 | F16: 84000
A17: INSTRUCTIONAL - SUBSTITUTION | C17: 52200 | D17: 0 | E17: 0 | F17: 0
A18: INSTRUCTIONAL - PARA-PROFESSIONAL/ASSOCIATE/ASSISTANT | C18: 52300 | D18: 0 | E18: 0 | F18: 0
A19: INSTRUCTIONAL - SABBATICAL | C19: 52400 | D19: 0 | E19: 0 | F19: 0
A20: INSTRUCTIONAL (PHASED RETIREMENT ) | C20: 52500 | D20: 0 | E20: 0 | F20: 0
A21: INSTRUCTIONAL (PHASED RETIREMENT ) - INSTRUCTOR/PROFESSOR | C21: 52501 | D21: 0 | E21: 0 | F21: 0
A22: INSTRUCTIONAL (PHASED RETIREMENT) - LIBRARIAN | C22: 52502 | D22: 0 | E22: 0 | F22: 0
A23: INSTRUCTIONAL (PHASED RETIREMENT) - COUNSELOR | C23: 52503 | D23: 0 | E23: 0 | F23: 0
A24: INSTRUCTIONAL (PHASED RETIREMENT) - REGULAR PART-TIME (FRS PARTICIPANT) | C24: 52504 | D24: 0 | E24: 0 | F24: 0
A25: OTHER PROFESSIONAL | C25: 53000 | D25: 0 | E25: 0 | F25: 0
A26: OTHER PROFESSIONAL - OVERLOAD/SUPPLEMENTAL | C26: 53100 | D26: 0 | E26: 0 | F26: 0
A27: OTHER PROFESSIONAL - SUBSTITUTION | C27: 53200 | D27: 0 | E27: 0 | F27: 0
A28: OTHER PROFESSIONAL - PARA-PROFESSIONAL/ASSOCIATE/ASSISTANT | C28: 53300 | D28: 0 | E28: 0 | F28: 0
A29: OTHER PROFESSIONAL - REGULAR PART-TIME | C29: 53500 | D29: 0 | E29: 0 | F29: 0
A30: TECHNICAL, CLERICAL, TRADE AND SERVICE | C30: 54000 | D30: 0 | E30: 0 | F30: 0
A31: TECHNICAL, CLERICAL, TRADE AND SERVICE - OVERTIME | C31: 54100 | D31: 0 | E31: 0 | F31: 0
A32: TECHNICAL, CLERICAL, TRADE AND SERVICE - REGULAR (PART-TIME) | C32: 54500 | D32: 0 | E32: 0 | F32: 0
... A34: OPS - INSTRUCTIONAL | C34: 56000 | D34: 0 | E34: 0 | F34: 0
A35: OPS - INSTRUCTIONAL/ADJUNCT INSTRUCTOR | C35: 56001 | D35: 155000 | E35: 0 | F35: 155000
A36: OPS - LIBRARIAN | C36: 56002 | D36: 0 | E36: 0 | F36: 0
A37: OPS - COUNSELOR | C37: 56003 | D37: 0 | E37: 0 | F37: 0
A38: OPS - PARA-PROFESSIONAL | C38: 56006 | D38: 0 | E38: 0 | F38: 0
A39: OPS - INSTRUCTIONAL SUBSTITUTES | C39: 56100 | D39: 0 | E39: 0 | F39: 0
A40: OPS - OTHER PROFESSIONAL PART-TIME | C40: 56500 | D40: 0 | E40: 0 | F40: 0
A41: OPS - TECHNICAL, CLERICAL, TRADE AND SERVICE | C41: 57000 | D41: 0 | E41: 0 | F41: 0
A42: STUDENT EMPLOYMENT - INSTITUTIONAL WORK STUDY | C42: 58000 | D42: 0 | E42: 0 | F42: 0
A43: STUDENT EMPLOYMENT - COLLEGE WORK STUDY PROGRAM | C43: 58100 | D43: 0 | E43: 0 | F43: 0
A44: STUDENT EMPLOYMENT - COLLEGE WORK EXPERIENCE PROG. | C44: 58200 | D44: 0 | E44: 0 | F44: 0
A45: STUDENT EMPLOYMENT - STUDENT ASSISTANTS | C45: 58300 | D45: 0 | E45: 0 | F45: 0
A46: EMPLOYEE AWARDS | C46: 58500 | D46: 0 | E46: 0 | F46: 0
A47: SOCIAL SECURITY CONTRIBUTIONS | C47: 59100 | D47: 32130.78 | E47: 0 | F47: 32130.78
A48: RETIREMENT CONTRIBUTIONS | C48: 59200 | D48: 61405 | E48: 0 | F48: 61405
A49: ACCRUED LEAVE EXPENSE (COMPENSATED ABSENCES) | C49: 59300 | D49: 0 | E49: 0 | F49: 0
... A55: PERSONNEL EXPENSE CONTINGENCY (BUDGET ONLY) | C55: 59900 | D55: 0 | E55: 0 | F55: 0
A56: TOTAL PERSONNEL COSTS | D56: 558045.16 | E56: 0 | F56: 558045.16
C60: 2026-27
A61: PLANNED EXPENDITURES | C61: GENERAL LEDGER CODE | D61: UNRESTRICTED SOURCES | E61: RESTRICTED SOURCES | F61: TOTAL UNRESTRICTED AND RESTRICTED SOURCES
A62: CURRENT EXPENSE
A63: TRAVEL | C63: 60500 | D63: 11500 | E63: 0 | F63: 11500
A64: FREIGHT AND POSTAGE | C64: 61000 | D64: 0 | E64: 0 | F64: 0
A65: TELECOMMUNICATIONS | C65: 61500 | D65: 0 | E65: 0 | F65: 0
A66: PRINTING | C66: 62000 | D66: 8060 | E66: 0 | F66: 8060
A67: REPAIRS & MAINTENANCE | C67: 62500 | D67: 0 | E67: 0 | F67: 0
A68: RENTALS | C68: 63000 | D68: 0 | E68: 0 | F68: 0
A69: LEASE PAYMENTS (LONG-TERM/ASSET<$5,000) | C69: 63100 | D69: 0 | E69: 0 | F69: 0
A70: INSURANCE | C70: 63500 | D70: 0 | E70: 0 | F70: 0
A71: UTILITIES | C71: 64000 | D71: 0 | E71: 0 | F71: 0
A72: OTHER SERVICES | C72: 64500 | D72: 5876 | E72: 0 | F72: 5876
A73: WORKFORCE/WAGES/GRANT PARTICIPANT SUPPORT COSTS | C73: 64600 | D73: 0 | E73: 0 | F73: 0
A74: SERVICE PROVIDER CONTRACTS - WORKFORCE/WAGES | C74: 64700 | D74: 0 | E74: 0 | F74: 0
A75: PROFESSIONAL FEES | C75: 65000 | D75: 5990 | E75: 0 | F75: 5990
A76: EDUCATIONAL, OFFICE/DEPARTMENT MATERIALS AND SUPPLIES | C76: 65500 | D76: 12350 | E76: 0 | F76: 12350
A77: DATA SOFTWARE - NON-CAPITALIZED | C77: 65700 | D77: 0 | E77: 0 | F77: 0
A78: MAINTENANCE AND CONSTRUCTION MATERIALS AND SUPPLIES | C78: 66000 | D78: 0 | E78: 0 | F78: 0
A79: OTHER MATERIALS AND SUPPLIES | C79: 66500 | D79: 2200 | E79: 0 | F79: 2200
A80: LIBRARY RESOURCES | C80: 67000 | D80: 0 | E80: 0 | F80: 0
A81: NON-COMMODITY FOOD FOR RESALE | C81: 67500 | D81: 0 | E81: 0 | F81: 0
... A86: PAYMENT ON DEBT PRINCIPAL | C86: 69000 | D86: 0 | E86: 0 | F86: 0
A87: MANDATORY TRANSFERS OUT | C87: 69100 | D87: 0 | E87: 0 | F87: 0
A88: NONMANDATORY TRANSFERS OUT | C88: 69200 | D88: 0 | E88: 0 | F88: 0
A89: OTHER EXPENSES | C89: 69500 | D89: 0 | E89: 0 | F89: 0
A90: PRIOR YEAR CORRECTIONS | C90: 69600 | D90: 0 | E90: 0 | F90: 0
A91: CURRENT EXPENSE CONTINGENCY (BUDGET ONLY) | C91: 69900 | D91: 3000 | E91: 0 | F91: 3000
A92: TOTAL CURRENT EXPENSE | D92: 48976 | E92: 0 | F92: 48976
C95: 2026-27
A96: CAPITAL OUTLAY | C96: GENERAL LEDGER CODE | D96: UNRESTRICTED SOURCES | E96: RESTRICTED SOURCES | F96: TOTAL UNRESTRICTED AND RESTRICTED SOURCES
A97: MINOR EQUIPMENT - NON-CAPITALIZED, NON INVENTORIED | C97: 70500 | D97: 0 | E97: 0 | F97: 0
A98: MINOR EQUIPMENT - NON CAPITALIZED INVENTORIED | C98: 70600 | D98: 0 | E98: 0 | F98: 0
A99: FURNITURE AND EQUIPMENT | C99: 71000 | D99: 0 | E99: 0 | F99: 0
A100: DATA SOFTWARE | C100: 72000 | D100: 0 | E100: 0 | F100: 0
A101: BUILDINGS AND FIXED EQUIPMENT | C101: 75000 | D101: 0 | E101: 0 | F101: 0
A102: OTHER LICENSES | C102: 73001 | D102: 0 | E102: 0 | F102: 0
A103: DATA LICENSES - PERPETUAL | C103: 73002 | D103: 0 | E103: 0 | F103: 0
A104: ARTWORK/ARTIFACT | C104: 73050 | D104: 0 | E104: 0 | F104: 0
A105: LEASE PAYMENTS, CAPITALIZED | C105: 73100 | D105: 0 | E105: 0 | F105: 0
A106: REMODELING & RENOVATION, NON-CAPITALIZED REPAIRS & MAINTENANCE, & OTHER STRUCTURES & IMPROVEMENTS | C106: 76000 | D106: 0 | E106: 0 | F106: 0
A107: LAND | C107: 77000 | D107: 0 | E107: 0 | F107: 0
A108: OTHER STRUCTURES, LAND IMPROVEMENTS | C108: 79000 | D108: 0 | E108: 0 | F108: 0
A109: CAPITAL OUTLAY CONTINGENCY (BUDGET ONLY) | C109: 79900 | D109: 0 | E109: 0 | F109: 0
A110: TOTAL CAPITAL OUTLAY | D110: 0 | E110: 0 | F110: 0
A112: GRAND TOTAL EXPENDITURES | D112: 607021.16 | E112: 0 | F112: 607021.16
A115: SOURCES OF FUNDS | C115: GENERAL LEDGER CODE | D115: UNRESTRICTED SOURCES | E115: RESTRICTED SOURCES | F115: TOTAL UNRESTRICTED AND RESTRICTED SOURCES
A116: 1. SPECIAL STATE NONRECURRING | D116: 0 | E116: 0 | F116: 0
A117: 2. UPPER LEVEL - RESIDENT STUDENT TUITION | D117: 1105441 | E117: 0 | F117: 1105441
A118: UPPER LEVEL - NONRESIDENT STUDENT TUITION | D118: 72950 | E118: 0 | F118: 72950
A119: UPPER LEVEL - OTHER STUDENT FEES | D119: 0 | E119: 0 | F119: 0
A120: 3. CONTRIBUTIONS OR MATCHING GRANTS | D120: 0 | E120: 0 | F120: 0
...

Sheet Polk
A1: COLLEGE: | B1: Polk State College
A2: UPPER LEVEL PLANNED EXPENDITURES AND SOURCES OF FUNDS
A3: BACCALAUREATE DEGREE PROGRAM COLLEGE OPERATING BUDGET
A4: FISCAL YEAR 2026-27
A7: Enter amounts only for cells highlighted in light yellow. | C7: 2026-27
A8: PLANNED EXPENDITURES | C8: GENERAL LEDGER CODE | D8: UNRESTRICTED SOURCES | E8: RESTRICTED SOURCES | F8: TOTAL UNRESTRICTED AND RESTRICTED SOURCES
A9: PERSONNEL COSTS
A10: EXECUTIVE MANAGEMENT | C10: 51000 | D10: 0 | E10: 0 | F10: 0
A11: INSTRUCTIONAL MANAGEMENT | C11: 51100 | D11: 0 | E11: 0 | F11: 0
A12: INSTITUTIONAL MANAGEMENT | C12: 51200 | D12: 0 | E12: 0 | F12: 0
A13: EXECUTIVE, ADMINISTRATIVE, MANAGERIAL SABBATICAL | C13: 51400 | D13: 0 | E13: 0 | F13: 0
A14: EXECUTIVE, ADMINISTRATIVE, MANAGERIAL REGULAR PART-TIME | C14: 51500 | D14: 0 | E14: 0 | F14: 0
A15: INSTRUCTIONAL | C15: 52000 | D15: 855142 | E15: 0 | F15: 855142
A16: INSTRUCTIONAL - OVERLOAD/SUPPLEMENTAL | C16: 52100 | D16: 83414 | E16: 0 | F16: 83414
A17: INSTRUCTIONAL - SUBSTITUTION | C17: 52200 | D17: 0 | E17: 0 | F17: 0
A18: INSTRUCTIONAL - PARA-PROFESSIONAL/ASSOCIATE/ASSISTANT | C18: 52300 | D18: 0 | E18: 0 | F18: 0
A19: INSTRUCTIONAL - SABBATICAL | C19: 52400 | D19: 0 | E19: 0 | F19: 0
A20: INSTRUCTIONAL (PHASED RETIREMENT ) | C20: 52500 | D20: 0 | E20: 0 | F20: 0
A21: INSTRUCTIONAL (PHASED RETIREMENT ) - INSTRUCTOR/PROFESSOR | C21: 52501 | D21: 0 | E21: 0 | F21: 0
A22: INSTRUCTIONAL (PHASED RETIREMENT) - LIBRARIAN | C22: 52502 | D22: 0 | E22: 0 | F22: 0
A23: INSTRUCTIONAL (PHASED RETIREMENT) - COUNSELOR | C23: 52503 | D23: 0 | E23: 0 | F23: 0
A24: INSTRUCTIONAL (PHASED RETIREMENT) - REGULAR PART-TIME (FRS PARTICIPANT) | C24: 52504 | D24: 0 | E24: 0 | F24: 0
A25: OTHER PROFESSIONAL | C25: 53000 | D25: 119173 | E25: 0 | F25: 119173
A26: OTHER PROFESSIONAL - OVERLOAD/SUPPLEMENTAL | C26: 53100 | D26: 0 | E26: 0 | F26: 0
A27: OTHER PROFESSIONAL - SUBSTITUTION | C27: 53200 | D27: 0 | E27: 0 | F27: 0
A28: OTHER PROFESSIONAL - PARA-PROFESSIONAL/ASSOCIATE/ASSISTANT | C28: 53300 | D28: 0 | E28: 0 | F28: 0
A29: OTHER PROFESSIONAL - REGULAR PART-TIME | C29: 53500 | D29: 0 | E29: 0 | F29: 0
A30: TECHNICAL, CLERICAL, TRADE AND SERVICE | C30: 54000 | D30: 0 | E30: 0 | F30: 0
A31: TECHNICAL, CLERICAL, TRADE AND SERVICE - OVERTIME | C31: 54100 | D31: 0 | E31: 0 | F31: 0
A32: TECHNICAL, CLERICAL, TRADE AND SERVICE - REGULAR (PART-TIME) | C32: 54500 | D32: 0 | E32: 0 | F32: 0
... A34: OPS - INSTRUCTIONAL | C34: 56000 | D34: 0 | E34: 0 | F34: 0
A35: OPS - INSTRUCTIONAL/ADJUNCT INSTRUCTOR | C35: 56001 | D35: 215334 | E35: 0 | F35: 215334
A36: OPS - LIBRARIAN | C36: 56002 | D36: 0 | E36: 0 | F36: 0
A37: OPS - COUNSELOR | C37: 56003 | D37: 0 | E37: 0 | F37: 0
A38: OPS - PARA-PROFESSIONAL | C38: 56006 | D38: 0 | E38: 0 | F38: 0
A39: OPS - INSTRUCTIONAL SUBSTITUTES | C39: 56100 | D39: 175 | E39: 0 | F39: 175
A40: OPS - OTHER PROFESSIONAL PART-TIME | C40: 56500 | D40: 17575 | E40: 0 | F40: 17575
A41: OPS - TECHNICAL, CLERICAL, TRADE AND SERVICE | C41: 57000 | D41: 0 | E41: 0 | F41: 0
A42: STUDENT EMPLOYMENT - INSTITUTIONAL WORK STUDY | C42: 58000 | D42: 0 | E42: 0 | F42: 0
A43: STUDENT EMPLOYMENT - COLLEGE WORK STUDY PROGRAM | C43: 58100 | D43: 0 | E43: 0 | F43: 0
A44: STUDENT EMPLOYMENT - COLLEGE WORK EXPERIENCE PROG. | C44: 58200 | D44: 0 | E44: 0 | F44: 0
A45: STUDENT EMPLOYMENT - STUDENT ASSISTANTS | C45: 58300 | D45: 0 | E45: 0 | F45: 0
A46: EMPLOYEE AWARDS | C46: 58500 | D46: 0 | E46: 0 | F46: 0
A47: SOCIAL SECURITY CONTRIBUTIONS | C47: 59100 | D47: 68198 | E47: 0 | F47: 68198
A48: RETIREMENT CONTRIBUTIONS | C48: 59200 | D48: 123354 | E48: 0 | F48: 123354
A49: ACCRUED LEAVE EXPENSE (COMPENSATED ABSENCES) | C49: 59300 | D49: 0 | E49: 0 | F49: 0
... A55: PERSONNEL EXPENSE CONTINGENCY (BUDGET ONLY) | C55: 59900 | D55: 0 | E55: 0 | F55: 0
A56: TOTAL PERSONNEL COSTS | D56: 1681317 | E56: 0 | F56: 1681317
C60: 2026-27
A61: PLANNED EXPENDITURES | C61: GENERAL LEDGER CODE | D61: UNRESTRICTED SOURCES | E61: RESTRICTED SOURCES | F61: TOTAL UNRESTRICTED AND RESTRICTED SOURCES
A62: CURRENT EXPENSE
A63: TRAVEL | C63: 60500 | D63: 3535 | E63: 0 | F63: 3535
A64: FREIGHT AND POSTAGE | C64: 61000 | D64: 0 | E64: 0 | F64: 0
A65: TELECOMMUNICATIONS | C65: 61500 | D65: 0 | E65: 0 | F65: 0
A66: PRINTING | C66: 62000 | D66: 193 | E66: 0 | F66: 193
A67: REPAIRS & MAINTENANCE | C67: 62500 | D67: 15750 | E67: 0 | F67: 15750
A68: RENTALS | C68: 63000 | D68: 2100 | E68: 0 | F68: 2100
A69: LEASE PAYMENTS (LONG-TERM/ASSET<$5,000) | C69: 63100 | D69: 0 | E69: 0 | F69: 0
A70: INSURANCE | C70: 63500 | D70: 397 | E70: 0 | F70: 397
A71: UTILITIES | C71: 64000 | D71: 0 | E71: 0 | F71: 0
A72: OTHER SERVICES | C72: 64500 | D72: 10938 | E72: 0 | F72: 10938
A73: WORKFORCE/WAGES/GRANT PARTICIPANT SUPPORT COSTS | C73: 64600 | D73: 350 | E73: 0 | F73: 350
A74: SERVICE PROVIDER CONTRACTS - WORKFORCE/WAGES | C74: 64700 | D74: 0 | E74: 0 | F74: 0
A75: PROFESSIONAL FEES | C75: 65000 | D75: 0 | E75: 0 | F75: 0
A76: EDUCATIONAL, OFFICE/DEPARTMENT MATERIALS AND SUPPLIES | C76: 65500 | D76: 2163 | E76: 0 | F76: 2163
A77: DATA SOFTWARE - NON-CAPITALIZED | C77: 65700 | D77: 298 | E77: 0 | F77: 298
A78: MAINTENANCE AND CONSTRUCTION MATERIALS AND SUPPLIES | C78: 66000 | D78: 0 | E78: 0 | F78: 0
A79: OTHER MATERIALS AND SUPPLIES | C79: 66500 | D79: 770 | E79: 0 | F79: 770
A80: LIBRARY RESOURCES | C80: 67000 | D80: 0 | E80: 0 | F80: 0
A81: NON-COMMODITY FOOD FOR RESALE | C81: 67500 | D81: 0 | E81: 0 | F81: 0
... A86: PAYMENT ON DEBT PRINCIPAL | C86: 69000 | D86: 0 | E86: 0 | F86: 0
A87: MANDATORY TRANSFERS OUT | C87: 69100 | D87: 0 | E87: 0 | F87: 0
A88: NONMANDATORY TRANSFERS OUT | C88: 69200 | D88: 0 | E88: 0 | F88: 0
A89: OTHER EXPENSES | C89: 69500 | D89: 0 | E89: 0 | F89: 0
A90: PRIOR YEAR CORRECTIONS | C90: 69600 | D90: 0 | E90: 0 | F90: 0
A91: CURRENT EXPENSE CONTINGENCY (BUDGET ONLY) | C91: 69900 | D91: 0 | E91: 0 | F91: 0
A92: TOTAL CURRENT EXPENSE | D92: 36494 | E92: 0 | F92: 36494
C95: 2026-27
A96: CAPITAL OUTLAY | C96: GENERAL LEDGER CODE | D96: UNRESTRICTED SOURCES | E96: RESTRICTED SOURCES | F96: TOTAL UNRESTRICTED AND RESTRICTED SOURCES
A97: MINOR EQUIPMENT - NON-CAPITALIZED, NON INVENTORIED | C97: 70500 | D97: 0 | E97: 0 | F97: 0
A98: MINOR EQUIPMENT - NON CAPITALIZED INVENTORIED | C98: 70600 | D98: 0 | E98: 0 | F98: 0
A99: FURNITURE AND EQUIPMENT | C99: 71000 | D99: 0 | E99: 0 | F99: 0
A100: DATA SOFTWARE | C100: 72000 | D100: 0 | E100: 0 | F100: 0
A101: BUILDINGS AND FIXED EQUIPMENT | C101: 75000 | D101: 0 | E101: 0 | F101: 0
A102: OTHER LICENSES | C102: 73001 | D102: 0 | E102: 0 | F102: 0
A103: DATA LICENSES - PERPETUAL | C103: 73002 | D103: 0 | E103: 0 | F103: 0
A104: ARTWORK/ARTIFACT | C104: 73050 | D104: 0 | E104: 0 | F104: 0
A105: LEASE PAYMENTS, CAPITALIZED | C105: 73100 | D105: 0 | E105: 0 | F105: 0
A106: REMODELING & RENOVATION, NON-CAPITALIZED REPAIRS & MAINTENANCE, & OTHER STRUCTURES & IMPROVEMENTS | C106: 76000 | D106: 0 | E106: 0 | F106: 0
A107: LAND | C107: 77000 | D107: 0 | E107: 0 | F107: 0
A108: OTHER STRUCTURES, LAND IMPROVEMENTS | C108: 79000 | D108: 0 | E108: 0 | F108: 0
A109: CAPITAL OUTLAY CONTINGENCY (BUDGET ONLY) | C109: 79900 | D109: 0 | E109: 0 | F109: 0
A110: TOTAL CAPITAL OUTLAY | D110: 0 | E110: 0 | F110: 0
A112: GRAND TOTAL EXPENDITURES | D112: 1717811 | E112: 0 | F112: 1717811
A115: SOURCES OF FUNDS | C115: GENERAL LEDGER CODE | D115: UNRESTRICTED SOURCES | E115: RESTRICTED SOURCES | F115: TOTAL UNRESTRICTED AND RESTRICTED SOURCES
A116: 1. SPECIAL STATE NONRECURRING | D116: 0 | E116: 0 | F116: 0
A117: 2. UPPER LEVEL - RESIDENT STUDENT TUITION | D117: 1667182 | E117: 0 | F117: 1667182
A118: UPPER LEVEL - NONRESIDENT STUDENT TUITION | D118: 50629 | E118: 0 | F118: 50629
A119: UPPER LEVEL - OTHER STUDENT FEES | D119: 0 | E119: 0 | F119: 0
A120: 3. CONTRIBUTIONS OR MATCHING GRANTS | D120: 0 | E120: 0 | F120: 0
...

Sheet St. Johns River
A1: COLLEGE: | B1: St. Johns River State College
A2: UPPER LEVEL PLANNED EXPENDITURES AND SOURCES OF FUNDS
A3: BACCALAUREATE DEGREE PROGRAM COLLEGE OPERATING BUDGET
A4: FISCAL YEAR 2026-27
A7: Enter amounts only for cells highlighted in light yellow. | C7: 2026-27
A8: PLANNED EXPENDITURES | C8: GENERAL LEDGER CODE | D8: UNRESTRICTED SOURCES | E8: RESTRICTED SOURCES | F8: TOTAL UNRESTRICTED AND RESTRICTED SOURCES
A9: PERSONNEL COSTS
A10: EXECUTIVE MANAGEMENT | C10: 51000 | D10: 0 | E10: 0 | F10: 0
A11: INSTRUCTIONAL MANAGEMENT | C11: 51100 | D11: 95133 | E11: 0 | F11: 95133
A12: INSTITUTIONAL MANAGEMENT | C12: 51200 | D12: 0 | E12: 0 | F12: 0
A13: EXECUTIVE, ADMINISTRATIVE, MANAGERIAL SABBATICAL | C13: 51400 | D13: 0 | E13: 0 | F13: 0
A14: EXECUTIVE, ADMINISTRATIVE, MANAGERIAL REGULAR PART-TIME | C14: 51500 | D14: 0 | E14: 0 | F14: 0
A15: INSTRUCTIONAL | C15: 52000 | D15: 577151 | E15: 0 | F15: 577151
A16: INSTRUCTIONAL - OVERLOAD/SUPPLEMENTAL | C16: 52100 | D16: 201300 | E16: 0 | F16: 201300
A17: INSTRUCTIONAL - SUBSTITUTION | C17: 52200 | D17: 0 | E17: 0 | F17: 0
A18: INSTRUCTIONAL - PARA-PROFESSIONAL/ASSOCIATE/ASSISTANT | C18: 52300 | D18: 0 | E18: 0 | F18: 0
A19: INSTRUCTIONAL - SABBATICAL | C19: 52400 | D19: 0 | E19: 0 | F19: 0
A20: INSTRUCTIONAL (PHASED RETIREMENT ) | C20: 52500 | D20: 0 | E20: 0 | F20: 0
A21: INSTRUCTIONAL (PHASED RETIREMENT ) - INSTRUCTOR/PROFESSOR | C21: 52501 | D21: 0 | E21: 0 | F21: 0
A22: INSTRUCTIONAL (PHASED RETIREMENT) - LIBRARIAN | C22: 52502 | D22: 0 | E22: 0 | F22: 0
A23: INSTRUCTIONAL (PHASED RETIREMENT) - COUNSELOR | C23: 52503 | D23: 0 | E23: 0 | F23: 0
A24: INSTRUCTIONAL (PHASED RETIREMENT) - REGULAR PART-TIME (FRS PARTICIPANT) | C24: 52504 | D24: 0 | E24: 0 | F24: 0
A25: OTHER PROFESSIONAL | C25: 53000 | D25: 0 | E25: 0 | F25: 0
A26: OTHER PROFESSIONAL - OVERLOAD/SUPPLEMENTAL | C26: 53100 | D26: 16800 | E26: 0 | F26: 16800
A27: OTHER PROFESSIONAL - SUBSTITUTION | C27: 53200 | D27: 0 | E27: 0 | F27: 0
A28: OTHER PROFESSIONAL - PARA-PROFESSIONAL/ASSOCIATE/ASSISTANT | C28: 53300 | D28: 58097 | E28: 0 | F28: 58097
A29: OTHER PROFESSIONAL - REGULAR PART-TIME | C29: 53500 | D29: 0 | E29: 0 | F29: 0
A30: TECHNICAL, CLERICAL, TRADE AND SERVICE | C30: 54000 | D30: 48023 | E30: 0 | F30: 48023
A31: TECHNICAL, CLERICAL, TRADE AND SERVICE - OVERTIME | C31: 54100 | D31: 0 | E31: 0 | F31: 0
A32: TECHNICAL, CLERICAL, TRADE AND SERVICE - REGULAR (PART-TIME) | C32: 54500 | D32: 0 | E32: 0 | F32: 0
... A34: OPS - INSTRUCTIONAL | C34: 56000 | D34: 80120 | E34: 0 | F34: 80120
A35: OPS - INSTRUCTIONAL/ADJUNCT INSTRUCTOR | C35: 56001 | D35: 0 | E35: 0 | F35: 0
A36: OPS - LIBRARIAN | C36: 56002 | D36: 0 | E36: 0 | F36: 0
A37: OPS - COUNSELOR | C37: 56003 | D37: 0 | E37: 0 | F37: 0
A38: OPS - PARA-PROFESSIONAL | C38: 56006 | D38: 0 | E38: 0 | F38: 0
A39: OPS - INSTRUCTIONAL SUBSTITUTES | C39: 56100 | D39: 0 | E39: 0 | F39: 0
A40: OPS - OTHER PROFESSIONAL PART-TIME | C40: 56500 | D40: 0 | E40: 0 | F40: 0
A41: OPS - TECHNICAL, CLERICAL, TRADE AND SERVICE | C41: 57000 | D41: 0 | E41: 0 | F41: 0
A42: STUDENT EMPLOYMENT - INSTITUTIONAL WORK STUDY | C42: 58000 | D42: 0 | E42: 0 | F42: 0
A43: STUDENT EMPLOYMENT - COLLEGE WORK STUDY PROGRAM | C43: 58100 | D43: 0 | E43: 0 | F43: 0
A44: STUDENT EMPLOYMENT - COLLEGE WORK EXPERIENCE PROG. | C44: 58200 | D44: 0 | E44: 0 | F44: 0
A45: STUDENT EMPLOYMENT - STUDENT ASSISTANTS | C45: 58300 | D45: 0 | E45: 0 | F45: 0
A46: EMPLOYEE AWARDS | C46: 58500 | D46: 0 | E46: 0 | F46: 0
A47: SOCIAL SECURITY CONTRIBUTIONS | C47: 59100 | D47: 77394 | E47: 0 | F47: 77394
A48: RETIREMENT CONTRIBUTIONS | C48: 59200 | D48: 123504 | E48: 0 | F48: 123504
A49: ACCRUED LEAVE EXPENSE (COMPENSATED ABSENCES) | C49: 59300 | D49: 0 | E49: 0 | F49: 0
... A55: PERSONNEL EXPENSE CONTINGENCY (BUDGET ONLY) | C55: 59900 | D55: 0 | E55: 0 | F55: 0
A56: TOTAL PERSONNEL COSTS | D56: 1487775 | E56: 0 | F56: 1487775
C60: 2026-27
A61: PLANNED EXPENDITURES | C61: GENERAL LEDGER CODE | D61: UNRESTRICTED SOURCES | E61: RESTRICTED SOURCES | F61: TOTAL UNRESTRICTED AND RESTRICTED SOURCES
A62: CURRENT EXPENSE
A63: TRAVEL | C63: 60500 | D63: 10421 | E63: 0 | F63: 10421
A64: FREIGHT AND POSTAGE | C64: 61000 | D64: 0 | E64: 0 | F64: 0
A65: TELECOMMUNICATIONS | C65: 61500 | D65: 0 | E65: 0 | F65: 0
A66: PRINTING | C66: 62000 | D66: 409 | E66: 0 | F66: 409
A67: REPAIRS & MAINTENANCE | C67: 62500 | D67: 248 | E67: 0 | F67: 248
A68: RENTALS | C68: 63000 | D68: 0 | E68: 0 | F68: 0
A69: LEASE PAYMENTS (LONG-TERM/ASSET<$5,000) | C69: 63100 | D69: 877 | E69: 0 | F69: 0
A70: INSURANCE | C70: 63500 | D70: 0 | E70: 0 | F70: 0
A71: UTILITIES | C71: 64000 | D71: 0 | E71: 0 | F71: 0
A72: OTHER SERVICES | C72: 64500 | D72: 4655 | E72: 0 | F72: 4655
A73: WORKFORCE/WAGES/GRANT PARTICIPANT SUPPORT COSTS | C73: 64600 | D73: 0 | E73: 0 | F73: 0
A74: SERVICE PROVIDER CONTRACTS - WORKFORCE/WAGES | C74: 64700 | D74: 0 | E74: 0 | F74: 0
A75: PROFESSIONAL FEES | C75: 65000 | D75: 3100 | E75: 0 | F75: 3100
A76: EDUCATIONAL, OFFICE/DEPARTMENT MATERIALS AND SUPPLIES | C76: 65500 | D76: 3137 | E76: 0 | F76: 3137
A77: DATA SOFTWARE - NON-CAPITALIZED | C77: 65700 | D77: 0 | E77: 0 | F77: 0
A78: MAINTENANCE AND CONSTRUCTION MATERIALS AND SUPPLIES | C78: 66000 | D78: 0 | E78: 0 | F78: 0
A79: OTHER MATERIALS AND SUPPLIES | C79: 66500 | D79: 167 | E79: 0 | F79: 167
A80: LIBRARY RESOURCES | C80: 67000 | D80: 0 | E80: 0 | F80: 0
A81: NON-COMMODITY FOOD FOR RESALE | C81: 67500 | D81: 0 | E81: 0 | F81: 0
... A86: PAYMENT ON DEBT PRINCIPAL | C86: 69000 | D86: 0 | E86: 0 | F86: 0
A87: MANDATORY TRANSFERS OUT | C87: 69100 | D87: 0 | E87: 0 | F87: 0
A88: NONMANDATORY TRANSFERS OUT | C88: 69200 | D88: 0 | E88: 0 | F88: 0
A89: OTHER EXPENSES | C89: 69500 | D89: 0 | E89: 0 | F89: 0
A90: PRIOR YEAR CORRECTIONS | C90: 69600 | D90: 0 | E90: 0 | F90: 0
A91: CURRENT EXPENSE CONTINGENCY (BUDGET ONLY) | C91: 69900 | D91: 0 | E91: 0 | F91: 0
A92: TOTAL CURRENT EXPENSE | D92: 23014 | E92: 0 | F92: 23014
C95: 2026-27
A96: CAPITAL OUTLAY | C96: GENERAL LEDGER CODE | D96: UNRESTRICTED SOURCES | E96: RESTRICTED SOURCES | F96: TOTAL UNRESTRICTED AND RESTRICTED SOURCES
A97: MINOR EQUIPMENT - NON-CAPITALIZED, NON INVENTORIED | C97: 70500 | D97: 0 | E97: 0 | F97: 0
A98: MINOR EQUIPMENT - NON CAPITALIZED INVENTORIED | C98: 70600 | D98: 0 | E98: 0 | F98: 0
A99: FURNITURE AND EQUIPMENT | C99: 71000 | D99: 0 | E99: 0 | F99: 0
A100: DATA SOFTWARE | C100: 72000 | D100: 0 | E100: 0 | F100: 0
A101: BUILDINGS AND FIXED EQUIPMENT | C101: 75000 | D101: 0 | E101: 0 | F101: 0
A102: OTHER LICENSES | C102: 73001 | D102: 0 | E102: 0 | F102: 0
A103: DATA LICENSES - PERPETUAL | C103: 73002 | D103: 0 | E103: 0 | F103: 0
A104: ARTWORK/ARTIFACT | C104: 73050 | D104: 0 | E104: 0 | F104: 0
A105: LEASE PAYMENTS, CAPITALIZED | C105: 73100 | D105: 0 | E105: 0 | F105: 0
A106: REMODELING & RENOVATION, NON-CAPITALIZED REPAIRS & MAINTENANCE, & OTHER STRUCTURES & IMPROVEMENTS | C106: 76000 | D106: 0 | E106: 0 | F106: 0
A107: LAND | C107: 77000 | D107: 0 | E107: 0 | F107: 0
A108: OTHER STRUCTURES, LAND IMPROVEMENTS | C108: 79000 | D108: 0 | E108: 0 | F108: 0
A109: CAPITAL OUTLAY CONTINGENCY (BUDGET ONLY) | C109: 79900 | D109: 0 | E109: 0 | F109: 0
A110: TOTAL CAPITAL OUTLAY | D110: 0 | E110: 0 | F110: 0
A112: GRAND TOTAL EXPENDITURES | D112: 1510789 | E112: 0 | F112: 1510789
A115: SOURCES OF FUNDS | C115: GENERAL LEDGER CODE | D115: UNRESTRICTED SOURCES | E115: RESTRICTED SOURCES | F115: TOTAL UNRESTRICTED AND RESTRICTED SOURCES
A116: 1. SPECIAL STATE NONRECURRING | D116: 0 | E116: 0 | F116: 0
A117: 2. UPPER LEVEL - RESIDENT STUDENT TUITION | D117: 754514 | E117: 0 | F117: 754514
A118: UPPER LEVEL - NONRESIDENT STUDENT TUITION | D118: 21483 | E118: 0 | F118: 21483
A119: UPPER LEVEL - OTHER STUDENT FEES | D119: 0 | E119: 0 | F119: 0
A120: 3. CONTRIBUTIONS OR MATCHING GRANTS | D120: 0 | E120: 0 | F120: 0
...

Sheet St. Pete
A1: COLLEGE: | B1: St. Petersburg College
A2: UPPER LEVEL PLANNED EXPENDITURES AND SOURCES OF FUNDS
A3: BACCALAUREATE DEGREE PROGRAM COLLEGE OPERATING BUDGET
A4: FISCAL YEAR 2026-27
A7: Enter amounts only for cells highlighted in light yellow. | C7: 2026-27
A8: PLANNED EXPENDITURES | C8: GENERAL LEDGER CODE | D8: UNRESTRICTED SOURCES | E8: RESTRICTED SOURCES | F8: TOTAL UNRESTRICTED AND RESTRICTED SOURCES
A9: PERSONNEL COSTS
A10: EXECUTIVE MANAGEMENT | C10: 51000 | D10: 0 | E10: 0 | F10: 0
A11: INSTRUCTIONAL MANAGEMENT | C11: 51100 | D11: 1224965.1 | E11: 0 | F11: 1224965.1
A12: INSTITUTIONAL MANAGEMENT | C12: 51200 | D12: 36353.13 | E12: 0 | F12: 36353.13
A13: EXECUTIVE, ADMINISTRATIVE, MANAGERIAL SABBATICAL | C13: 51400 | D13: 0 | E13: 0 | F13: 0
A14: EXECUTIVE, ADMINISTRATIVE, MANAGERIAL REGULAR PART-TIME | C14: 51500 | D14: 0 | E14: 0 | F14: 0
A15: INSTRUCTIONAL | C15: 52000 | D15: 3778012.1 | E15: 0 | F15: 3778012.1
A16: INSTRUCTIONAL - OVERLOAD/SUPPLEMENTAL | C16: 52100 | D16: 816377 | E16: 0 | F16: 816377
A17: INSTRUCTIONAL - SUBSTITUTION | C17: 52200 | D17: 520 | E17: 0 | F17: 520
A18: INSTRUCTIONAL - PARA-PROFESSIONAL/ASSOCIATE/ASSISTANT | C18: 52300 | D18: 0 | E18: 0 | F18: 0
A19: INSTRUCTIONAL - SABBATICAL | C19: 52400 | D19: 0 | E19: 0 | F19: 0
A20: INSTRUCTIONAL (PHASED RETIREMENT ) | C20: 52500 | D20: 0 | E20: 0 | F20: 0
A21: INSTRUCTIONAL (PHASED RETIREMENT ) - INSTRUCTOR/PROFESSOR | C21: 52501 | D21: 0 | E21: 0 | F21: 0
A22: INSTRUCTIONAL (PHASED RETIREMENT) - LIBRARIAN | C22: 52502 | D22: 0 | E22: 0 | F22: 0
A23: INSTRUCTIONAL (PHASED RETIREMENT) - COUNSELOR | C23: 52503 | D23: 0 | E23: 0 | F23: 0
A24: INSTRUCTIONAL (PHASED RETIREMENT) - REGULAR PART-TIME (FRS PARTICIPANT) | C24: 52504 | D24: 0 | E24: 0 | F24: 0
A25: OTHER PROFESSIONAL | C25: 53000 | D25: 991715.43 | E25: 0 | F25: 991715.43
A26: OTHER PROFESSIONAL - OVERLOAD/SUPPLEMENTAL | C26: 53100 | D26: 0 | E26: 0 | F26: 0
A27: OTHER PROFESSIONAL - SUBSTITUTION | C27: 53200 | D27: 0 | E27: 0 | F27: 0
A28: OTHER PROFESSIONAL - PARA-PROFESSIONAL/ASSOCIATE/ASSISTANT | C28: 53300 | D28: 0 | E28: 0 | F28: 0
A29: OTHER PROFESSIONAL - REGULAR PART-TIME | C29: 53500 | D29: 0 | E29: 0 | F29: 0
A30: TECHNICAL, CLERICAL, TRADE AND SERVICE | C30: 54000 | D30: 592532.56 | E30: 0 | F30: 592532.56
A31: TECHNICAL, CLERICAL, TRADE AND SERVICE - OVERTIME | C31: 54100 | D31: 0 | E31: 0 | F31: 0
A32: TECHNICAL, CLERICAL, TRADE AND SERVICE - REGULAR (PART-TIME) | C32: 54500 | D32: 0 | E32: 0 | F32: 0
... A34: OPS - INSTRUCTIONAL | C34: 56000 | D34: 0 | E34: 0 | F34: 0
A35: OPS - INSTRUCTIONAL/ADJUNCT INSTRUCTOR | C35: 56001 | D35: 1562006 | E35: 0 | F35: 1562006
A36: OPS - LIBRARIAN | C36: 56002 | D36: 0 | E36: 0 | F36: 0
A37: OPS - COUNSELOR | C37: 56003 | D37: 0 | E37: 0 | F37: 0
A38: OPS - PARA-PROFESSIONAL | C38: 56006 | D38: 48839 | E38: 0 | F38: 48839
A39: OPS - INSTRUCTIONAL SUBSTITUTES | C39: 56100 | D39: 0 | E39: 0 | F39: 0
A40: OPS - OTHER PROFESSIONAL PART-TIME | C40: 56500 | D40: 0 | E40: 0 | F40: 0
A41: OPS - TECHNICAL, CLERICAL, TRADE AND SERVICE | C41: 57000 | D41: 32418 | E41: 0 | F41: 32418
A42: STUDENT EMPLOYMENT - INSTITUTIONAL WORK STUDY | C42: 58000 | D42: 0 | E42: 0 | F42: 0
A43: STUDENT EMPLOYMENT - COLLEGE WORK STUDY PROGRAM | C43: 58100 | D43: 0 | E43: 0 | F43: 0
A44: STUDENT EMPLOYMENT - COLLEGE WORK EXPERIENCE PROG. | C44: 58200 | D44: 0 | E44: 0 | F44: 0
A45: STUDENT EMPLOYMENT - STUDENT ASSISTANTS | C45: 58300 | D45: 0 | E45: 0 | F45: 0
A46: EMPLOYEE AWARDS | C46: 58500 | D46: 0 | E46: 0 | F46: 0
A47: SOCIAL SECURITY CONTRIBUTIONS | C47: 59100 | D47: 424953.13 | E47: 0 | F47: 424953.13
A48: RETIREMENT CONTRIBUTIONS | C48: 59200 | D48: 865582.25 | E48: 0 | F48: 865582.25
A49: ACCRUED LEAVE EXPENSE (COMPENSATED ABSENCES) | C49: 59300 | D49: 0 | E49: 0 | F49: 0
... A55: PERSONNEL EXPENSE CONTINGENCY (BUDGET ONLY) | C55: 59900 | D55: 70931 | E55: 0 | F55: 70931
A56: TOTAL PERSONNEL COSTS | D56: 11803830 | E56: 0 | F56: 11803830
C60: 2026-27
A61: PLANNED EXPENDITURES | C61: GENERAL LEDGER CODE | D61: UNRESTRICTED SOURCES | E61: RESTRICTED SOURCES | F61: TOTAL UNRESTRICTED AND RESTRICTED SOURCES
A62: CURRENT EXPENSE
A63: TRAVEL | C63: 60500 | D63: 56328 | E63: 0 | F63: 56328
A64: FREIGHT AND POSTAGE | C64: 61000 | D64: 400 | E64: 0 | F64: 400
A65: TELECOMMUNICATIONS | C65: 61500 | D65: 179672.18 | E65: 0 | F65: 179672.18
A66: PRINTING | C66: 62000 | D66: 9648.88 | E66: 0 | F66: 9648.88
A67: REPAIRS & MAINTENANCE | C67: 62500 | D67: 4500 | E67: 0 | F67: 4500
A68: RENTALS | C68: 63000 | D68: 2292.84 | E68: 0 | F68: 2292.84
A69: LEASE PAYMENTS (LONG-TERM/ASSET<$5,000) | C69: 63100 | D69: 0 | E69: 0 | F69: 0
A70: INSURANCE | C70: 63500 | D70: 0 | E70: 0 | F70: 0
A71: UTILITIES | C71: 64000 | D71: 500 | E71: 0 | F71: 500
A72: OTHER SERVICES | C72: 64500 | D72: 113415.6 | E72: 0 | F72: 113415.6
A73: WORKFORCE/WAGES/GRANT PARTICIPANT SUPPORT COSTS | C73: 64600 | D73: 0 | E73: 0 | F73: 0
A74: SERVICE PROVIDER CONTRACTS - WORKFORCE/WAGES | C74: 64700 | D74: 0 | E74: 0 | F74: 0
A75: PROFESSIONAL FEES | C75: 65000 | D75: 46570 | E75: 0 | F75: 46570
A76: EDUCATIONAL, OFFICE/DEPARTMENT MATERIALS AND SUPPLIES | C76: 65500 | D76: 69428.12 | E76: 0 | F76: 69428.12
A77: DATA SOFTWARE - NON-CAPITALIZED | C77: 65700 | D77: 1584188.8 | E77: 0 | F77: 1584188.8
A78: MAINTENANCE AND CONSTRUCTION MATERIALS AND SUPPLIES | C78: 66000 | D78: 29337 | E78: 0 | F78: 29337
A79: OTHER MATERIALS AND SUPPLIES | C79: 66500 | D79: 208608 | E79: 0 | F79: 208608
A80: LIBRARY RESOURCES | C80: 67000 | D80: 200000 | E80: 0 | F80: 200000
A81: NON-COMMODITY FOOD FOR RESALE | C81: 67500 | D81: 0 | E81: 0 | F81: 0
... A86: PAYMENT ON DEBT PRINCIPAL | C86: 69000 | D86: 0 | E86: 0 | F86: 0
A87: MANDATORY TRANSFERS OUT | C87: 69100 | D87: 0 | E87: 0 | F87: 0
A88: NONMANDATORY TRANSFERS OUT | C88: 69200 | D88: 0 | E88: 0 | F88: 0
A89: OTHER EXPENSES | C89: 69500 | D89: 0 | E89: 0 | F89: 0
A90: PRIOR YEAR CORRECTIONS | C90: 69600 | D90: 0 | E90: 0 | F90: 0
A91: CURRENT EXPENSE CONTINGENCY (BUDGET ONLY) | C91: 69900 | D91: 0 | E91: 0 | F91: 0
A92: TOTAL CURRENT EXPENSE | D92: 2504889.4 | E92: 0 | F92: 2504889.4
C95: 2026-27
A96: CAPITAL OUTLAY | C96: GENERAL LEDGER CODE | D96: UNRESTRICTED SOURCES | E96: RESTRICTED SOURCES | F96: TOTAL UNRESTRICTED AND RESTRICTED SOURCES
A97: MINOR EQUIPMENT - NON-CAPITALIZED, NON INVENTORIED | C97: 70500 | D97: 50570.81 | E97: 0 | F97: 50570.81
A98: MINOR EQUIPMENT - NON CAPITALIZED INVENTORIED | C98: 70600 | D98: 0 | E98: 0 | F98: 0
A99: FURNITURE AND EQUIPMENT | C99: 71000 | D99: 0 | E99: 0 | F99: 0
A100: DATA SOFTWARE | C100: 72000 | D100: 0 | E100: 0 | F100: 0
A101: BUILDINGS AND FIXED EQUIPMENT | C101: 75000 | D101: 0 | E101: 0 | F101: 0
A102: OTHER LICENSES | C102: 73001 | D102: 0 | E102: 0 | F102: 0
A103: DATA LICENSES - PERPETUAL | C103: 73002 | D103: 0 | E103: 0 | F103: 0
A104: ARTWORK/ARTIFACT | C104: 73050 | D104: 0 | E104: 0 | F104: 0
A105: LEASE PAYMENTS, CAPITALIZED | C105: 73100 | D105: 0 | E105: 0 | F105: 0
A106: REMODELING & RENOVATION, NON-CAPITALIZED REPAIRS & MAINTENANCE, & OTHER STRUCTURES & IMPROVEMENTS | C106: 76000 | D106: 0 | E106: 0 | F106: 0
A107: LAND | C107: 77000 | D107: 0 | E107: 0 | F107: 0
A108: OTHER STRUCTURES, LAND IMPROVEMENTS | C108: 79000 | D108: 0 | E108: 0 | F108: 0
A109: CAPITAL OUTLAY CONTINGENCY (BUDGET ONLY) | C109: 79900 | D109: 0 | E109: 0 | F109: 0
A110: TOTAL CAPITAL OUTLAY | D110: 50570.81 | E110: 0 | F110: 50570.81
A112: GRAND TOTAL EXPENDITURES | D112: 14359290 | E112: 0 | F112: 14359290
A115: SOURCES OF FUNDS | C115: GENERAL LEDGER CODE | D115: UNRESTRICTED SOURCES | E115: RESTRICTED SOURCES | F115: TOTAL UNRESTRICTED AND RESTRICTED SOURCES
A116: 1. SPECIAL STATE NONRECURRING | D116: 0 | E116: 0 | F116: 0
A117: 2. UPPER LEVEL - RESIDENT STUDENT TUITION | D117: 6870799 | E117: 0 | F117: 6870799
A118: UPPER LEVEL - NONRESIDENT STUDENT TUITION | D118: 430405 | E118: 0 | F118: 430405
A119: UPPER LEVEL - OTHER STUDENT FEES | D119: 2323907 | E119: 0 | F119: 2323907
A120: 3. CONTRIBUTIONS OR MATCHING GRANTS | D120: 0 | E120: 0 | F120: 0
...

Sheet Santa Fe
A1: COLLEGE: | B1: Santa Fe College
A2: UPPER LEVEL PLANNED EXPENDITURES AND SOURCES OF FUNDS
A3: BACCALAUREATE DEGREE PROGRAM COLLEGE OPERATING BUDGET
A4: FISCAL YEAR 2026-27
A7: Enter amounts only for cells highlighted in light yellow. | C7: 2026-27
A8: PLANNED EXPENDITURES | C8: GENERAL LEDGER CODE | D8: UNRESTRICTED SOURCES | E8: RESTRICTED SOURCES | F8: TOTAL UNRESTRICTED AND RESTRICTED SOURCES
